Workbook

Sheet Menu
B2: COMPANY CASH FLOW PLANNER TEMPLATE
B3: MENU
C21: Settings
C23: Income Categories | E23: Expense Categories | G23: Start Date | H23: 45292
C24: Sales Revenue | E24: Operating Expenses | G24: End Date | H24: =IFERROR(H23+366,"") -> 45658
C25: Property Sale | E25: Lending
C26: Loan Collection | E26: Purchase of Property | G26: Starting Balance | H26: 2800
C27: Issuance of Debt | E27: Purchase of Equipment
C28: Revenue From Rentals | E28: Interest Paid
C29: Issuance of Equity

Sheet Input
B2: COMPANY CASH FLOW PLANNER TEMPLATE
B3: INCOME & EXPENSE INPUT
B5: Income/Expense | C5: Category | D5: Name | E5: Amount | F5: Type | G5: Frequency | H5: Every | I5: Start Date | J5: End Date
B6: Expense | C6: Operating Expenses | D6: Wages | E6: 1000 | F6: Recurring | G6: Weekly | H6: 2 weeks | I6: 45293 | J6: 45567 | K6: =IFERROR(IF(I6="","",IF(OR(I6<Menu!$H$23,Input!J6>Menu!$H$24,AND(F6=Calc!$B$12,Input!I6>Menu!$H$24),AND(F6=Calc!$B$11,Input!J6<Input!I6)),"!","")),"")
B7: Expense | C7: Operating Expenses | D7: Marketing | E7: 500 | F7: Recurring | G7: Monthly | H7: Month | I7: 45352 | J7: 45474 | K7: =IFERROR(IF(I7="","",IF(OR(I7<Menu!$H$23,Input!J7>Menu!$H$24,AND(F7=Calc!$B$12,Input!I7>Menu!$H$24),AND(F7=Calc!$B$11,Input!J7<Input!I7)),"!","")),"")
B8: Income | C8: Sales Revenue | D8: Sales from old factory | E8: 1500 | F8: Recurring | G8: Weekly | H8: Week | I8: 45293 | J8: 45657 | K8: =IFERROR(IF(I8="","",IF(OR(I8<Menu!$H$23,Input!J8>Menu!$H$24,AND(F8=Calc!$B$12,Input!I8>Menu!$H$24),AND(F8=Calc!$B$11,Input!J8<Input!I8)),"!","")),"")
B9: Income | C9: Property Sale | D9: Sales of the house | E9: 10000 | F9: One-time | I9: 45311 | K9: =IFERROR(IF(I9="","",IF(OR(I9<Menu!$H$23,Input!J9>Menu!$H$24,AND(F9=Calc!$B$12,Input!I9>Menu!$H$24),AND(F9=Calc!$B$11,Input!J9<Input!I9)),"!","")),"")
B10: Expense | C10: Lending | D10: Equipment Lending | E10: 500 | F10: Recurring | G10: Weekly | H10: 3 weeks | I10: 45293 | J10: 45657 | K10: =IFERROR(IF(I10="","",IF(OR(I10<Menu!$H$23,Input!J10>Menu!$H$24,AND(F10=Calc!$B$12,Input!I10>Menu!$H$24),AND(F10=Calc!$B$11,Input!J10<Input!I10)),"!","")),"")
B11: Income | C11: Issuance of Debt | D11: Debt Issuance | E11: 200 | F11: Recurring | G11: Weekly | H11: Week | I11: 45293 | J11: 45596 | K11: =IFERROR(IF(I11="","",IF(OR(I11<Menu!$H$23,Input!J11>Menu!$H$24,AND(F11=Calc!$B$12,Input!I11>Menu!$H$24),AND(F11=Calc!$B$11,Input!J11<Input!I11)),"!","")),"")
B12: Income | C12: Revenue From Rentals | D12: Property Rental | E12: 1000 | F12: Recurring | G12: Monthly | H12: 3 months | I12: 45433 | J12: 45657 | K12: =IFERROR(IF(I12="","",IF(OR(I12<Menu!$H$23,Input!J12>Menu!$H$24,AND(F12=Calc!$B$12,Input!I12>Menu!$H$24),AND(F12=Calc!$B$11,Input!J12<Input!I12)),"!","")),"")
B13: Expense | C13: Purchase of Property | D13: Purchase of the mill | E13: 11000 | F13: One-time | I13: 45312 | K13: =IFERROR(IF(I13="","",IF(OR(I13<Menu!$H$23,Input!J13>Menu!$H$24,AND(F13=Calc!$B$12,Input!I13>Menu!$H$24),AND(F13=Calc!$B$11,Input!J13<Input!I13)),"!","")),"")
K14: =IFERROR(IF(I14="","",IF(OR(I14<Menu!$H$23,Input!J14>Menu!$H$24,AND(F14=Calc!$B$12,Input!I14>Menu!$H$24),AND(F14=Calc!$B$11,Input!J14<Input!I14)),"!","")),"")
K15: =IFERROR(IF(I15="","",IF(OR(I15<Menu!$H$23,Input!J15>Menu!$H$24,AND(F15=Calc!$B$12,Input!I15>Menu!$H$24),AND(F15=Calc!$B$11,Input!J15<Input!I15)),"!","")),"")
K16: =IFERROR(IF(I16="","",IF(OR(I16<Menu!$H$23,Input!J16>Menu!$H$24,AND(F16=Calc!$B$12,Input!I16>Menu!$H$24),AND(F16=Calc!$B$11,Input!J16<Input!I16)),"!","")),"")
K17: =IFERROR(IF(I17="","",IF(OR(I17<Menu!$H$23,Input!J17>Menu!$H$24,AND(F17=Calc!$B$12,Input!I17>Menu!$H$24),AND(F17=Calc!$B$11,Input!J17<Input!I17)),"!","")),"")
K18: =IFERROR(IF(I18="","",IF(OR(I18<Menu!$H$23,Input!J18>Menu!$H$24,AND(F18=Calc!$B$12,Input!I18>Menu!$H$24),AND(F18=Calc!$B$11,Input!J18<Input!I18)),"!","")),"")
K19: =IFERROR(IF(I19="","",IF(OR(I19<Menu!$H$23,Input!J19>Menu!$H$24,AND(F19=Calc!$B$12,Input!I19>Menu!$H$24),AND(F19=Calc!$B$11,Input!J19<Input!I19)),"!","")),"")
K20: =IFERROR(IF(I20="","",IF(OR(I20<Menu!$H$23,Input!J20>Menu!$H$24,AND(F20=Calc!$B$12,Input!I20>Menu!$H$24),AND(F20=Calc!$B$11,Input!J20<Input!I20)),"!","")),"")
K21: =IFERROR(IF(I21="","",IF(OR(I21<Menu!$H$23,Input!J21>Menu!$H$24,AND(F21=Calc!$B$12,Input!I21>Menu!$H$24),AND(F21=Calc!$B$11,Input!J21<Input!I21)),"!","")),"")
K22: =IFERROR(IF(I22="","",IF(OR(I22<Menu!$H$23,Input!J22>Menu!$H$24,AND(F22=Calc!$B$12,Input!I22>Menu!$H$24),AND(F22=Calc!$B$11,Input!J22<Input!I22)),"!","")),"")
K23: =IFERROR(IF(I23="","",IF(OR(I23<Menu!$H$23,Input!J23>Menu!$H$24,AND(F23=Calc!$B$12,Input!I23>Menu!$H$24),AND(F23=Calc!$B$11,Input!J23<Input!I23)),"!","")),"")
K24: =IFERROR(IF(I24="","",IF(OR(I24<Menu!$H$23,Input!J24>Menu!$H$24,AND(F24=Calc!$B$12,Input!I24>Menu!$H$24),AND(F24=Calc!$B$11,Input!J24<Input!I24)),"!","")),"")
K25: =IFERROR(IF(I25="","",IF(OR(I25<Menu!$H$23,Input!J25>Menu!$H$24,AND(F25=Calc!$B$12,Input!I25>Menu!$H$24),AND(F25=Calc!$B$11,Input!J25<Input!I25)),"!","")),"")
... K505: =IFERROR(IF(I505="","",IF(OR(I505<Menu!$H$23,Input!J505>Menu!$H$24,AND(F505=Calc!$B$12,Input!I505>Menu!$H$24),AND(F505=Calc!$B$11,Input!J505<Input!I505)),"!","")),"")

Sheet Dashboard
B2: COMPANY CASH FLOW PLANNER TEMPLATE
B3: DASHBOARD
C7: MONTH FILTER | E7: Jan - 2024
G9: Overview Summary
G11: Opening Balance
G12: Your cash in the beginning of the period
G13: =IFERROR(Calc!PO23,"") -> 2800
G15: Total Income
G16: Total of income in the selected period
G17: =IFERROR(Calc!PO24,"") -> 18500
G19: Total Expense
G20: Total of expenses in the selected period
G21: =IFERROR(Calc!PO25,"") -> 15000
G23: Cash Balance
G24: Difference between Income and Expenses
G25: =IFERROR(Calc!PO26,"") -> 3500
G27: Closing Balance
G28: Opening balance plus your monthly balance
G29: =IFERROR(Calc!PO27,"") -> 6300

Sheet Table
B2: COMPANY CASH FLOW PLANNER TEMPLATE
B3: MONTHLY TABLE
D6: =Calc!O8 -> Jan - 2024 | E6: =Calc!O9 -> Feb - 2024 | F6: =Calc!O10 -> Mar - 2024 | G6: =Calc!O11 -> Apr - 2024 | H6: =Calc!O12 -> May - 2024 | I6: =Calc!O13 -> Jun - 2024 | J6: =Calc!O14 -> Jul - 2024 | K6: =Calc!O15 -> Aug - 2024 | L6: =Calc!O16 -> Sep - 2024 | M6: =Calc!O17 -> Oct - 2024 | N6: =Calc!O18 -> Nov - 2024 | O6: =Calc!O19 -> Dec - 2024 | P6: 12-MONTH
C8: Opening Balance | D8: =IFERROR(Menu!H26,"") -> 2800 | E8: =IFERROR(D8+D76,"") -> 6300 | F8: =IFERROR(E8+E76,"") -> 10600 | G8: =IFERROR(F8+F76,"") -> 13900 | H8: =IFERROR(G8+G76,"") -> 19400 | I8: =IFERROR(H8+H76,"") -> 23700 | J8: =IFERROR(I8+I76,"") -> 27500 | K8: =IFERROR(J8+J76,"") -> 31500 | L8: =IFERROR(K8+K76,"") -> 36800 | ... O8: =IFERROR(N8+N76,"") -> 55100 | P8: =IFERROR(D8,"") -> 2800
C10: Cash Incoming
C11: =IFERROR(IF(LEN(Menu!C24)=0,"",Menu!C24),"") -> Sales Revenue | D11: =IFERROR(IF($C11="","",SUMIFS(Calc!$OW$6:$OW$5005,Calc!$OT$6:$OT$5005,Calc!$B$7,Calc!$OU$6:$OU$5005,Table!$C11,Calc!$PB$6:$PB$5005,Table!D$6)),"") -> 7500 | E11: =IFERROR(IF($C11="","",SUMIFS(Calc!$OW$6:$OW$5005,Calc!$OT$6:$OT$5005,Calc!$B$7,Calc!$OU$6:$OU$5005,Table!$C11,Calc!$PB$6:$PB$5005,Table!E$6)),"") -> 6000 | F11: =IFERROR(IF($C11="","",SUMIFS(Calc!$OW$6:$OW$5005,Calc!$OT$6:$OT$5005,Calc!$B$7,Calc!$OU$6:$OU$5005,Table!$C11,Calc!$PB$6:$PB$5005,Table!F$6)),"") -> 6000 | G11: =IFERROR(IF($C11="","",SUMIFS(Calc!$OW$6:$OW$5005,Calc!$OT$6:$OT$5005,Calc!$B$7,Calc!$OU$6:$OU$5005,Table!$C11,Calc!$PB$6:$PB$5005,Table!G$6)),"") -> 7500 | H11: =IFERROR(IF($C11="","",SUMIFS(Calc!$OW$6:$OW$5005,Calc!$OT$6:$OT$5005,Calc!$B$7,Calc!$OU$6:$OU$5005,Table!$C11,Calc!$PB$6:$PB$5005,Table!H$6)),"") -> 6000 | I11: =IFERROR(IF($C11="","",SUMIFS(Calc!$OW$6:$OW$5005,Calc!$OT$6:$OT$5005,Calc!$B$7,Calc!$OU$6:$OU$5005,Table!$C11,Calc!$PB$6:$PB$5005,Table!I$6)),"") -> 6000 | J11: =IFERROR(IF($C11="","",SUMIFS(Calc!$OW$6:$OW$5005,Calc!$OT$6:$OT$5005,Calc!$B$7,Calc!$OU$6:$OU$5005,Table!$C11,Calc!$PB$6:$PB$5005,Table!J$6)),"") -> 7500 | K11: =IFERROR(IF($C11="","",SUMIFS(Calc!$OW$6:$OW$5005,Calc!$OT$6:$OT$5005,Calc!$B$7,Calc!$OU$6:$OU$5005,Table!$C11,Calc!$PB$6:$PB$5005,Table!K$6)),"") -> 6000 | ... O11: =IFERROR(IF($C11="","",SUMIFS(Calc!$OW$6:$OW$5005,Calc!$OT$6:$OT$5005,Calc!$B$7,Calc!$OU$6:$OU$5005,Table!$C11,Calc!$PB$6:$PB$5005,Table!O$6)),"") -> 7500 | P11: =IFERROR(IF($C11="","",SUM(D11:O11)),"") -> 79500
C12: =IFERROR(IF(LEN(Menu!C25)=0,"",Menu!C25),"") -> Property Sale | D12: =IFERROR(IF($C12="","",SUMIFS(Calc!$OW$6:$OW$5005,Calc!$OT$6:$OT$5005,Calc!$B$7,Calc!$OU$6:$OU$5005,Table!$C12,Calc!$PB$6:$PB$5005,Table!D$6)),"") -> 10000 | E12: =IFERROR(IF($C12="","",SUMIFS(Calc!$OW$6:$OW$5005,Calc!$OT$6:$OT$5005,Calc!$B$7,Calc!$OU$6:$OU$5005,Table!$C12,Calc!$PB$6:$PB$5005,Table!E$6)),"") -> 0 | F12: =IFERROR(IF($C12="","",SUMIFS(Calc!$OW$6:$OW$5005,Calc!$OT$6:$OT$5005,Calc!$B$7,Calc!$OU$6:$OU$5005,Table!$C12,Calc!$PB$6:$PB$5005,Table!F$6)),"") -> 0 | G12: =IFERROR(IF($C12="","",SUMIFS(Calc!$OW$6:$OW$5005,Calc!$OT$6:$OT$5005,Calc!$B$7,Calc!$OU$6:$OU$5005,Table!$C12,Calc!$PB$6:$PB$5005,Table!G$6)),"") -> 0 | H12: =IFERROR(IF($C12="","",SUMIFS(Calc!$OW$6:$OW$5005,Calc!$OT$6:$OT$5005,Calc!$B$7,Calc!$OU$6:$OU$5005,Table!$C12,Calc!$PB$6:$PB$5005,Table!H$6)),"") -> 0 | I12: =IFERROR(IF($C12="","",SUMIFS(Calc!$OW$6:$OW$5005,Calc!$OT$6:$OT$5005,Calc!$B$7,Calc!$OU$6:$OU$5005,Table!$C12,Calc!$PB$6:$PB$5005,Table!I$6)),"") -> 0 | J12: =IFERROR(IF($C12="","",SUMIFS(Calc!$OW$6:$OW$5005,Calc!$OT$6:$OT$5005,Calc!$B$7,Calc!$OU$6:$OU$5005,Table!$C12,Calc!$PB$6:$PB$5005,Table!J$6)),"") -> 0 | K12: =IFERROR(IF($C12="","",SUMIFS(Calc!$OW$6:$OW$5005,Calc!$OT$6:$OT$5005,Calc!$B$7,Calc!$OU$6:$OU$5005,Table!$C12,Calc!$PB$6:$PB$5005,Table!K$6)),"") -> 0 | ... O12: =IFERROR(IF($C12="","",SUMIFS(Calc!$OW$6:$OW$5005,Calc!$OT$6:$OT$5005,Calc!$B$7,Calc!$OU$6:$OU$5005,Table!$C12,Calc!$PB$6:$PB$5005,Table!O$6)),"") -> 0 | P12: =IFERROR(IF($C12="","",SUM(D12:O12)),"") -> 10000
C13: =IFERROR(IF(LEN(Menu!C26)=0,"",Menu!C26),"") -> Loan Collection | D13: =IFERROR(IF($C13="","",SUMIFS(Calc!$OW$6:$OW$5005,Calc!$OT$6:$OT$5005,Calc!$B$7,Calc!$OU$6:$OU$5005,Table!$C13,Calc!$PB$6:$PB$5005,Table!D$6)),"") -> 0 | E13: =IFERROR(IF($C13="","",SUMIFS(Calc!$OW$6:$OW$5005,Calc!$OT$6:$OT$5005,Calc!$B$7,Calc!$OU$6:$OU$5005,Table!$C13,Calc!$PB$6:$PB$5005,Table!E$6)),"") -> 0 | F13: =IFERROR(IF($C13="","",SUMIFS(Calc!$OW$6:$OW$5005,Calc!$OT$6:$OT$5005,Calc!$B$7,Calc!$OU$6:$OU$5005,Table!$C13,Calc!$PB$6:$PB$5005,Table!F$6)),"") -> 0 | G13: =IFERROR(IF($C13="","",SUMIFS(Calc!$OW$6:$OW$5005,Calc!$OT$6:$OT$5005,Calc!$B$7,Calc!$OU$6:$OU$5005,Table!$C13,Calc!$PB$6:$PB$5005,Table!G$6)),"") -> 0 | H13: =IFERROR(IF($C13="","",SUMIFS(Calc!$OW$6:$OW$5005,Calc!$OT$6:$OT$5005,Calc!$B$7,Calc!$OU$6:$OU$5005,Table!$C13,Calc!$PB$6:$PB$5005,Table!H$6)),"") -> 0 | I13: =IFERROR(IF($C13="","",SUMIFS(Calc!$OW$6:$OW$5005,Calc!$OT$6:$OT$5005,Calc!$B$7,Calc!$OU$6:$OU$5005,Table!$C13,Calc!$PB$6:$PB$5005,Table!I$6)),"") -> 0 | J13: =IFERROR(IF($C13="","",SUMIFS(Calc!$OW$6:$OW$5005,Calc!$OT$6:$OT$5005,Calc!$B$7,Calc!$OU$6:$OU$5005,Table!$C13,Calc!$PB$6:$PB$5005,Table!J$6)),"") -> 0 | K13: =IFERROR(IF($C13="","",SUMIFS(Calc!$OW$6:$OW$5005,Calc!$OT$6:$OT$5005,Calc!$B$7,Calc!$OU$6:$OU$5005,Table!$C13,Calc!$PB$6:$PB$5005,Table!K$6)),"") -> 0 | ... O13: =IFERROR(IF($C13="","",SUMIFS(Calc!$OW$6:$OW$5005,Calc!$OT$6:$OT$5005,Calc!$B$7,Calc!$OU$6:$OU$5005,Table!$C13,Calc!$PB$6:$PB$5005,Table!O$6)),"") -> 0 | P13: =IFERROR(IF($C13="","",SUM(D13:O13)),"") -> 0
C14: =IFERROR(IF(LEN(Menu!C27)=0,"",Menu!C27),"") -> Issuance of Debt | D14: =IFERROR(IF($C14="","",SUMIFS(Calc!$OW$6:$OW$5005,Calc!$OT$6:$OT$5005,Calc!$B$7,Calc!$OU$6:$OU$5005,Table!$C14,Calc!$PB$6:$PB$5005,Table!D$6)),"") -> 1000 | E14: =IFERROR(IF($C14="","",SUMIFS(Calc!$OW$6:$OW$5005,Calc!$OT$6:$OT$5005,Calc!$B$7,Calc!$OU$6:$OU$5005,Table!$C14,Calc!$PB$6:$PB$5005,Table!E$6)),"") -> 800 | F14: =IFERROR(IF($C14="","",SUMIFS(Calc!$OW$6:$OW$5005,Calc!$OT$6:$OT$5005,Calc!$B$7,Calc!$OU$6:$OU$5005,Table!$C14,Calc!$PB$6:$PB$5005,Table!F$6)),"") -> 800 | G14: =IFERROR(IF($C14="","",SUMIFS(Calc!$OW$6:$OW$5005,Calc!$OT$6:$OT$5005,Calc!$B$7,Calc!$OU$6:$OU$5005,Table!$C14,Calc!$PB$6:$PB$5005,Table!G$6)),"") -> 1000 | H14: =IFERROR(IF($C14="","",SUMIFS(Calc!$OW$6:$OW$5005,Calc!$OT$6:$OT$5005,Calc!$B$7,Calc!$OU$6:$OU$5005,Table!$C14,Calc!$PB$6:$PB$5005,Table!H$6)),"") -> 800 | I14: =IFERROR(IF($C14="","",SUMIFS(Calc!$OW$6:$OW$5005,Calc!$OT$6:$OT$5005,Calc!$B$7,Calc!$OU$6:$OU$5005,Table!$C14,Calc!$PB$6:$PB$5005,Table!I$6)),"") -> 800 | J14: =IFERROR(IF($C14="","",SUMIFS(Calc!$OW$6:$OW$5005,Calc!$OT$6:$OT$5005,Calc!$B$7,Calc!$OU$6:$OU$5005,Table!$C14,Calc!$PB$6:$PB$5005,Table!J$6)),"") -> 1000 | K14: =IFERROR(IF($C14="","",SUMIFS(Calc!$OW$6:$OW$5005,Calc!$OT$6:$OT$5005,Calc!$B$7,Calc!$OU$6:$OU$5005,Table!$C14,Calc!$PB$6:$PB$5005,Table!K$6)),"") -> 800 | ... O14: =IFERROR(IF($C14="","",SUMIFS(Calc!$OW$6:$OW$5005,Calc!$OT$6:$OT$5005,Calc!$B$7,Calc!$OU$6:$OU$5005,Table!$C14,Calc!$PB$6:$PB$5005,Table!O$6)),"") -> 0 | P14: =IFERROR(IF($C14="","",SUM(D14:O14)),"") -> 8800
C15: =IFERROR(IF(LEN(Menu!C28)=0,"",Menu!C28),"") -> Revenue From Rentals | D15: =IFERROR(IF($C15="","",SUMIFS(Calc!$OW$6:$OW$5005,Calc!$OT$6:$OT$5005,Calc!$B$7,Calc!$OU$6:$OU$5005,Table!$C15,Calc!$PB$6:$PB$5005,Table!D$6)),"") -> 0 | E15: =IFERROR(IF($C15="","",SUMIFS(Calc!$OW$6:$OW$5005,Calc!$OT$6:$OT$5005,Calc!$B$7,Calc!$OU$6:$OU$5005,Table!$C15,Calc!$PB$6:$PB$5005,Table!E$6)),"") -> 0 | F15: =IFERROR(IF($C15="","",SUMIFS(Calc!$OW$6:$OW$5005,Calc!$OT$6:$OT$5005,Calc!$B$7,Calc!$OU$6:$OU$5005,Table!$C15,Calc!$PB$6:$PB$5005,Table!F$6)),"") -> 0 | G15: =IFERROR(IF($C15="","",SUMIFS(Calc!$OW$6:$OW$5005,Calc!$OT$6:$OT$5005,Calc!$B$7,Calc!$OU$6:$OU$5005,Table!$C15,Calc!$PB$6:$PB$5005,Table!G$6)),"") -> 0 | H15: =IFERROR(IF($C15="","",SUMIFS(Calc!$OW$6:$OW$5005,Calc!$OT$6:$OT$5005,Calc!$B$7,Calc!$OU$6:$OU$5005,Table!$C15,Calc!$PB$6:$PB$5005,Table!H$6)),"") -> 1000 | I15: =IFERROR(IF($C15="","",SUMIFS(Calc!$OW$6:$OW$5005,Calc!$OT$6:$OT$5005,Calc!$B$7,Calc!$OU$6:$OU$5005,Table!$C15,Calc!$PB$6:$PB$5005,Table!I$6)),"") -> 0 | J15: =IFERROR(IF($C15="","",SUMIFS(Calc!$OW$6:$OW$5005,Calc!$OT$6:$OT$5005,Calc!$B$7,Calc!$OU$6:$OU$5005,Table!$C15,Calc!$PB$6:$PB$5005,Table!J$6)),"") -> 0 | K15: =IFERROR(IF($C15="","",SUMIFS(Calc!$OW$6:$OW$5005,Calc!$OT$6:$OT$5005,Calc!$B$7,Calc!$OU$6:$OU$5005,Table!$C15,Calc!$PB$6:$PB$5005,Table!K$6)),"") -> 1000 | ... O15: =IFERROR(IF($C15="","",SUMIFS(Calc!$OW$6:$OW$5005,Calc!$OT$6:$OT$5005,Calc!$B$7,Calc!$OU$6:$OU$5005,Table!$C15,Calc!$PB$6:$PB$5005,Table!O$6)),"") -> 0 | P15: =IFERROR(IF($C15="","",SUM(D15:O15)),"") -> 3000
C16: =IFERROR(IF(LEN(Menu!C29)=0,"",Menu!C29),"") -> Issuance of Equity | D16: =IFERROR(IF($C16="","",SUMIFS(Calc!$OW$6:$OW$5005,Calc!$OT$6:$OT$5005,Calc!$B$7,Calc!$OU$6:$OU$5005,Table!$C16,Calc!$PB$6:$PB$5005,Table!D$6)),"") -> 0 | E16: =IFERROR(IF($C16="","",SUMIFS(Calc!$OW$6:$OW$5005,Calc!$OT$6:$OT$5005,Calc!$B$7,Calc!$OU$6:$OU$5005,Table!$C16,Calc!$PB$6:$PB$5005,Table!E$6)),"") -> 0 | F16: =IFERROR(IF($C16="","",SUMIFS(Calc!$OW$6:$OW$5005,Calc!$OT$6:$OT$5005,Calc!$B$7,Calc!$OU$6:$OU$5005,Table!$C16,Calc!$PB$6:$PB$5005,Table!F$6)),"") -> 0 | G16: =IFERROR(IF($C16="","",SUMIFS(Calc!$OW$6:$OW$5005,Calc!$OT$6:$OT$5005,Calc!$B$7,Calc!$OU$6:$OU$5005,Table!$C16,Calc!$PB$6:$PB$5005,Table!G$6)),"") -> 0 | H16: =IFERROR(IF($C16="","",SUMIFS(Calc!$OW$6:$OW$5005,Calc!$OT$6:$OT$5005,Calc!$B$7,Calc!$OU$6:$OU$5005,Table!$C16,Calc!$PB$6:$PB$5005,Table!H$6)),"") -> 0 | I16: =IFERROR(IF($C16="","",SUMIFS(Calc!$OW$6:$OW$5005,Calc!$OT$6:$OT$5005,Calc!$B$7,Calc!$OU$6:$OU$5005,Table!$C16,Calc!$PB$6:$PB$5005,Table!I$6)),"") -> 0 | J16: =IFERROR(IF($C16="","",SUMIFS(Calc!$OW$6:$OW$5005,Calc!$OT$6:$OT$5005,Calc!$B$7,Calc!$OU$6:$OU$5005,Table!$C16,Calc!$PB$6:$PB$5005,Table!J$6)),"") -> 0 | K16: =IFERROR(IF($C16="","",SUMIFS(Calc!$OW$6:$OW$5005,Calc!$OT$6:$OT$5005,Calc!$B$7,Calc!$OU$6:$OU$5005,Table!$C16,Calc!$PB$6:$PB$5005,Table!K$6)),"") -> 0 | ... O16: =IFERROR(IF($C16="","",SUMIFS(Calc!$OW$6:$OW$5005,Calc!$OT$6:$OT$5005,Calc!$B$7,Calc!$OU$6:$OU$5005,Table!$C16,Calc!$PB$6:$PB$5005,Table!O$6)),"") -> 0 | P16: =IFERROR(IF($C16="","",SUM(D16:O16)),"") -> 0
C17: =IFERROR(IF(LEN(Menu!C30)=0,"",Menu!C30),"") | D17: =IFERROR(IF($C17="","",SUMIFS(Calc!$OW$6:$OW$5005,Calc!$OT$6:$OT$5005,Calc!$B$7,Calc!$OU$6:$OU$5005,Table!$C17,Calc!$PB$6:$PB$5005,Table!D$6)),"") | E17: =IFERROR(IF($C17="","",SUMIFS(Calc!$OW$6:$OW$5005,Calc!$OT$6:$OT$5005,Calc!$B$7,Calc!$OU$6:$OU$5005,Table!$C17,Calc!$PB$6:$PB$5005,Table!E$6)),"") | F17: =IFERROR(IF($C17="","",SUMIFS(Calc!$OW$6:$OW$5005,Calc!$OT$6:$OT$5005,Calc!$B$7,Calc!$OU$6:$OU$5005,Table!$C17,Calc!$PB$6:$PB$5005,Table!F$6)),"") | G17: =IFERROR(IF($C17="","",SUMIFS(Calc!$OW$6:$OW$5005,Calc!$OT$6:$OT$5005,Calc!$B$7,Calc!$OU$6:$OU$5005,Table!$C17,Calc!$PB$6:$PB$5005,Table!G$6)),"") | H17: =IFERROR(IF($C17="","",SUMIFS(Calc!$OW$6:$OW$5005,Calc!$OT$6:$OT$5005,Calc!$B$7,Calc!$OU$6:$OU$5005,Table!$C17,Calc!$PB$6:$PB$5005,Table!H$6)),"") | I17: =IFERROR(IF($C17="","",SUMIFS(Calc!$OW$6:$OW$5005,Calc!$OT$6:$OT$5005,Calc!$B$7,Calc!$OU$6:$OU$5005,Table!$C17,Calc!$PB$6:$PB$5005,Table!I$6)),"") | J17: =IFERROR(IF($C17="","",SUMIFS(Calc!$OW$6:$OW$5005,Calc!$OT$6:$OT$5005,Calc!$B$7,Calc!$OU$6:$OU$5005,Table!$C17,Calc!$PB$6:$PB$5005,Table!J$6)),"") | K17: =IFERROR(IF($C17="","",SUMIFS(Calc!$OW$6:$OW$5005,Calc!$OT$6:$OT$5005,Calc!$B$7,Calc!$OU$6:$OU$5005,Table!$C17,Calc!$PB$6:$PB$5005,Table!K$6)),"") | ... O17: =IFERROR(IF($C17="","",SUMIFS(Calc!$OW$6:$OW$5005,Calc!$OT$6:$OT$5005,Calc!$B$7,Calc!$OU$6:$OU$5005,Table!$C17,Calc!$PB$6:$PB$5005,Table!O$6)),"") | P17: =IFERROR(IF($C17="","",SUM(D17:O17)),"")
C18: =IFERROR(IF(LEN(Menu!C31)=0,"",Menu!C31),"") | D18: =IFERROR(IF($C18="","",SUMIFS(Calc!$OW$6:$OW$5005,Calc!$OT$6:$OT$5005,Calc!$B$7,Calc!$OU$6:$OU$5005,Table!$C18,Calc!$PB$6:$PB$5005,Table!D$6)),"") | E18: =IFERROR(IF($C18="","",SUMIFS(Calc!$OW$6:$OW$5005,Calc!$OT$6:$OT$5005,Calc!$B$7,Calc!$OU$6:$OU$5005,Table!$C18,Calc!$PB$6:$PB$5005,Table!E$6)),"") | F18: =IFERROR(IF($C18="","",SUMIFS(Calc!$OW$6:$OW$5005,Calc!$OT$6:$OT$5005,Calc!$B$7,Calc!$OU$6:$OU$5005,Table!$C18,Calc!$PB$6:$PB$5005,Table!F$6)),"") | G18: =IFERROR(IF($C18="","",SUMIFS(Calc!$OW$6:$OW$5005,Calc!$OT$6:$OT$5005,Calc!$B$7,Calc!$OU$6:$OU$5005,Table!$C18,Calc!$PB$6:$PB$5005,Table!G$6)),"") | H18: =IFERROR(IF($C18="","",SUMIFS(Calc!$OW$6:$OW$5005,Calc!$OT$6:$OT$5005,Calc!$B$7,Calc!$OU$6:$OU$5005,Table!$C18,Calc!$PB$6:$PB$5005,Table!H$6)),"") | I18: =IFERROR(IF($C18="","",SUMIFS(Calc!$OW$6:$OW$5005,Calc!$OT$6:$OT$5005,Calc!$B$7,Calc!$OU$6:$OU$5005,Table!$C18,Calc!$PB$6:$PB$5005,Table!I$6)),"") | J18: =IFERROR(IF($C18="","",SUMIFS(Calc!$OW$6:$OW$5005,Calc!$OT$6:$OT$5005,Calc!$B$7,Calc!$OU$6:$OU$5005,Table!$C18,Calc!$PB$6:$PB$5005,Table!J$6)),"") | K18: =IFERROR(IF($C18="","",SUMIFS(Calc!$OW$6:$OW$5005,Calc!$OT$6:$OT$5005,Calc!$B$7,Calc!$OU$6:$OU$5005,Table!$C18,Calc!$PB$6:$PB$5005,Table!K$6)),"") | ... O18: =IFERROR(IF($C18="","",SUMIFS(Calc!$OW$6:$OW$5005,Calc!$OT$6:$OT$5005,Calc!$B$7,Calc!$OU$6:$OU$5005,Table!$C18,Calc!$PB$6:$PB$5005,Table!O$6)),"") | P18: =IFERROR(IF($C18="","",SUM(D18:O18)),"")
C19: =IFERROR(IF(LEN(Menu!C32)=0,"",Menu!C32),"") | D19: =IFERROR(IF($C19="","",SUMIFS(Calc!$OW$6:$OW$5005,Calc!$OT$6:$OT$5005,Calc!$B$7,Calc!$OU$6:$OU$5005,Table!$C19,Calc!$PB$6:$PB$5005,Table!D$6)),"") | E19: =IFERROR(IF($C19="","",SUMIFS(Calc!$OW$6:$OW$5005,Calc!$OT$6:$OT$5005,Calc!$B$7,Calc!$OU$6:$OU$5005,Table!$C19,Calc!$PB$6:$PB$5005,Table!E$6)),"") | F19: =IFERROR(IF($C19="","",SUMIFS(Calc!$OW$6:$OW$5005,Calc!$OT$6:$OT$5005,Calc!$B$7,Calc!$OU$6:$OU$5005,Table!$C19,Calc!$PB$6:$PB$5005,Table!F$6)),"") | G19: =IFERROR(IF($C19="","",SUMIFS(Calc!$OW$6:$OW$5005,Calc!$OT$6:$OT$5005,Calc!$B$7,Calc!$OU$6:$OU$5005,Table!$C19,Calc!$PB$6:$PB$5005,Table!G$6)),"") | H19: =IFERROR(IF($C19="","",SUMIFS(Calc!$OW$6:$OW$5005,Calc!$OT$6:$OT$5005,Calc!$B$7,Calc!$OU$6:$OU$5005,Table!$C19,Calc!$PB$6:$PB$5005,Table!H$6)),"") | I19: =IFERROR(IF($C19="","",SUMIFS(Calc!$OW$6:$OW$5005,Calc!$OT$6:$OT$5005,Calc!$B$7,Calc!$OU$6:$OU$5005,Table!$C19,Calc!$PB$6:$PB$5005,Table!I$6)),"") | J19: =IFERROR(IF($C19="","",SUMIFS(Calc!$OW$6:$OW$5005,Calc!$OT$6:$OT$5005,Calc!$B$7,Calc!$OU$6:$OU$5005,Table!$C19,Calc!$PB$6:$PB$5005,Table!J$6)),"") | K19: =IFERROR(IF($C19="","",SUMIFS(Calc!$OW$6:$OW$5005,Calc!$OT$6:$OT$5005,Calc!$B$7,Calc!$OU$6:$OU$5005,Table!$C19,Calc!$PB$6:$PB$5005,Table!K$6)),"") | ... O19: =IFERROR(IF($C19="","",SUMIFS(Calc!$OW$6:$OW$5005,Calc!$OT$6:$OT$5005,Calc!$B$7,Calc!$OU$6:$OU$5005,Table!$C19,Calc!$PB$6:$PB$5005,Table!O$6)),"") | P19: =IFERROR(IF($C19="","",SUM(D19:O19)),"")
C20: =IFERROR(IF(LEN(Menu!C33)=0,"",Menu!C33),"") | D20: =IFERROR(IF($C20="","",SUMIFS(Calc!$OW$6:$OW$5005,Calc!$OT$6:$OT$5005,Calc!$B$7,Calc!$OU$6:$OU$5005,Table!$C20,Calc!$PB$6:$PB$5005,Table!D$6)),"") | E20: =IFERROR(IF($C20="","",SUMIFS(Calc!$OW$6:$OW$5005,Calc!$OT$6:$OT$5005,Calc!$B$7,Calc!$OU$6:$OU$5005,Table!$C20,Calc!$PB$6:$PB$5005,Table!E$6)),"") | F20: =IFERROR(IF($C20="","",SUMIFS(Calc!$OW$6:$OW$5005,Calc!$OT$6:$OT$5005,Calc!$B$7,Calc!$OU$6:$OU$5005,Table!$C20,Calc!$PB$6:$PB$5005,Table!F$6)),"") | G20: =IFERROR(IF($C20="","",SUMIFS(Calc!$OW$6:$OW$5005,Calc!$OT$6:$OT$5005,Calc!$B$7,Calc!$OU$6:$OU$5005,Table!$C20,Calc!$PB$6:$PB$5005,Table!G$6)),"") | H20: =IFERROR(IF($C20="","",SUMIFS(Calc!$OW$6:$OW$5005,Calc!$OT$6:$OT$5005,Calc!$B$7,Calc!$OU$6:$OU$5005,Table!$C20,Calc!$PB$6:$PB$5005,Table!H$6)),"") | I20: =IFERROR(IF($C20="","",SUMIFS(Calc!$OW$6:$OW$5005,Calc!$OT$6:$OT$5005,Calc!$B$7,Calc!$OU$6:$OU$5005,Table!$C20,Calc!$PB$6:$PB$5005,Table!I$6)),"") | J20: =IFERROR(IF($C20="","",SUMIFS(Calc!$OW$6:$OW$5005,Calc!$OT$6:$OT$5005,Calc!$B$7,Calc!$OU$6:$OU$5005,Table!$C20,Calc!$PB$6:$PB$5005,Table!J$6)),"") | K20: =IFERROR(IF($C20="","",SUMIFS(Calc!$OW$6:$OW$5005,Calc!$OT$6:$OT$5005,Calc!$B$7,Calc!$OU$6:$OU$5005,Table!$C20,Calc!$PB$6:$PB$5005,Table!K$6)),"") | ... O20: =IFERROR(IF($C20="","",SUMIFS(Calc!$OW$6:$OW$5005,Calc!$OT$6:$OT$5005,Calc!$B$7,Calc!$OU$6:$OU$5005,Table!$C20,Calc!$PB$6:$PB$5005,Table!O$6)),"") | P20: =IFERROR(IF($C20="","",SUM(D20:O20)),"")
C21: =IFERROR(IF(LEN(Menu!C34)=0,"",Menu!C34),"") | D21: =IFERROR(IF($C21="","",SUMIFS(Calc!$OW$6:$OW$5005,Calc!$OT$6:$OT$5005,Calc!$B$7,Calc!$OU$6:$OU$5005,Table!$C21,Calc!$PB$6:$PB$5005,Table!D$6)),"") | E21: =IFERROR(IF($C21="","",SUMIFS(Calc!$OW$6:$OW$5005,Calc!$OT$6:$OT$5005,Calc!$B$7,Calc!$OU$6:$OU$5005,Table!$C21,Calc!$PB$6:$PB$5005,Table!E$6)),"") | F21: =IFERROR(IF($C21="","",SUMIFS(Calc!$OW$6:$OW$5005,Calc!$OT$6:$OT$5005,Calc!$B$7,Calc!$OU$6:$OU$5005,Table!$C21,Calc!$PB$6:$PB$5005,Table!F$6)),"") | G21: =IFERROR(IF($C21="","",SUMIFS(Calc!$OW$6:$OW$5005,Calc!$OT$6:$OT$5005,Calc!$B$7,Calc!$OU$6:$OU$5005,Table!$C21,Calc!$PB$6:$PB$5005,Table!G$6)),"") | H21: =IFERROR(IF($C21="","",SUMIFS(Calc!$OW$6:$OW$5005,Calc!$OT$6:$OT$5005,Calc!$B$7,Calc!$OU$6:$OU$5005,Table!$C21,Calc!$PB$6:$PB$5005,Table!H$6)),"") | I21: =IFERROR(IF($C21="","",SUMIFS(Calc!$OW$6:$OW$5005,Calc!$OT$6:$OT$5005,Calc!$B$7,Calc!$OU$6:$OU$5005,Table!$C21,Calc!$PB$6:$PB$5005,Table!I$6)),"") | J21: =IFERROR(IF($C21="","",SUMIFS(Calc!$OW$6:$OW$5005,Calc!$OT$6:$OT$5005,Calc!$B$7,Calc!$OU$6:$OU$5005,Table!$C21,Calc!$PB$6:$PB$5005,Table!J$6)),"") | K21: =IFERROR(IF($C21="","",SUMIFS(Calc!$OW$6:$OW$5005,Calc!$OT$6:$OT$5005,Calc!$B$7,Calc!$OU$6:$OU$5005,Table!$C21,Calc!$PB$6:$PB$5005,Table!K$6)),"") | ... O21: =IFERROR(IF($C21="","",SUMIFS(Calc!$OW$6:$OW$5005,Calc!$OT$6:$OT$5005,Calc!$B$7,Calc!$OU$6:$OU$5005,Table!$C21,Calc!$PB$6:$PB$5005,Table!O$6)),"") | P21: =IFERROR(IF($C21="","",SUM(D21:O21)),"")
C22: =IFERROR(IF(LEN(Menu!C35)=0,"",Menu!C35),"") | D22: =IFERROR(IF($C22="","",SUMIFS(Calc!$OW$6:$OW$5005,Calc!$OT$6:$OT$5005,Calc!$B$7,Calc!$OU$6:$OU$5005,Table!$C22,Calc!$PB$6:$PB$5005,Table!D$6)),"") | E22: =IFERROR(IF($C22="","",SUMIFS(Calc!$OW$6:$OW$5005,Calc!$OT$6:$OT$5005,Calc!$B$7,Calc!$OU$6:$OU$5005,Table!$C22,Calc!$PB$6:$PB$5005,Table!E$6)),"") | F22: =IFERROR(IF($C22="","",SUMIFS(Calc!$OW$6:$OW$5005,Calc!$OT$6:$OT$5005,Calc!$B$7,Calc!$OU$6:$OU$5005,Table!$C22,Calc!$PB$6:$PB$5005,Table!F$6)),"") | G22: =IFERROR(IF($C22="","",SUMIFS(Calc!$OW$6:$OW$5005,Calc!$OT$6:$OT$5005,Calc!$B$7,Calc!$OU$6:$OU$5005,Table!$C22,Calc!$PB$6:$PB$5005,Table!G$6)),"") | H22: =IFERROR(IF($C22="","",SUMIFS(Calc!$OW$6:$OW$5005,Calc!$OT$6:$OT$5005,Calc!$B$7,Calc!$OU$6:$OU$5005,Table!$C22,Calc!$PB$6:$PB$5005,Table!H$6)),"") | I22: =IFERROR(IF($C22="","",SUMIFS(Calc!$OW$6:$OW$5005,Calc!$OT$6:$OT$5005,Calc!$B$7,Calc!$OU$6:$OU$5005,Table!$C22,Calc!$PB$6:$PB$5005,Table!I$6)),"") | J22: =IFERROR(IF($C22="","",SUMIFS(Calc!$OW$6:$OW$5005,Calc!$OT$6:$OT$5005,Calc!$B$7,Calc!$OU$6:$OU$5005,Table!$C22,Calc!$PB$6:$PB$5005,Table!J$6)),"") | K22: =IFERROR(IF($C22="","",SUMIFS(Calc!$OW$6:$OW$5005,Calc!$OT$6:$OT$5005,Calc!$B$7,Calc!$OU$6:$OU$5005,Table!$C22,Calc!$PB$6:$PB$5005,Table!K$6)),"") | ... O22: =IFERROR(IF($C22="","",SUMIFS(Calc!$OW$6:$OW$5005,Calc!$OT$6:$OT$5005,Calc!$B$7,Calc!$OU$6:$OU$5005,Table!$C22,Calc!$PB$6:$PB$5005,Table!O$6)),"") | P22: =IFERROR(IF($C22="","",SUM(D22:O22)),"")
... C40: =IFERROR(IF(LEN(Menu!C53)=0,"",Menu!C53),"") | D40: =IFERROR(IF($C40="","",SUMIFS(Calc!$OW$6:$OW$5005,Calc!$OT$6:$OT$5005,Calc!$B$7,Calc!$OU$6:$OU$5005,Table!$C40,Calc!$PB$6:$PB$5005,Table!D$6)),"") | E40: =IFERROR(IF($C40="","",SUMIFS(Calc!$OW$6:$OW$5005,Calc!$OT$6:$OT$5005,Calc!$B$7,Calc!$OU$6:$OU$5005,Table!$C40,Calc!$PB$6:$PB$5005,Table!E$6)),"") | F40: =IFERROR(IF($C40="","",SUMIFS(Calc!$OW$6:$OW$5005,Calc!$OT$6:$OT$5005,Calc!$B$7,Calc!$OU$6:$OU$5005,Table!$C40,Calc!$PB$6:$PB$5005,Table!F$6)),"") | G40: =IFERROR(IF($C40="","",SUMIFS(Calc!$OW$6:$OW$5005,Calc!$OT$6:$OT$5005,Calc!$B$7,Calc!$OU$6:$OU$5005,Table!$C40,Calc!$PB$6:$PB$5005,Table!G$6)),"") | H40: =IFERROR(IF($C40="","",SUMIFS(Calc!$OW$6:$OW$5005,Calc!$OT$6:$OT$5005,Calc!$B$7,Calc!$OU$6:$OU$5005,Table!$C40,Calc!$PB$6:$PB$5005,Table!H$6)),"") | I40: =IFERROR(IF($C40="","",SUMIFS(Calc!$OW$6:$OW$5005,Calc!$OT$6:$OT$5005,Calc!$B$7,Calc!$OU$6:$OU$5005,Table!$C40,Calc!$PB$6:$PB$5005,Table!I$6)),"") | J40: =IFERROR(IF($C40="","",SUMIFS(Calc!$OW$6:$OW$5005,Calc!$OT$6:$OT$5005,Calc!$B$7,Calc!$OU$6:$OU$5005,Table!$C40,Calc!$PB$6:$PB$5005,Table!J$6)),"") | K40: =IFERROR(IF($C40="","",SUMIFS(Calc!$OW$6:$OW$5005,Calc!$OT$6:$OT$5005,Calc!$B$7,Calc!$OU$6:$OU$5005,Table!$C40,Calc!$PB$6:$PB$5005,Table!K$6)),"") | ... O40: =IFERROR(IF($C40="","",SUMIFS(Calc!$OW$6:$OW$5005,Calc!$OT$6:$OT$5005,Calc!$B$7,Calc!$OU$6:$OU$5005,Table!$C40,Calc!$PB$6:$PB$5005,Table!O$6)),"") | P40: =IFERROR(IF($C40="","",SUM(D40:O40)),"")
C41: Income Totals | D41: =IFERROR(SUM(D11:D40),"") -> 18500 | E41: =IFERROR(SUM(E11:E40),"") -> 6800 | F41: =IFERROR(SUM(F11:F40),"") -> 6800 | G41: =IFERROR(SUM(G11:G40),"") -> 8500 | H41: =IFERROR(SUM(H11:H40),"") -> 7800 | I41: =IFERROR(SUM(I11:I40),"") -> 6800 | J41: =IFERROR(SUM(J11:J40),"") -> 8500 | K41: =IFERROR(SUM(K11:K40),"") -> 7800 | ... O41: =IFERROR(SUM(O11:O40),"") -> 7500 | P41: =IFERROR(IF($C41="","",SUM(D41:O41)),"") -> 101300
C43: Cash Outgoing
C44: =IFERROR(IF(LEN(Menu!E24)=0,"",Menu!E24),"") -> Operating Expenses | D44: =IFERROR(IF($C44="","",SUMIFS(Calc!$OW$6:$OW$5005,Calc!$OT$6:$OT$5005,Calc!$B$8,Calc!$OU$6:$OU$5005,Table!$C44,Calc!$PB$6:$PB$5005,Table!D$6)),"") -> 3000 | E44: =IFERROR(IF($C44="","",SUMIFS(Calc!$OW$6:$OW$5005,Calc!$OT$6:$OT$5005,Calc!$B$8,Calc!$OU$6:$OU$5005,Table!$C44,Calc!$PB$6:$PB$5005,Table!E$6)),"") -> 2000 | F44: =IFERROR(IF($C44="","",SUMIFS(Calc!$OW$6:$OW$5005,Calc!$OT$6:$OT$5005,Calc!$B$8,Calc!$OU$6:$OU$5005,Table!$C44,Calc!$PB$6:$PB$5005,Table!F$6)),"") -> 2500 | G44: =IFERROR(IF($C44="","",SUMIFS(Calc!$OW$6:$OW$5005,Calc!$OT$6:$OT$5005,Calc!$B$8,Calc!$OU$6:$OU$5005,Table!$C44,Calc!$PB$6:$PB$5005,Table!G$6)),"") -> 2500 | H44: =IFERROR(IF($C44="","",SUMIFS(Calc!$OW$6:$OW$5005,Calc!$OT$6:$OT$5005,Calc!$B$8,Calc!$OU$6:$OU$5005,Table!$C44,Calc!$PB$6:$PB$5005,Table!H$6)),"") -> 2500 | I44: =IFERROR(IF($C44="","",SUMIFS(Calc!$OW$6:$OW$5005,Calc!$OT$6:$OT$5005,Calc!$B$8,Calc!$OU$6:$OU$5005,Table!$C44,Calc!$PB$6:$PB$5005,Table!I$6)),"") -> 2500 | J44: =IFERROR(IF($C44="","",SUMIFS(Calc!$OW$6:$OW$5005,Calc!$OT$6:$OT$5005,Calc!$B$8,Calc!$OU$6:$OU$5005,Table!$C44,Calc!$PB$6:$PB$5005,Table!J$6)),"") -> 3500 | K44: =IFERROR(IF($C44="","",SUMIFS(Calc!$OW$6:$OW$5005,Calc!$OT$6:$OT$5005,Calc!$B$8,Calc!$OU$6:$OU$5005,Table!$C44,Calc!$PB$6:$PB$5005,Table!K$6)),"") -> 2000 | ... O44: =IFERROR(IF($C44="","",SUMIFS(Calc!$OW$6:$OW$5005,Calc!$OT$6:$OT$5005,Calc!$B$8,Calc!$OU$6:$OU$5005,Table!$C44,Calc!$PB$6:$PB$5005,Table!O$6)),"") -> 0 | P44: =IFERROR(IF($C44="","",SUM(D44:O44)),"") -> 22500
C45: =IFERROR(IF(LEN(Menu!E25)=0,"",Menu!E25),"") -> Lending | D45: =IFERROR(IF($C45="","",SUMIFS(Calc!$OW$6:$OW$5005,Calc!$OT$6:$OT$5005,Calc!$B$8,Calc!$OU$6:$OU$5005,Table!$C45,Calc!$PB$6:$PB$5005,Table!D$6)),"") -> 1000 | E45: =IFERROR(IF($C45="","",SUMIFS(Calc!$OW$6:$OW$5005,Calc!$OT$6:$OT$5005,Calc!$B$8,Calc!$OU$6:$OU$5005,Table!$C45,Calc!$PB$6:$PB$5005,Table!E$6)),"") -> 500 | F45: =IFERROR(IF($C45="","",SUMIFS(Calc!$OW$6:$OW$5005,Calc!$OT$6:$OT$5005,Calc!$B$8,Calc!$OU$6:$OU$5005,Table!$C45,Calc!$PB$6:$PB$5005,Table!F$6)),"") -> 1000 | G45: =IFERROR(IF($C45="","",SUMIFS(Calc!$OW$6:$OW$5005,Calc!$OT$6:$OT$5005,Calc!$B$8,Calc!$OU$6:$OU$5005,Table!$C45,Calc!$PB$6:$PB$5005,Table!G$6)),"") -> 500 | H45: =IFERROR(IF($C45="","",SUMIFS(Calc!$OW$6:$OW$5005,Calc!$OT$6:$OT$5005,Calc!$B$8,Calc!$OU$6:$OU$5005,Table!$C45,Calc!$PB$6:$PB$5005,Table!H$6)),"") -> 1000 | I45: =IFERROR(IF($C45="","",SUMIFS(Calc!$OW$6:$OW$5005,Calc!$OT$6:$OT$5005,Calc!$B$8,Calc!$OU$6:$OU$5005,Table!$C45,Calc!$PB$6:$PB$5005,Table!I$6)),"") -> 500 | J45: =IFERROR(IF($C45="","",SUMIFS(Calc!$OW$6:$OW$5005,Calc!$OT$6:$OT$5005,Calc!$B$8,Calc!$OU$6:$OU$5005,Table!$C45,Calc!$PB$6:$PB$5005,Table!J$6)),"") -> 1000 | K45: =IFERROR(IF($C45="","",SUMIFS(Calc!$OW$6:$OW$5005,Calc!$OT$6:$OT$5005,Calc!$B$8,Calc!$OU$6:$OU$5005,Table!$C45,Calc!$PB$6:$PB$5005,Table!K$6)),"") -> 500 | ... O45: =IFERROR(IF($C45="","",SUMIFS(Calc!$OW$6:$OW$5005,Calc!$OT$6:$OT$5005,Calc!$B$8,Calc!$OU$6:$OU$5005,Table!$C45,Calc!$PB$6:$PB$5005,Table!O$6)),"") -> 1000 | P45: =IFERROR(IF($C45="","",SUM(D45:O45)),"") -> 9000
C46: =IFERROR(IF(LEN(Menu!E26)=0,"",Menu!E26),"") -> Purchase of Property | D46: =IFERROR(IF($C46="","",SUMIFS(Calc!$OW$6:$OW$5005,Calc!$OT$6:$OT$5005,Calc!$B$8,Calc!$OU$6:$OU$5005,Table!$C46,Calc!$PB$6:$PB$5005,Table!D$6)),"") -> 11000 | E46: =IFERROR(IF($C46="","",SUMIFS(Calc!$OW$6:$OW$5005,Calc!$OT$6:$OT$5005,Calc!$B$8,Calc!$OU$6:$OU$5005,Table!$C46,Calc!$PB$6:$PB$5005,Table!E$6)),"") -> 0 | F46: =IFERROR(IF($C46="","",SUMIFS(Calc!$OW$6:$OW$5005,Calc!$OT$6:$OT$5005,Calc!$B$8,Calc!$OU$6:$OU$5005,Table!$C46,Calc!$PB$6:$PB$5005,Table!F$6)),"") -> 0 | G46: =IFERROR(IF($C46="","",SUMIFS(Calc!$OW$6:$OW$5005,Calc!$OT$6:$OT$5005,Calc!$B$8,Calc!$OU$6:$OU$5005,Table!$C46,Calc!$PB$6:$PB$5005,Table!G$6)),"") -> 0 | H46: =IFERROR(IF($C46="","",SUMIFS(Calc!$OW$6:$OW$5005,Calc!$OT$6:$OT$5005,Calc!$B$8,Calc!$OU$6:$OU$5005,Table!$C46,Calc!$PB$6:$PB$5005,Table!H$6)),"") -> 0 | I46: =IFERROR(IF($C46="","",SUMIFS(Calc!$OW$6:$OW$5005,Calc!$OT$6:$OT$5005,Calc!$B$8,Calc!$OU$6:$OU$5005,Table!$C46,Calc!$PB$6:$PB$5005,Table!I$6)),"") -> 0 | J46: =IFERROR(IF($C46="","",SUMIFS(Calc!$OW$6:$OW$5005,Calc!$OT$6:$OT$5005,Calc!$B$8,Calc!$OU$6:$OU$5005,Table!$C46,Calc!$PB$6:$PB$5005,Table!J$6)),"") -> 0 | K46: =IFERROR(IF($C46="","",SUMIFS(Calc!$OW$6:$OW$5005,Calc!$OT$6:$OT$5005,Calc!$B$8,Calc!$OU$6:$OU$5005,Table!$C46,Calc!$PB$6:$PB$5005,Table!K$6)),"") -> 0 | ... O46: =IFERROR(IF($C46="","",SUMIFS(Calc!$OW$6:$OW$5005,Calc!$OT$6:$OT$5005,Calc!$B$8,Calc!$OU$6:$OU$5005,Table!$C46,Calc!$PB$6:$PB$5005,Table!O$6)),"") -> 0 | P46: =IFERROR(IF($C46="","",SUM(D46:O46)),"") -> 11000
C47: =IFERROR(IF(LEN(Menu!E27)=0,"",Menu!E27),"") -> Purchase of Equipment | D47: =IFERROR(IF($C47="","",SUMIFS(Calc!$OW$6:$OW$5005,Calc!$OT$6:$OT$5005,Calc!$B$8,Calc!$OU$6:$OU$5005,Table!$C47,Calc!$PB$6:$PB$5005,Table!D$6)),"") -> 0 | E47: =IFERROR(IF($C47="","",SUMIFS(Calc!$OW$6:$OW$5005,Calc!$OT$6:$OT$5005,Calc!$B$8,Calc!$OU$6:$OU$5005,Table!$C47,Calc!$PB$6:$PB$5005,Table!E$6)),"") -> 0 | F47: =IFERROR(IF($C47="","",SUMIFS(Calc!$OW$6:$OW$5005,Calc!$OT$6:$OT$5005,Calc!$B$8,Calc!$OU$6:$OU$5005,Table!$C47,Calc!$PB$6:$PB$5005,Table!F$6)),"") -> 0 | G47: =IFERROR(IF($C47="","",SUMIFS(Calc!$OW$6:$OW$5005,Calc!$OT$6:$OT$5005,Calc!$B$8,Calc!$OU$6:$OU$5005,Table!$C47,Calc!$PB$6:$PB$5005,Table!G$6)),"") -> 0 | H47: =IFERROR(IF($C47="","",SUMIFS(Calc!$OW$6:$OW$5005,Calc!$OT$6:$OT$5005,Calc!$B$8,Calc!$OU$6:$OU$5005,Table!$C47,Calc!$PB$6:$PB$5005,Table!H$6)),"") -> 0 | I47: =IFERROR(IF($C47="","",SUMIFS(Calc!$OW$6:$OW$5005,Calc!$OT$6:$OT$5005,Calc!$B$8,Calc!$OU$6:$OU$5005,Table!$C47,Calc!$PB$6:$PB$5005,Table!I$6)),"") -> 0 | J47: =IFERROR(IF($C47="","",SUMIFS(Calc!$OW$6:$OW$5005,Calc!$OT$6:$OT$5005,Calc!$B$8,Calc!$OU$6:$OU$5005,Table!$C47,Calc!$PB$6:$PB$5005,Table!J$6)),"") -> 0 | K47: =IFERROR(IF($C47="","",SUMIFS(Calc!$OW$6:$OW$5005,Calc!$OT$6:$OT$5005,Calc!$B$8,Calc!$OU$6:$OU$5005,Table!$C47,Calc!$PB$6:$PB$5005,Table!K$6)),"") -> 0 | ... O47: =IFERROR(IF($C47="","",SUMIFS(Calc!$OW$6:$OW$5005,Calc!$OT$6:$OT$5005,Calc!$B$8,Calc!$OU$6:$OU$5005,Table!$C47,Calc!$PB$6:$PB$5005,Table!O$6)),"") -> 0 | P47: =IFERROR(IF($C47="","",SUM(D47:O47)),"") -> 0
C48: =IFERROR(IF(LEN(Menu!E28)=0,"",Menu!E28),"") -> Interest Paid | D48: =IFERROR(IF($C48="","",SUMIFS(Calc!$OW$6:$OW$5005,Calc!$OT$6:$OT$5005,Calc!$B$8,Calc!$OU$6:$OU$5005,Table!$C48,Calc!$PB$6:$PB$5005,Table!D$6)),"") -> 0 | E48: =IFERROR(IF($C48="","",SUMIFS(Calc!$OW$6:$OW$5005,Calc!$OT$6:$OT$5005,Calc!$B$8,Calc!$OU$6:$OU$5005,Table!$C48,Calc!$PB$6:$PB$5005,Table!E$6)),"") -> 0 | F48: =IFERROR(IF($C48="","",SUMIFS(Calc!$OW$6:$OW$5005,Calc!$OT$6:$OT$5005,Calc!$B$8,Calc!$OU$6:$OU$5005,Table!$C48,Calc!$PB$6:$PB$5005,Table!F$6)),"") -> 0 | G48: =IFERROR(IF($C48="","",SUMIFS(Calc!$OW$6:$OW$5005,Calc!$OT$6:$OT$5005,Calc!$B$8,Calc!$OU$6:$OU$5005,Table!$C48,Calc!$PB$6:$PB$5005,Table!G$6)),"") -> 0 | H48: =IFERROR(IF($C48="","",SUMIFS(Calc!$OW$6:$OW$5005,Calc!$OT$6:$OT$5005,Calc!$B$8,Calc!$OU$6:$OU$5005,Table!$C48,Calc!$PB$6:$PB$5005,Table!H$6)),"") -> 0 | I48: =IFERROR(IF($C48="","",SUMIFS(Calc!$OW$6:$OW$5005,Calc!$OT$6:$OT$5005,Calc!$B$8,Calc!$OU$6:$OU$5005,Table!$C48,Calc!$PB$6:$PB$5005,Table!I$6)),"") -> 0 | J48: =IFERROR(IF($C48="","",SUMIFS(Calc!$OW$6:$OW$5005,Calc!$OT$6:$OT$5005,Calc!$B$8,Calc!$OU$6:$OU$5005,Table!$C48,Calc!$PB$6:$PB$5005,Table!J$6)),"") -> 0 | K48: =IFERROR(IF($C48="","",SUMIFS(Calc!$OW$6:$OW$5005,Calc!$OT$6:$OT$5005,Calc!$B$8,Calc!$OU$6:$OU$5005,Table!$C48,Calc!$PB$6:$PB$5005,Table!K$6)),"") -> 0 | ... O48: =IFERROR(IF($C48="","",SUMIFS(Calc!$OW$6:$OW$5005,Calc!$OT$6:$OT$5005,Calc!$B$8,Calc!$OU$6:$OU$5005,Table!$C48,Calc!$PB$6:$PB$5005,Table!O$6)),"") -> 0 | P48: =IFERROR(IF($C48="","",SUM(D48:O48)),"") -> 0
C49: =IFERROR(IF(LEN(Menu!E29)=0,"",Menu!E29),"") | D49: =IFERROR(IF($C49="","",SUMIFS(Calc!$OW$6:$OW$5005,Calc!$OT$6:$OT$5005,Calc!$B$8,Calc!$OU$6:$OU$5005,Table!$C49,Calc!$PB$6:$PB$5005,Table!D$6)),"") | E49: =IFERROR(IF($C49="","",SUMIFS(Calc!$OW$6:$OW$5005,Calc!$OT$6:$OT$5005,Calc!$B$8,Calc!$OU$6:$OU$5005,Table!$C49,Calc!$PB$6:$PB$5005,Table!E$6)),"") | F49: =IFERROR(IF($C49="","",SUMIFS(Calc!$OW$6:$OW$5005,Calc!$OT$6:$OT$5005,Calc!$B$8,Calc!$OU$6:$OU$5005,Table!$C49,Calc!$PB$6:$PB$5005,Table!F$6)),"") | G49: =IFERROR(IF($C49="","",SUMIFS(Calc!$OW$6:$OW$5005,Calc!$OT$6:$OT$5005,Calc!$B$8,Calc!$OU$6:$OU$5005,Table!$C49,Calc!$PB$6:$PB$5005,Table!G$6)),"") | H49: =IFERROR(IF($C49="","",SUMIFS(Calc!$OW$6:$OW$5005,Calc!$OT$6:$OT$5005,Calc!$B$8,Calc!$OU$6:$OU$5005,Table!$C49,Calc!$PB$6:$PB$5005,Table!H$6)),"") | I49: =IFERROR(IF($C49="","",SUMIFS(Calc!$OW$6:$OW$5005,Calc!$OT$6:$OT$5005,Calc!$B$8,Calc!$OU$6:$OU$5005,Table!$C49,Calc!$PB$6:$PB$5005,Table!I$6)),"") | J49: =IFERROR(IF($C49="","",SUMIFS(Calc!$OW$6:$OW$5005,Calc!$OT$6:$OT$5005,Calc!$B$8,Calc!$OU$6:$OU$5005,Table!$C49,Calc!$PB$6:$PB$5005,Table!J$6)),"") | K49: =IFERROR(IF($C49="","",SUMIFS(Calc!$OW$6:$OW$5005,Calc!$OT$6:$OT$5005,Calc!$B$8,Calc!$OU$6:$OU$5005,Table!$C49,Calc!$PB$6:$PB$5005,Table!K$6)),"") | ... O49: =IFERROR(IF($C49="","",SUMIFS(Calc!$OW$6:$OW$5005,Calc!$OT$6:$OT$5005,Calc!$B$8,Calc!$OU$6:$OU$5005,Table!$C49,Calc!$PB$6:$PB$5005,Table!O$6)),"") | P49: =IFERROR(IF($C49="","",SUM(D49:O49)),"")
C50: =IFERROR(IF(LEN(Menu!E30)=0,"",Menu!E30),"") | D50: =IFERROR(IF($C50="","",SUMIFS(Calc!$OW$6:$OW$5005,Calc!$OT$6:$OT$5005,Calc!$B$8,Calc!$OU$6:$OU$5005,Table!$C50,Calc!$PB$6:$PB$5005,Table!D$6)),"") | E50: =IFERROR(IF($C50="","",SUMIFS(Calc!$OW$6:$OW$5005,Calc!$OT$6:$OT$5005,Calc!$B$8,Calc!$OU$6:$OU$5005,Table!$C50,Calc!$PB$6:$PB$5005,Table!E$6)),"") | F50: =IFERROR(IF($C50="","",SUMIFS(Calc!$OW$6:$OW$5005,Calc!$OT$6:$OT$5005,Calc!$B$8,Calc!$OU$6:$OU$5005,Table!$C50,Calc!$PB$6:$PB$5005,Table!F$6)),"") | G50: =IFERROR(IF($C50="","",SUMIFS(Calc!$OW$6:$OW$5005,Calc!$OT$6:$OT$5005,Calc!$B$8,Calc!$OU$6:$OU$5005,Table!$C50,Calc!$PB$6:$PB$5005,Table!G$6)),"") | H50: =IFERROR(IF($C50="","",SUMIFS(Calc!$OW$6:$OW$5005,Calc!$OT$6:$OT$5005,Calc!$B$8,Calc!$OU$6:$OU$5005,Table!$C50,Calc!$PB$6:$PB$5005,Table!H$6)),"") | I50: =IFERROR(IF($C50="","",SUMIFS(Calc!$OW$6:$OW$5005,Calc!$OT$6:$OT$5005,Calc!$B$8,Calc!$OU$6:$OU$5005,Table!$C50,Calc!$PB$6:$PB$5005,Table!I$6)),"") | J50: =IFERROR(IF($C50="","",SUMIFS(Calc!$OW$6:$OW$5005,Calc!$OT$6:$OT$5005,Calc!$B$8,Calc!$OU$6:$OU$5005,Table!$C50,Calc!$PB$6:$PB$5005,Table!J$6)),"") | K50: =IFERROR(IF($C50="","",SUMIFS(Calc!$OW$6:$OW$5005,Calc!$OT$6:$OT$5005,Calc!$B$8,Calc!$OU$6:$OU$5005,Table!$C50,Calc!$PB$6:$PB$5005,Table!K$6)),"") | ... O50: =IFERROR(IF($C50="","",SUMIFS(Calc!$OW$6:$OW$5005,Calc!$OT$6:$OT$5005,Calc!$B$8,Calc!$OU$6:$OU$5005,Table!$C50,Calc!$PB$6:$PB$5005,Table!O$6)),"") | P50: =IFERROR(IF($C50="","",SUM(D50:O50)),"")
C51: =IFERROR(IF(LEN(Menu!E31)=0,"",Menu!E31),"") | D51: =IFERROR(IF($C51="","",SUMIFS(Calc!$OW$6:$OW$5005,Calc!$OT$6:$OT$5005,Calc!$B$8,Calc!$OU$6:$OU$5005,Table!$C51,Calc!$PB$6:$PB$5005,Table!D$6)),"") | E51: =IFERROR(IF($C51="","",SUMIFS(Calc!$OW$6:$OW$5005,Calc!$OT$6:$OT$5005,Calc!$B$8,Calc!$OU$6:$OU$5005,Table!$C51,Calc!$PB$6:$PB$5005,Table!E$6)),"") | F51: =IFERROR(IF($C51="","",SUMIFS(Calc!$OW$6:$OW$5005,Calc!$OT$6:$OT$5005,Calc!$B$8,Calc!$OU$6:$OU$5005,Table!$C51,Calc!$PB$6:$PB$5005,Table!F$6)),"") | G51: =IFERROR(IF($C51="","",SUMIFS(Calc!$OW$6:$OW$5005,Calc!$OT$6:$OT$5005,Calc!$B$8,Calc!$OU$6:$OU$5005,Table!$C51,Calc!$PB$6:$PB$5005,Table!G$6)),"") | H51: =IFERROR(IF($C51="","",SUMIFS(Calc!$OW$6:$OW$5005,Calc!$OT$6:$OT$5005,Calc!$B$8,Calc!$OU$6:$OU$5005,Table!$C51,Calc!$PB$6:$PB$5005,Table!H$6)),"") | I51: =IFERROR(IF($C51="","",SUMIFS(Calc!$OW$6:$OW$5005,Calc!$OT$6:$OT$5005,Calc!$B$8,Calc!$OU$6:$OU$5005,Table!$C51,Calc!$PB$6:$PB$5005,Table!I$6)),"") | J51: =IFERROR(IF($C51="","",SUMIFS(Calc!$OW$6:$OW$5005,Calc!$OT$6:$OT$5005,Calc!$B$8,Calc!$OU$6:$OU$5005,Table!$C51,Calc!$PB$6:$PB$5005,Table!J$6)),"") | K51: =IFERROR(IF($C51="","",SUMIFS(Calc!$OW$6:$OW$5005,Calc!$OT$6:$OT$5005,Calc!$B$8,Calc!$OU$6:$OU$5005,Table!$C51,Calc!$PB$6:$PB$5005,Table!K$6)),"") | ... O51: =IFERROR(IF($C51="","",SUMIFS(Calc!$OW$6:$OW$5005,Calc!$OT$6:$OT$5005,Calc!$B$8,Calc!$OU$6:$OU$5005,Table!$C51,Calc!$PB$6:$PB$5005,Table!O$6)),"") | P51: =IFERROR(IF($C51="","",SUM(D51:O51)),"")
C52: =IFERROR(IF(LEN(Menu!E32)=0,"",Menu!E32),"") | D52: =IFERROR(IF($C52="","",SUMIFS(Calc!$OW$6:$OW$5005,Calc!$OT$6:$OT$5005,Calc!$B$8,Calc!$OU$6:$OU$5005,Table!$C52,Calc!$PB$6:$PB$5005,Table!D$6)),"") | E52: =IFERROR(IF($C52="","",SUMIFS(Calc!$OW$6:$OW$5005,Calc!$OT$6:$OT$5005,Calc!$B$8,Calc!$OU$6:$OU$5005,Table!$C52,Calc!$PB$6:$PB$5005,Table!E$6)),"") | F52: =IFERROR(IF($C52="","",SUMIFS(Calc!$OW$6:$OW$5005,Calc!$OT$6:$OT$5005,Calc!$B$8,Calc!$OU$6:$OU$5005,Table!$C52,Calc!$PB$6:$PB$5005,Table!F$6)),"") | G52: =IFERROR(IF($C52="","",SUMIFS(Calc!$OW$6:$OW$5005,Calc!$OT$6:$OT$5005,Calc!$B$8,Calc!$OU$6:$OU$5005,Table!$C52,Calc!$PB$6:$PB$5005,Table!G$6)),"") | H52: =IFERROR(IF($C52="","",SUMIFS(Calc!$OW$6:$OW$5005,Calc!$OT$6:$OT$5005,Calc!$B$8,Calc!$OU$6:$OU$5005,Table!$C52,Calc!$PB$6:$PB$5005,Table!H$6)),"") | I52: =IFERROR(IF($C52="","",SUMIFS(Calc!$OW$6:$OW$5005,Calc!$OT$6:$OT$5005,Calc!$B$8,Calc!$OU$6:$OU$5005,Table!$C52,Calc!$PB$6:$PB$5005,Table!I$6)),"") | J52: =IFERROR(IF($C52="","",SUMIFS(Calc!$OW$6:$OW$5005,Calc!$OT$6:$OT$5005,Calc!$B$8,Calc!$OU$6:$OU$5005,Table!$C52,Calc!$PB$6:$PB$5005,Table!J$6)),"") | K52: =IFERROR(IF($C52="","",SUMIFS(Calc!$OW$6:$OW$5005,Calc!$OT$6:$OT$5005,Calc!$B$8,Calc!$OU$6:$OU$5005,Table!$C52,Calc!$PB$6:$PB$5005,Table!K$6)),"") | ... O52: =IFERROR(IF($C52="","",SUMIFS(Calc!$OW$6:$OW$5005,Calc!$OT$6:$OT$5005,Calc!$B$8,Calc!$OU$6:$OU$5005,Table!$C52,Calc!$PB$6:$PB$5005,Table!O$6)),"") | P52: =IFERROR(IF($C52="","",SUM(D52:O52)),"")
C53: =IFERROR(IF(LEN(Menu!E33)=0,"",Menu!E33),"") | D53: =IFERROR(IF($C53="","",SUMIFS(Calc!$OW$6:$OW$5005,Calc!$OT$6:$OT$5005,Calc!$B$8,Calc!$OU$6:$OU$5005,Table!$C53,Calc!$PB$6:$PB$5005,Table!D$6)),"") | E53: =IFERROR(IF($C53="","",SUMIFS(Calc!$OW$6:$OW$5005,Calc!$OT$6:$OT$5005,Calc!$B$8,Calc!$OU$6:$OU$5005,Table!$C53,Calc!$PB$6:$PB$5005,Table!E$6)),"") | F53: =IFERROR(IF($C53="","",SUMIFS(Calc!$OW$6:$OW$5005,Calc!$OT$6:$OT$5005,Calc!$B$8,Calc!$OU$6:$OU$5005,Table!$C53,Calc!$PB$6:$PB$5005,Table!F$6)),"") | G53: =IFERROR(IF($C53="","",SUMIFS(Calc!$OW$6:$OW$5005,Calc!$OT$6:$OT$5005,Calc!$B$8,Calc!$OU$6:$OU$5005,Table!$C53,Calc!$PB$6:$PB$5005,Table!G$6)),"") | H53: =IFERROR(IF($C53="","",SUMIFS(Calc!$OW$6:$OW$5005,Calc!$OT$6:$OT$5005,Calc!$B$8,Calc!$OU$6:$OU$5005,Table!$C53,Calc!$PB$6:$PB$5005,Table!H$6)),"") | I53: =IFERROR(IF($C53="","",SUMIFS(Calc!$OW$6:$OW$5005,Calc!$OT$6:$OT$5005,Calc!$B$8,Calc!$OU$6:$OU$5005,Table!$C53,Calc!$PB$6:$PB$5005,Table!I$6)),"") | J53: =IFERROR(IF($C53="","",SUMIFS(Calc!$OW$6:$OW$5005,Calc!$OT$6:$OT$5005,Calc!$B$8,Calc!$OU$6:$OU$5005,Table!$C53,Calc!$PB$6:$PB$5005,Table!J$6)),"") | K53: =IFERROR(IF($C53="","",SUMIFS(Calc!$OW$6:$OW$5005,Calc!$OT$6:$OT$5005,Calc!$B$8,Calc!$OU$6:$OU$5005,Table!$C53,Calc!$PB$6:$PB$5005,Table!K$6)),"") | ... O53: =IFERROR(IF($C53="","",SUMIFS(Calc!$OW$6:$OW$5005,Calc!$OT$6:$OT$5005,Calc!$B$8,Calc!$OU$6:$OU$5005,Table!$C53,Calc!$PB$6:$PB$5005,Table!O$6)),"") | P53: =IFERROR(IF($C53="","",SUM(D53:O53)),"")
C54: =IFERROR(IF(LEN(Menu!E34)=0,"",Menu!E34),"") | D54: =IFERROR(IF($C54="","",SUMIFS(Calc!$OW$6:$OW$5005,Calc!$OT$6:$OT$5005,Calc!$B$8,Calc!$OU$6:$OU$5005,Table!$C54,Calc!$PB$6:$PB$5005,Table!D$6)),"") | E54: =IFERROR(IF($C54="","",SUMIFS(Calc!$OW$6:$OW$5005,Calc!$OT$6:$OT$5005,Calc!$B$8,Calc!$OU$6:$OU$5005,Table!$C54,Calc!$PB$6:$PB$5005,Table!E$6)),"") | F54: =IFERROR(IF($C54="","",SUMIFS(Calc!$OW$6:$OW$5005,Calc!$OT$6:$OT$5005,Calc!$B$8,Calc!$OU$6:$OU$5005,Table!$C54,Calc!$PB$6:$PB$5005,Table!F$6)),"") | G54: =IFERROR(IF($C54="","",SUMIFS(Calc!$OW$6:$OW$5005,Calc!$OT$6:$OT$5005,Calc!$B$8,Calc!$OU$6:$OU$5005,Table!$C54,Calc!$PB$6:$PB$5005,Table!G$6)),"") | H54: =IFERROR(IF($C54="","",SUMIFS(Calc!$OW$6:$OW$5005,Calc!$OT$6:$OT$5005,Calc!$B$8,Calc!$OU$6:$OU$5005,Table!$C54,Calc!$PB$6:$PB$5005,Table!H$6)),"") | I54: =IFERROR(IF($C54="","",SUMIFS(Calc!$OW$6:$OW$5005,Calc!$OT$6:$OT$5005,Calc!$B$8,Calc!$OU$6:$OU$5005,Table!$C54,Calc!$PB$6:$PB$5005,Table!I$6)),"") | J54: =IFERROR(IF($C54="","",SUMIFS(Calc!$OW$6:$OW$5005,Calc!$OT$6:$OT$5005,Calc!$B$8,Calc!$OU$6:$OU$5005,Table!$C54,Calc!$PB$6:$PB$5005,Table!J$6)),"") | K54: =IFERROR(IF($C54="","",SUMIFS(Calc!$OW$6:$OW$5005,Calc!$OT$6:$OT$5005,Calc!$B$8,Calc!$OU$6:$OU$5005,Table!$C54,Calc!$PB$6:$PB$5005,Table!K$6)),"") | ... O54: =IFERROR(IF($C54="","",SUMIFS(Calc!$OW$6:$OW$5005,Calc!$OT$6:$OT$5005,Calc!$B$8,Calc!$OU$6:$OU$5005,Table!$C54,Calc!$PB$6:$PB$5005,Table!O$6)),"") | P54: =IFERROR(IF($C54="","",SUM(D54:O54)),"")
C55: =IFERROR(IF(LEN(Menu!E35)=0,"",Menu!E35),"") | D55: =IFERROR(IF($C55="","",SUMIFS(Calc!$OW$6:$OW$5005,Calc!$OT$6:$OT$5005,Calc!$B$8,Calc!$OU$6:$OU$5005,Table!$C55,Calc!$PB$6:$PB$5005,Table!D$6)),"") | E55: =IFERROR(IF($C55="","",SUMIFS(Calc!$OW$6:$OW$5005,Calc!$OT$6:$OT$5005,Calc!$B$8,Calc!$OU$6:$OU$5005,Table!$C55,Calc!$PB$6:$PB$5005,Table!E$6)),"") | F55: =IFERROR(IF($C55="","",SUMIFS(Calc!$OW$6:$OW$5005,Calc!$OT$6:$OT$5005,Calc!$B$8,Calc!$OU$6:$OU$5005,Table!$C55,Calc!$PB$6:$PB$5005,Table!F$6)),"") | G55: =IFERROR(IF($C55="","",SUMIFS(Calc!$OW$6:$OW$5005,Calc!$OT$6:$OT$5005,Calc!$B$8,Calc!$OU$6:$OU$5005,Table!$C55,Calc!$PB$6:$PB$5005,Table!G$6)),"") | H55: =IFERROR(IF($C55="","",SUMIFS(Calc!$OW$6:$OW$5005,Calc!$OT$6:$OT$5005,Calc!$B$8,Calc!$OU$6:$OU$5005,Table!$C55,Calc!$PB$6:$PB$5005,Table!H$6)),"") | I55: =IFERROR(IF($C55="","",SUMIFS(Calc!$OW$6:$OW$5005,Calc!$OT$6:$OT$5005,Calc!$B$8,Calc!$OU$6:$OU$5005,Table!$C55,Calc!$PB$6:$PB$5005,Table!I$6)),"") | J55: =IFERROR(IF($C55="","",SUMIFS(Calc!$OW$6:$OW$5005,Calc!$OT$6:$OT$5005,Calc!$B$8,Calc!$OU$6:$OU$5005,Table!$C55,Calc!$PB$6:$PB$5005,Table!J$6)),"") | K55: =IFERROR(IF($C55="","",SUMIFS(Calc!$OW$6:$OW$5005,Calc!$OT$6:$OT$5005,Calc!$B$8,Calc!$OU$6:$OU$5005,Table!$C55,Calc!$PB$6:$PB$5005,Table!K$6)),"") | ... O55: =IFERROR(IF($C55="","",SUMIFS(Calc!$OW$6:$OW$5005,Calc!$OT$6:$OT$5005,Calc!$B$8,Calc!$OU$6:$OU$5005,Table!$C55,Calc!$PB$6:$PB$5005,Table!O$6)),"") | P55: =IFERROR(IF($C55="","",SUM(D55:O55)),"")
... C73: =IFERROR(IF(LEN(Menu!E53)=0,"",Menu!E53),"") | D73: =IFERROR(IF($C73="","",SUMIFS(Calc!$OW$6:$OW$5005,Calc!$OT$6:$OT$5005,Calc!$B$8,Calc!$OU$6:$OU$5005,Table!$C73,Calc!$PB$6:$PB$5005,Table!D$6)),"") | E73: =IFERROR(IF($C73="","",SUMIFS(Calc!$OW$6:$OW$5005,Calc!$OT$6:$OT$5005,Calc!$B$8,Calc!$OU$6:$OU$5005,Table!$C73,Calc!$PB$6:$PB$5005,Table!E$6)),"") | F73: =IFERROR(IF($C73="","",SUMIFS(Calc!$OW$6:$OW$5005,Calc!$OT$6:$OT$5005,Calc!$B$8,Calc!$OU$6:$OU$5005,Table!$C73,Calc!$PB$6:$PB$5005,Table!F$6)),"") | G73: =IFERROR(IF($C73="","",SUMIFS(Calc!$OW$6:$OW$5005,Calc!$OT$6:$OT$5005,Calc!$B$8,Calc!$OU$6:$OU$5005,Table!$C73,Calc!$PB$6:$PB$5005,Table!G$6)),"") | H73: =IFERROR(IF($C73="","",SUMIFS(Calc!$OW$6:$OW$5005,Calc!$OT$6:$OT$5005,Calc!$B$8,Calc!$OU$6:$OU$5005,Table!$C73,Calc!$PB$6:$PB$5005,Table!H$6)),"") | I73: =IFERROR(IF($C73="","",SUMIFS(Calc!$OW$6:$OW$5005,Calc!$OT$6:$OT$5005,Calc!$B$8,Calc!$OU$6:$OU$5005,Table!$C73,Calc!$PB$6:$PB$5005,Table!I$6)),"") | J73: =IFERROR(IF($C73="","",SUMIFS(Calc!$OW$6:$OW$5005,Calc!$OT$6:$OT$5005,Calc!$B$8,Calc!$OU$6:$OU$5005,Table!$C73,Calc!$PB$6:$PB$5005,Table!J$6)),"") | K73: =IFERROR(IF($C73="","",SUMIFS(Calc!$OW$6:$OW$5005,Calc!$OT$6:$OT$5005,Calc!$B$8,Calc!$OU$6:$OU$5005,Table!$C73,Calc!$PB$6:$PB$5005,Table!K$6)),"") | ... O73: =IFERROR(IF($C73="","",SUMIFS(Calc!$OW$6:$OW$5005,Calc!$OT$6:$OT$5005,Calc!$B$8,Calc!$OU$6:$OU$5005,Table!$C73,Calc!$PB$6:$PB$5005,Table!O$6)),"") | P73: =IFERROR(IF($C73="","",SUM(D73:O73)),"")
C74: Expense Totals | D74: =IFERROR(SUM(D44:D73),"") -> 15000 | E74: =IFERROR(SUM(E44:E73),"") -> 2500 | F74: =IFERROR(SUM(F44:F73),"") -> 3500 | G74: =IFERROR(SUM(G44:G73),"") -> 3000 | H74: =IFERROR(SUM(H44:H73),"") -> 3500 | I74: =IFERROR(SUM(I44:I73),"") -> 3000 | J74: =IFERROR(SUM(J44:J73),"") -> 4500 | K74: =IFERROR(SUM(K44:K73),"") -> 2500 | ... O74: =IFERROR(SUM(O44:O73),"") -> 1000 | P74: =IFERROR(IF($C74="","",SUM(D74:O74)),"") -> 42500
C76: Monthly Cash Balance | D76: =IFERROR(D41-D74,"") -> 3500 | E76: =IFERROR(E41-E74,"") -> 4300 | F76: =IFERROR(F41-F74,"") -> 3300 | G76: =IFERROR(G41-G74,"") -> 5500 | H76: =IFERROR(H41-H74,"") -> 4300 | I76: =IFERROR(I41-I74,"") -> 3800 | J76: =IFERROR(J41-J74,"") -> 4000 | K76: =IFERROR(K41-K74,"") -> 5300 | ... P76: =IFERROR(P41-P74,"") -> 58800
C78: Closing Balance | D78: =IFERROR(D76+D8,"") -> 6300 | E78: =IFERROR(E76+E8,"") -> 10600 | F78: =IFERROR(F76+F8,"") -> 13900 | G78: =IFERROR(G76+G8,"") -> 19400 | H78: =IFERROR(H76+H8,"") -> 23700 | I78: =IFERROR(I76+I8,"") -> 27500 | J78: =IFERROR(J76+J8,"") -> 31500 | K78: =IFERROR(K76+K8,"") -> 36800 | ... P78: =IFERROR(P76+P8,"") -> 61600

Sheet Log
B2: COMPANY CASH FLOW PLANNER TEMPLATE
B3: TRANSACTION LOG
B5: =Calc!OP5 -> Date | C5: =Calc!OT5 -> Income/Expense | D5: =Calc!OU5 -> Category | E5: =Calc!OV5 -> Name | F5: =Calc!OW5 -> Amount | G5: =Calc!OX5 -> Type
B6: =IFERROR(IF(LEN(Calc!$OT6)=0,"",Calc!OP6),"") -> 45293 | C6: =IFERROR(IF(LEN(Calc!$OT6)=0,"",Calc!OT6),"") -> Expense | D6: =IFERROR(IF(LEN(Calc!$OT6)=0,"",Calc!OU6),"") -> Operating Expenses | E6: =IFERROR(IF(LEN(Calc!$OT6)=0,"",Calc!OV6),"") -> Wages | F6: =IFERROR(IF(LEN(Calc!$OT6)=0,"",Calc!OW6),"") -> 1000 | G6: =IFERROR(IF(LEN(Calc!$OT6)=0,"",Calc!OX6),"") -> Recurring
B7: =IFERROR(IF(LEN(Calc!$OT7)=0,"",Calc!OP7),"") -> 45293 | C7: =IFERROR(IF(LEN(Calc!$OT7)=0,"",Calc!OT7),"") -> Income | D7: =IFERROR(IF(LEN(Calc!$OT7)=0,"",Calc!OU7),"") -> Sales Revenue | E7: =IFERROR(IF(LEN(Calc!$OT7)=0,"",Calc!OV7),"") -> Sales from old factory | F7: =IFERROR(IF(LEN(Calc!$OT7)=0,"",Calc!OW7),"") -> 1500 | G7: =IFERROR(IF(LEN(Calc!$OT7)=0,"",Calc!OX7),"") -> Recurring
B8: =IFERROR(IF(LEN(Calc!$OT8)=0,"",Calc!OP8),"") -> 45293 | C8: =IFERROR(IF(LEN(Calc!$OT8)=0,"",Calc!OT8),"") -> Expense | D8: =IFERROR(IF(LEN(Calc!$OT8)=0,"",Calc!OU8),"") -> Lending | E8: =IFERROR(IF(LEN(Calc!$OT8)=0,"",Calc!OV8),"") -> Equipment Lending | F8: =IFERROR(IF(LEN(Calc!$OT8)=0,"",Calc!OW8),"") -> 500 | G8: =IFERROR(IF(LEN(Calc!$OT8)=0,"",Calc!OX8),"") -> Recurring
B9: =IFERROR(IF(LEN(Calc!$OT9)=0,"",Calc!OP9),"") -> 45293 | C9: =IFERROR(IF(LEN(Calc!$OT9)=0,"",Calc!OT9),"") -> Income | D9: =IFERROR(IF(LEN(Calc!$OT9)=0,"",Calc!OU9),"") -> Issuance of Debt | E9: =IFERROR(IF(LEN(Calc!$OT9)=0,"",Calc!OV9),"") -> Debt Issuance | F9: =IFERROR(IF(LEN(Calc!$OT9)=0,"",Calc!OW9),"") -> 200 | G9: =IFERROR(IF(LEN(Calc!$OT9)=0,"",Calc!OX9),"") -> Recurring
B10: =IFERROR(IF(LEN(Calc!$OT10)=0,"",Calc!OP10),"") -> 45300 | C10: =IFERROR(IF(LEN(Calc!$OT10)=0,"",Calc!OT10),"") -> Income | D10: =IFERROR(IF(LEN(Calc!$OT10)=0,"",Calc!OU10),"") -> Sales Revenue | E10: =IFERROR(IF(LEN(Calc!$OT10)=0,"",Calc!OV10),"") -> Sales from old factory | F10: =IFERROR(IF(LEN(Calc!$OT10)=0,"",Calc!OW10),"") -> 1500 | G10: =IFERROR(IF(LEN(Calc!$OT10)=0,"",Calc!OX10),"") -> Recurring
B11: =IFERROR(IF(LEN(Calc!$OT11)=0,"",Calc!OP11),"") -> 45300 | C11: =IFERROR(IF(LEN(Calc!$OT11)=0,"",Calc!OT11),"") -> Income | D11: =IFERROR(IF(LEN(Calc!$OT11)=0,"",Calc!OU11),"") -> Issuance of Debt | E11: =IFERROR(IF(LEN(Calc!$OT11)=0,"",Calc!OV11),"") -> Debt Issuance | F11: =IFERROR(IF(LEN(Calc!$OT11)=0,"",Calc!OW11),"") -> 200 | G11: =IFERROR(IF(LEN(Calc!$OT11)=0,"",Calc!OX11),"") -> Recurring
B12: =IFERROR(IF(LEN(Calc!$OT12)=0,"",Calc!OP12),"") -> 45307 | C12: =IFERROR(IF(LEN(Calc!$OT12)=0,"",Calc!OT12),"") -> Expense | D12: =IFERROR(IF(LEN(Calc!$OT12)=0,"",Calc!OU12),"") -> Operating Expenses | E12: =IFERROR(IF(LEN(Calc!$OT12)=0,"",Calc!OV12),"") -> Wages | F12: =IFERROR(IF(LEN(Calc!$OT12)=0,"",Calc!OW12),"") -> 1000 | G12: =IFERROR(IF(LEN(Calc!$OT12)=0,"",Calc!OX12),"") -> Recurring
B13: =IFERROR(IF(LEN(Calc!$OT13)=0,"",Calc!OP13),"") -> 45307 | C13: =IFERROR(IF(LEN(Calc!$OT13)=0,"",Calc!OT13),"") -> Income | D13: =IFERROR(IF(LEN(Calc!$OT13)=0,"",Calc!OU13),"") -> Sales Revenue | E13: =IFERROR(IF(LEN(Calc!$OT13)=0,"",Calc!OV13),"") -> Sales from old factory | F13: =IFERROR(IF(LEN(Calc!$OT13)=0,"",Calc!OW13),"") -> 1500 | G13: =IFERROR(IF(LEN(Calc!$OT13)=0,"",Calc!OX13),"") -> Recurring
B14: =IFERROR(IF(LEN(Calc!$OT14)=0,"",Calc!OP14),"") -> 45307 | C14: =IFERROR(IF(LEN(Calc!$OT14)=0,"",Calc!OT14),"") -> Income | D14: =IFERROR(IF(LEN(Calc!$OT14)=0,"",Calc!OU14),"") -> Issuance of Debt | E14: =IFERROR(IF(LEN(Calc!$OT14)=0,"",Calc!OV14),"") -> Debt Issuance | F14: =IFERROR(IF(LEN(Calc!$OT14)=0,"",Calc!OW14),"") -> 200 | G14: =IFERROR(IF(LEN(Calc!$OT14)=0,"",Calc!OX14),"") -> Recurring
B15: =IFERROR(IF(LEN(Calc!$OT15)=0,"",Calc!OP15),"") -> 45311 | C15: =IFERROR(IF(LEN(Calc!$OT15)=0,"",Calc!OT15),"") -> Income | D15: =IFERROR(IF(LEN(Calc!$OT15)=0,"",Calc!OU15),"") -> Property Sale | E15: =IFERROR(IF(LEN(Calc!$OT15)=0,"",Calc!OV15),"") -> Sales of the house | F15: =IFERROR(IF(LEN(Calc!$OT15)=0,"",Calc!OW15),"") -> 10000 | G15: =IFERROR(IF(LEN(Calc!$OT15)=0,"",Calc!OX15),"") -> One-time
B16: =IFERROR(IF(LEN(Calc!$OT16)=0,"",Calc!OP16),"") -> 45312 | C16: =IFERROR(IF(LEN(Calc!$OT16)=0,"",Calc!OT16),"") -> Expense | D16: =IFERROR(IF(LEN(Calc!$OT16)=0,"",Calc!OU16),"") -> Purchase of Property | E16: =IFERROR(IF(LEN(Calc!$OT16)=0,"",Calc!OV16),"") -> Purchase of the mill | F16: =IFERROR(IF(LEN(Calc!$OT16)=0,"",Calc!OW16),"") -> 11000 | G16: =IFERROR(IF(LEN(Calc!$OT16)=0,"",Calc!OX16),"") -> One-time
B17: =IFERROR(IF(LEN(Calc!$OT17)=0,"",Calc!OP17),"") -> 45314 | C17: =IFERROR(IF(LEN(Calc!$OT17)=0,"",Calc!OT17),"") -> Income | D17: =IFERROR(IF(LEN(Calc!$OT17)=0,"",Calc!OU17),"") -> Sales Revenue | E17: =IFERROR(IF(LEN(Calc!$OT17)=0,"",Calc!OV17),"") -> Sales from old factory | F17: =IFERROR(IF(LEN(Calc!$OT17)=0,"",Calc!OW17),"") -> 1500 | G17: =IFERROR(IF(LEN(Calc!$OT17)=0,"",Calc!OX17),"") -> Recurring
... B3005: =IFERROR(IF(LEN(Calc!$OT3005)=0,"",Calc!OP3005),"") | C3005: =IFERROR(IF(LEN(Calc!$OT3005)=0,"",Calc!OT3005),"") | D3005: =IFERROR(IF(LEN(Calc!$OT3005)=0,"",Calc!OU3005),"") | E3005: =IFERROR(IF(LEN(Calc!$OT3005)=0,"",Calc!OV3005),"") | F3005: =IFERROR(IF(LEN(Calc!$OT3005)=0,"",Calc!OW3005),"") | G3005: =IFERROR(IF(LEN(Calc!$OT3005)=0,"",Calc!OX3005),"")

Sheet Calc
B2: Dropdown Menus | Q2: Item Allocation Section (These are the list of all items) | AB2: Calendar (This section turns each recurring item into individual items. We check for the date for each individual expense or income, and bring the index of that item.) | OK2: Transaction Log (This section creates a list of all transactions. We use a helper of dates. Then count item # for each date.And we find the first and last rows. Then create list of dates and give the nth order for each item. Then we bring the item index from the calendar table. The rest are index match.) | PD2: Table Section | PN2: Dashboard Calculations
Q3: Task Max | R3: =IFERROR(MAX(COUNTIF(R6:R505,"?*"),1),500) -> 8 | Y3: Start Date | Z3: =IFERROR(IF(Menu!$H$23="",45292,Menu!$H$23),"") -> 45292 | ON3: Max Row | PD3: Max Number | PH3: Max Number
Q4: Col.Ind. | R4: =IFERROR(MATCH(R5,Input!$B$5:$J$5,0),1) -> 1 | S4: =IFERROR(MATCH(S5,Input!$B$5:$J$5,0),1) -> 2 | T4: =IFERROR(MATCH(T5,Input!$B$5:$J$5,0),1) -> 3 | U4: =IFERROR(MATCH(U5,Input!$B$5:$J$5,0),1) -> 4 | V4: =IFERROR(MATCH(V5,Input!$B$5:$J$5,0),1) -> 5 | W4: =IFERROR(MATCH(W5,Input!$B$5:$J$5,0),1) -> 6 | X4: =IFERROR(MATCH(X5,Input!$B$5:$J$5,0),1) -> 7 | Y4: =IFERROR(MATCH(Y5,Input!$B$5:$J$5,0),1) -> 8 | Z4: =IFERROR(MATCH(Z5,Input!$B$5:$J$5,0),1) -> 9 | AA4: Daily Count | AB4: =IFERROR(COUNT(AB$6:AB$17),0) -> 0 | AC4: =IFERROR(COUNT(AC$6:AC$17),0) -> 4 | AD4: =IFERROR(COUNT(AD$6:AD$17),0) -> 0 | AE4: =IFERROR(COUNT(AE$6:AE$17),0) -> 0 | AF4: =IFERROR(COUNT(AF$6:AF$17),0) -> 0 | AG4: =IFERROR(COUNT(AG$6:AG$17),0) -> 0 | AH4: =IFERROR(COUNT(AH$6:AH$17),0) -> 0 | AI4: =IFERROR(COUNT(AI$6:AI$17),0) -> 0 | ... OH4: =IFERROR(COUNT(OH$6:OH$17),0) -> 0 | ON4: =IFERROR(MAX($OO$6:$OO$3005),"") -> 145 | OS4: Header Index | OT4: =R4 -> 1 | OU4: =S4 -> 2 | OV4: =T4 -> 3 | OW4: =U4 -> 4 | OX4: =V4 -> 5 | PD4: =IFERROR(MAX(COUNTIF(PD7:PD36,"?*"),1),30) -> 6 | PH4: =IFERROR(MAX(COUNTIF(PH7:PH36,"?*"),1),30) -> 5
Q5: Row Ind. | R5: =IFERROR(Input!B5,"") -> Income/Expense | S5: =IFERROR(Input!C5,"") -> Category | T5: =IFERROR(Input!D5,"") -> Name | U5: =IFERROR(Input!E5,"") -> Amount | V5: =IFERROR(Input!F5,"") -> Type | W5: =IFERROR(Input!G5,"") -> Frequency | X5: =IFERROR(Input!H5,"") -> Every | Y5: =IFERROR(Input!I5,"") -> Start Date | Z5: =IFERROR(Input!J5,"") -> End Date | AA5: Frequence Number | AB5: =IFERROR(IF(Z3="","",Z3),"") -> 45292 | AC5: =IFERROR(IF($Z$3="","",AB5+1),"") -> 45293 | AD5: =IFERROR(IF($Z$3="","",AC5+1),"") -> 45294 | AE5: =IFERROR(IF($Z$3="","",AD5+1),"") -> 45295 | AF5: =IFERROR(IF($Z$3="","",AE5+1),"") -> 45296 | AG5: =IFERROR(IF($Z$3="","",AF5+1),"") -> 45297 | AH5: =IFERROR(IF($Z$3="","",AG5+1),"") -> 45298 | AI5: =IFERROR(IF($Z$3="","",AH5+1),"") -> 45299 | AJ5: =IFERROR(IF($Z$3="","",AI5+1),"") -> 45300 | ... OE5: =IFERROR(IF($Z$3="","",OD5+1),"") -> 45659 | OK5: Index | OL5: Helper | OM5: Daily Count | ON5: First row | OO5: Last Row | OP5: Date | OQ5: nth of Day | OR5: Day Index | OS5: Item Index | OT5: =R5 -> Income/Expense | OU5: =S5 -> Category | OV5: =T5 -> Name | OW5: =U5 -> Amount | OX5: =V5 -> Type | OY5: Day | OZ5: Month | PA5: Year | PB5: Month-Year | PD5: Income | PH5: Expense
B6: Income/Expense | D6: Weekly Frequency | E6: Monthly Frequency | F6: Number | H6: Starting Year | I6: =IFERROR(IF(Menu!H23="",2024,YEAR(Menu!$H$23)),2024) -> 2024 | K6: Order | L6: Month | M6: Ordered Month | N6: Ordered Year | O6: Combined | Q6: 1 | R6: =IFERROR(IF(INDEX(Scheduler[],$Q6,R$4)="","",INDEX(Scheduler[],$Q6,R$4)),"") -> Expense | S6: =IFERROR(IF(INDEX(Scheduler[],$Q6,S$4)="","",INDEX(Scheduler[],$Q6,S$4)),"") -> Operating Expenses | T6: =IFERROR(IF(INDEX(Scheduler[],$Q6,T$4)="","",INDEX(Scheduler[],$Q6,T$4)),"") -> Wages | U6: =IFERROR(IF(INDEX(Scheduler[],$Q6,U$4)="","",INDEX(Scheduler[],$Q6,U$4)),"") -> 1000 | V6: =IFERROR(IF(INDEX(Scheduler[],$Q6,V$4)="","",INDEX(Scheduler[],$Q6,V$4)),"") -> Recurring | W6: =IFERROR(IF(INDEX(Scheduler[],$Q6,W$4)="","",INDEX(Scheduler[],$Q6,W$4)),"") -> Weekly | X6: =IFERROR(IF(INDEX(Scheduler[],$Q6,X$4)="","",INDEX(Scheduler[],$Q6,X$4)),"") -> 2 weeks | Y6: =IFERROR(IF(INDEX(Scheduler[],$Q6,Y$4)="","",INDEX(Scheduler[],$Q6,Y$4)),"") -> 45293 | Z6: =IFERROR(IF(INDEX(Scheduler[],$Q6,Z$4)="","",INDEX(Scheduler[],$Q6,Z$4)),"") -> 45567 | AA6: =IFERROR(IF(LEN(R6)=0,"",IF(V6=$B$12,1,INDEX($F$7:$F$18,MATCH(X6,OFFSET($D$7,0,IF(W6=$B$16,0,1),12,1),0)))),"") -> 2 | AB6: =IFERROR(IF(OR($Y6>AB$5,$Z6<AB$5),"", IF(AND($V6=$B$12,$Y6=AB$5),$Q6, IF($W6=$B$15,$Q6, IF(AND($W6=$B$16,MOD(AB$5-$Y6,7)=0,MOD((AB$5-$Y6)/7,$AA6)=0),$Q6, IF(AND($W6=$B$17,OR(DAY($Y6)=DAY(AB$5),AND(DAY($Y6)>DAY(EOMONTH(AB$5,0)),DAY(AC$5)=1)),MOD(MONTH(AB$5)-MONTH($Y6),$AA6)=0),$Q6,""))))),"") | AC6: =IFERROR(IF(OR($Y6>AC$5,$Z6<AC$5),"", IF(AND($V6=$B$12,$Y6=AC$5),$Q6, IF($W6=$B$15,$Q6, IF(AND($W6=$B$16,MOD(AC$5-$Y6,7)=0,MOD((AC$5-$Y6)/7,$AA6)=0),$Q6, IF(AND($W6=$B$17,OR(DAY($Y6)=DAY(AC$5),AND(DAY($Y6)>DAY(EOMONTH(AC$5,0)),DAY(AD$5)=1)),MOD(MONTH(AC$5)-MONTH($Y6),$AA6)=0),$Q6,""))))),"") -> 1 | AD6: =IFERROR(IF(OR($Y6>AD$5,$Z6<AD$5),"", IF(AND($V6=$B$12,$Y6=AD$5),$Q6, IF($W6=$B$15,$Q6, IF(AND($W6=$B$16,MOD(AD$5-$Y6,7)=0,MOD((AD$5-$Y6)/7,$AA6)=0),$Q6, IF(AND($W6=$B$17,OR(DAY($Y6)=DAY(AD$5),AND(DAY($Y6)>DAY(EOMONTH(AD$5,0)),DAY(AE$5)=1)),MOD(MONTH(AD$5)-MONTH($Y6),$AA6)=0),$Q6,""))))),"") | AE6: =IFERROR(IF(OR($Y6>AE$5,$Z6<AE$5),"", IF(AND($V6=$B$12,$Y6=AE$5),$Q6, IF($W6=$B$15,$Q6, IF(AND($W6=$B$16,MOD(AE$5-$Y6,7)=0,MOD((AE$5-$Y6)/7,$AA6)=0),$Q6, IF(AND($W6=$B$17,OR(DAY($Y6)=DAY(AE$5),AND(DAY($Y6)>DAY(EOMONTH(AE$5,0)),DAY(AF$5)=1)),MOD(MONTH(AE$5)-MONTH($Y6),$AA6)=0),$Q6,""))))),"") | AF6: =IFERROR(IF(OR($Y6>AF$5,$Z6<AF$5),"", IF(AND($V6=$B$12,$Y6=AF$5),$Q6, IF($W6=$B$15,$Q6, IF(AND($W6=$B$16,MOD(AF$5-$Y6,7)=0,MOD((AF$5-$Y6)/7,$AA6)=0),$Q6, IF(AND($W6=$B$17,OR(DAY($Y6)=DAY(AF$5),AND(DAY($Y6)>DAY(EOMONTH(AF$5,0)),DAY(AG$5)=1)),MOD(MONTH(AF$5)-MONTH($Y6),$AA6)=0),$Q6,""))))),"") | AG6: =IFERROR(IF(OR($Y6>AG$5,$Z6<AG$5),"", IF(AND($V6=$B$12,$Y6=AG$5),$Q6, IF($W6=$B$15,$Q6, IF(AND($W6=$B$16,MOD(AG$5-$Y6,7)=0,MOD((AG$5-$Y6)/7,$AA6)=0),$Q6, IF(AND($W6=$B$17,OR(DAY($Y6)=DAY(AG$5),AND(DAY($Y6)>DAY(EOMONTH(AG$5,0)),DAY(AH$5)=1)),MOD(MONTH(AG$5)-MONTH($Y6),$AA6)=0),$Q6,""))))),"") | AH6: =IFERROR(IF(OR($Y6>AH$5,$Z6<AH$5),"", IF(AND($V6=$B$12,$Y6=AH$5),$Q6, IF($W6=$B$15,$Q6, IF(AND($W6=$B$16,MOD(AH$5-$Y6,7)=0,MOD((AH$5-$Y6)/7,$AA6)=0),$Q6, IF(AND($W6=$B$17,OR(DAY($Y6)=DAY(AH$5),AND(DAY($Y6)>DAY(EOMONTH(AH$5,0)),DAY(AI$5)=1)),MOD(MONTH(AH$5)-MONTH($Y6),$AA6)=0),$Q6,""))))),"") | AI6: =IFERROR(IF(OR($Y6>AI$5,$Z6<AI$5),"", IF(AND($V6=$B$12,$Y6=AI$5),$Q6, IF($W6=$B$15,$Q6, IF(AND($W6=$B$16,MOD(AI$5-$Y6,7)=0,MOD((AI$5-$Y6)/7,$AA6)=0),$Q6, IF(AND($W6=$B$17,OR(DAY($Y6)=DAY(AI$5),AND(DAY($Y6)>DAY(EOMONTH(AI$5,0)),DAY(AJ$5)=1)),MOD(MONTH(AI$5)-MONTH($Y6),$AA6)=0),$Q6,""))))),"") | ... OD6: =IFERROR(IF(OR($Y6>OD$5,$Z6<OD$5),"", IF(AND($V6=$B$12,$Y6=OD$5),$Q6, IF($W6=$B$15,$Q6, IF(AND($W6=$B$16,MOD(OD$5-$Y6,7)=0,MOD((OD$5-$Y6)/7,$AA6)=0),$Q6, IF(AND($W6=$B$17,OR(DAY($Y6)=DAY(OD$5),AND(DAY($Y6)>DAY(EOMONTH(OD$5,0)),DAY(OE$5)=1)),MOD(MONTH(OD$5)-MONTH($Y6),$AA6)=0),$Q6,""))))),"") | OK6: 1 | OL6: =AB5 -> 45292 | OM6: =IFERROR(INDEX($AB$4:$OH$4,1,OK6),"") -> 0 | ON6: =IFERROR(IF(OM6<1,"",SUM($OM$6:$OM6))-$OM6+1,"") | OO6: =IFERROR(IF(OM6<1,"",SUM($OM$6:$OM6)),"") | OP6: =IFERROR(IF(OK6>$ON$4,"",IF(ISNUMBER(MATCH(OK6,$ON$6:$ON$3005,0)),INDEX($OL$6:$OL$376,MATCH(OK6,$ON$6:$ON$3005,0)),OP5)),"") -> 45293 | OQ6: =IFERROR(IF(OK6>$ON$4,"",COUNTIF($OP$6:OP6,OP6)),"") -> 1 | OR6: =IFERROR(MATCH(OP6,$AB$5:$OH$5,0),"") -> 2 | OS6: {=IFERROR(IF(LEN(OP6)=0,"",INDEX(OFFSET($AA$6,0,OR6,500,1),SMALL(IF(ISNUMBER(OFFSET($AA$6,0,OR6,500,1)),ROW(OFFSET($AA$6,0,OR6,500,1))-ROW(AA$5)),OQ6))),"")} -> 1 | OT6: =IFERROR(INDEX(Calc!$R$6:$Z$17,Calc!$OS6,Calc!OT$4),"") -> Expense | OU6: =IFERROR(INDEX(Calc!$R$6:$Z$17,Calc!$OS6,Calc!OU$4),"") -> Operating Expenses | OV6: =IFERROR(INDEX(Calc!$R$6:$Z$17,Calc!$OS6,Calc!OV$4),"") -> Wages | OW6: =IFERROR(INDEX(Calc!$R$6:$Z$17,Calc!$OS6,Calc!OW$4),"") -> 1000 | OX6: =IFERROR(INDEX(Calc!$R$6:$Z$17,Calc!$OS6,Calc!OX$4),"") -> Recurring | OY6: =IFERROR(DAY(OP6),"") -> 2 | OZ6: =IFERROR(MONTH(OP6),"") -> 1 | PA6: =IFERROR(YEAR(OP6),"") -> 2024 | PB6: =IFERROR(INDEX($L$8:$L$19,OZ6)&" - "&PA6,"") -> Jan - 2024 | PD6: Category | PE6: Totals | PF6: Rank | PG6: Rank Helper | PH6: Category | PI6: Totals | PJ6: Rank | PK6: Rank Helper | PN6: Top Income
B7: Income | D7: Week | E7: Month | F7: 1 | H7: Starting Month | I7: =IFERROR(IF(Menu!H23="",1,MONTH(Menu!$H$23)),1) -> 1 | K7: 0 | O7: Entire 12-Month | Q7: 2 | R7: =IFERROR(IF(INDEX(Scheduler[],$Q7,R$4)="","",INDEX(Scheduler[],$Q7,R$4)),"") -> Expense | S7: =IFERROR(IF(INDEX(Scheduler[],$Q7,S$4)="","",INDEX(Scheduler[],$Q7,S$4)),"") -> Operating Expenses | T7: =IFERROR(IF(INDEX(Scheduler[],$Q7,T$4)="","",INDEX(Scheduler[],$Q7,T$4)),"") -> Marketing | U7: =IFERROR(IF(INDEX(Scheduler[],$Q7,U$4)="","",INDEX(Scheduler[],$Q7,U$4)),"") -> 500 | V7: =IFERROR(IF(INDEX(Scheduler[],$Q7,V$4)="","",INDEX(Scheduler[],$Q7,V$4)),"") -> Recurring | W7: =IFERROR(IF(INDEX(Scheduler[],$Q7,W$4)="","",INDEX(Scheduler[],$Q7,W$4)),"") -> Monthly | X7: =IFERROR(IF(INDEX(Scheduler[],$Q7,X$4)="","",INDEX(Scheduler[],$Q7,X$4)),"") -> Month | Y7: =IFERROR(IF(INDEX(Scheduler[],$Q7,Y$4)="","",INDEX(Scheduler[],$Q7,Y$4)),"") -> 45352 | Z7: =IFERROR(IF(INDEX(Scheduler[],$Q7,Z$4)="","",INDEX(Scheduler[],$Q7,Z$4)),"") -> 45474 | AA7: =IFERROR(IF(LEN(R7)=0,"",IF(V7=$B$12,1,INDEX($F$7:$F$18,MATCH(X7,OFFSET($D$7,0,IF(W7=$B$16,0,1),12,1),0)))),"") -> 1 | AB7: =IFERROR(IF(OR($Y7>AB$5,$Z7<AB$5),"", IF(AND($V7=$B$12,$Y7=AB$5),$Q7, IF($W7=$B$15,$Q7, IF(AND($W7=$B$16,MOD(AB$5-$Y7,7)=0,MOD((AB$5-$Y7)/7,$AA7)=0),$Q7, IF(AND($W7=$B$17,OR(DAY($Y7)=DAY(AB$5),AND(DAY($Y7)>DAY(EOMONTH(AB$5,0)),DAY(AC$5)=1)),MOD(MONTH(AB$5)-MONTH($Y7),$AA7)=0),$Q7,""))))),"") | AC7: =IFERROR(IF(OR($Y7>AC$5,$Z7<AC$5),"", IF(AND($V7=$B$12,$Y7=AC$5),$Q7, IF($W7=$B$15,$Q7, IF(AND($W7=$B$16,MOD(AC$5-$Y7,7)=0,MOD((AC$5-$Y7)/7,$AA7)=0),$Q7, IF(AND($W7=$B$17,OR(DAY($Y7)=DAY(AC$5),AND(DAY($Y7)>DAY(EOMONTH(AC$5,0)),DAY(AD$5)=1)),MOD(MONTH(AC$5)-MONTH($Y7),$AA7)=0),$Q7,""))))),"") | AD7: =IFERROR(IF(OR($Y7>AD$5,$Z7<AD$5),"", IF(AND($V7=$B$12,$Y7=AD$5),$Q7, IF($W7=$B$15,$Q7, IF(AND($W7=$B$16,MOD(AD$5-$Y7,7)=0,MOD((AD$5-$Y7)/7,$AA7)=0),$Q7, IF(AND($W7=$B$17,OR(DAY($Y7)=DAY(AD$5),AND(DAY($Y7)>DAY(EOMONTH(AD$5,0)),DAY(AE$5)=1)),MOD(MONTH(AD$5)-MONTH($Y7),$AA7)=0),$Q7,""))))),"") | AE7: =IFERROR(IF(OR($Y7>AE$5,$Z7<AE$5),"", IF(AND($V7=$B$12,$Y7=AE$5),$Q7, IF($W7=$B$15,$Q7, IF(AND($W7=$B$16,MOD(AE$5-$Y7,7)=0,MOD((AE$5-$Y7)/7,$AA7)=0),$Q7, IF(AND($W7=$B$17,OR(DAY($Y7)=DAY(AE$5),AND(DAY($Y7)>DAY(EOMONTH(AE$5,0)),DAY(AF$5)=1)),MOD(MONTH(AE$5)-MONTH($Y7),$AA7)=0),$Q7,""))))),"") | AF7: =IFERROR(IF(OR($Y7>AF$5,$Z7<AF$5),"", IF(AND($V7=$B$12,$Y7=AF$5),$Q7, IF($W7=$B$15,$Q7, IF(AND($W7=$B$16,MOD(AF$5-$Y7,7)=0,MOD((AF$5-$Y7)/7,$AA7)=0),$Q7, IF(AND($W7=$B$17,OR(DAY($Y7)=DAY(AF$5),AND(DAY($Y7)>DAY(EOMONTH(AF$5,0)),DAY(AG$5)=1)),MOD(MONTH(AF$5)-MONTH($Y7),$AA7)=0),$Q7,""))))),"") | AG7: =IFERROR(IF(OR($Y7>AG$5,$Z7<AG$5),"", IF(AND($V7=$B$12,$Y7=AG$5),$Q7, IF($W7=$B$15,$Q7, IF(AND($W7=$B$16,MOD(AG$5-$Y7,7)=0,MOD((AG$5-$Y7)/7,$AA7)=0),$Q7, IF(AND($W7=$B$17,OR(DAY($Y7)=DAY(AG$5),AND(DAY($Y7)>DAY(EOMONTH(AG$5,0)),DAY(AH$5)=1)),MOD(MONTH(AG$5)-MONTH($Y7),$AA7)=0),$Q7,""))))),"") | AH7: =IFERROR(IF(OR($Y7>AH$5,$Z7<AH$5),"", IF(AND($V7=$B$12,$Y7=AH$5),$Q7, IF($W7=$B$15,$Q7, IF(AND($W7=$B$16,MOD(AH$5-$Y7,7)=0,MOD((AH$5-$Y7)/7,$AA7)=0),$Q7, IF(AND($W7=$B$17,OR(DAY($Y7)=DAY(AH$5),AND(DAY($Y7)>DAY(EOMONTH(AH$5,0)),DAY(AI$5)=1)),MOD(MONTH(AH$5)-MONTH($Y7),$AA7)=0),$Q7,""))))),"") | AI7: =IFERROR(IF(OR($Y7>AI$5,$Z7<AI$5),"", IF(AND($V7=$B$12,$Y7=AI$5),$Q7, IF($W7=$B$15,$Q7, IF(AND($W7=$B$16,MOD(AI$5-$Y7,7)=0,MOD((AI$5-$Y7)/7,$AA7)=0),$Q7, IF(AND($W7=$B$17,OR(DAY($Y7)=DAY(AI$5),AND(DAY($Y7)>DAY(EOMONTH(AI$5,0)),DAY(AJ$5)=1)),MOD(MONTH(AI$5)-MONTH($Y7),$AA7)=0),$Q7,""))))),"") | ... OD7: =IFERROR(IF(OR($Y7>OD$5,$Z7<OD$5),"", IF(AND($V7=$B$12,$Y7=OD$5),$Q7, IF($W7=$B$15,$Q7, IF(AND($W7=$B$16,MOD(OD$5-$Y7,7)=0,MOD((OD$5-$Y7)/7,$AA7)=0),$Q7, IF(AND($W7=$B$17,OR(DAY($Y7)=DAY(OD$5),AND(DAY($Y7)>DAY(EOMONTH(OD$5,0)),DAY(OE$5)=1)),MOD(MONTH(OD$5)-MONTH($Y7),$AA7)=0),$Q7,""))))),"") | OK7: 2 | OL7: =IFERROR(OL6+1,"") -> 45293 | OM7: =IFERROR(INDEX($AB$4:$OH$4,1,OK7),"") -> 4 | ON7: =IFERROR(IF(OM7<1,"",SUM($OM$6:$OM7))-$OM7+1,"") -> 1 | OO7: =IFERROR(IF(OM7<1,"",SUM($OM$6:$OM7)),"") -> 4 | OP7: =IFERROR(IF(OK7>$ON$4,"",IF(ISNUMBER(MATCH(OK7,$ON$6:$ON$3005,0)),INDEX($OL$6:$OL$376,MATCH(OK7,$ON$6:$ON$3005,0)),OP6)),"") -> 45293 | OQ7: =IFERROR(IF(OK7>$ON$4,"",COUNTIF($OP$6:OP7,OP7)),"") -> 2 | OR7: =IFERROR(MATCH(OP7,$AB$5:$OH$5,0),"") -> 2 | OS7: {=IFERROR(IF(LEN(OP7)=0,"",INDEX(OFFSET($AA$6,0,OR7,500,1),SMALL(IF(ISNUMBER(OFFSET($AA$6,0,OR7,500,1)),ROW(OFFSET($AA$6,0,OR7,500,1))-ROW(AA$5)),OQ7))),"")} -> 3 | OT7: =IFERROR(INDEX(Calc!$R$6:$Z$17,Calc!$OS7,Calc!OT$4),"") -> Income | OU7: =IFERROR(INDEX(Calc!$R$6:$Z$17,Calc!$OS7,Calc!OU$4),"") -> Sales Revenue | OV7: =IFERROR(INDEX(Calc!$R$6:$Z$17,Calc!$OS7,Calc!OV$4),"") -> Sales from old factory | OW7: =IFERROR(INDEX(Calc!$R$6:$Z$17,Calc!$OS7,Calc!OW$4),"") -> 1500 | OX7: =IFERROR(INDEX(Calc!$R$6:$Z$17,Calc!$OS7,Calc!OX$4),"") -> Recurring | OY7: =IFERROR(DAY(OP7),"") -> 2 | OZ7: =IFERROR(MONTH(OP7),"") -> 1 | PA7: =IFERROR(YEAR(OP7),"") -> 2024 | PB7: =IFERROR(INDEX($L$8:$L$19,OZ7)&" - "&PA7,"") -> Jan - 2024 | PD7: =IFERROR(IF(LEN(Table!C11)=0,"",Table!C11),"") -> Sales Revenue | PE7: =IFERROR(IF(LEN(Table!C11)=0,"",INDEX(Table!$D$11:$P$40,ROW(Calc!PD7)-ROW(Calc!$PD$6),Calc!$PO$29)),"") -> 7500 | PF7: =IFERROR(RANK($PE7,$PE$7:$PE$36),"") -> 2 | PG7: =IFERROR(IF(COUNTIF($PF$7:PF7,PF7)>1,PF7+COUNTIF($PF$7:PF7,PF7)-1,PF7),"") -> 2 | PH7: =IFERROR(IF(LEN(Table!C44)=0,"",Table!C44),"") -> Operating Expenses | PI7: =IFERROR(IF(LEN(Table!C44)=0,"",INDEX(Table!$D$44:$P$73,ROW(Calc!PD7)-ROW(Calc!$PD$6),Calc!$PO$29)),"") -> 3000 | PJ7: =IFERROR(RANK($PI7,$PI$7:$PI$36),"") -> 2 | PK7: =IFERROR(IF(COUNTIF($PJ$7:PJ7,PJ7)>1,PJ7+COUNTIF($PJ$7:PJ7,PJ7)-1,PJ7),"") -> 2 | PN7: 1 | PO7: =IFERROR(INDEX($PD$7:$PD$36,MATCH(PN7,$PG$7:$PG$36,0)),"") -> Property Sale | PP7: =IFERROR(INDEX($PE$7:$PE$36,MATCH(PN7,$PG$7:$PG$36,0)),"") -> 10000
B8: Expense | D8: 2 weeks | E8: 2 months | F8: 2 | H8: Starting Day | I8: =IFERROR(IF(Menu!H23="",1,DAY(Menu!$H$23)),1) -> 1 | K8: 1 | L8: Jan | M8: =IFERROR(INDEX($L$8:$L$19,IF($I$9+K7>12,$I$9+K7-12,$I$9+K7)),L8) -> Jan | N8: =IFERROR(IF(LEN(I6)=0,2024,I6),2024) -> 2024 | O8: =IFERROR(M8&" - "&N8,"") -> Jan - 2024 | Q8: 3 | R8: =IFERROR(IF(INDEX(Scheduler[],$Q8,R$4)="","",INDEX(Scheduler[],$Q8,R$4)),"") -> Income | S8: =IFERROR(IF(INDEX(Scheduler[],$Q8,S$4)="","",INDEX(Scheduler[],$Q8,S$4)),"") -> Sales Revenue | T8: =IFERROR(IF(INDEX(Scheduler[],$Q8,T$4)="","",INDEX(Scheduler[],$Q8,T$4)),"") -> Sales from old factory | U8: =IFERROR(IF(INDEX(Scheduler[],$Q8,U$4)="","",INDEX(Scheduler[],$Q8,U$4)),"") -> 1500 | V8: =IFERROR(IF(INDEX(Scheduler[],$Q8,V$4)="","",INDEX(Scheduler[],$Q8,V$4)),"") -> Recurring | W8: =IFERROR(IF(INDEX(Scheduler[],$Q8,W$4)="","",INDEX(Scheduler[],$Q8,W$4)),"") -> Weekly | X8: =IFERROR(IF(INDEX(Scheduler[],$Q8,X$4)="","",INDEX(Scheduler[],$Q8,X$4)),"") -> Week | Y8: =IFERROR(IF(INDEX(Scheduler[],$Q8,Y$4)="","",INDEX(Scheduler[],$Q8,Y$4)),"") -> 45293 | Z8: =IFERROR(IF(INDEX(Scheduler[],$Q8,Z$4)="","",INDEX(Scheduler[],$Q8,Z$4)),"") -> 45657 | AA8: =IFERROR(IF(LEN(R8)=0,"",IF(V8=$B$12,1,INDEX($F$7:$F$18,MATCH(X8,OFFSET($D$7,0,IF(W8=$B$16,0,1),12,1),0)))),"") -> 1 | AB8: =IFERROR(IF(OR($Y8>AB$5,$Z8<AB$5),"", IF(AND($V8=$B$12,$Y8=AB$5),$Q8, IF($W8=$B$15,$Q8, IF(AND($W8=$B$16,MOD(AB$5-$Y8,7)=0,MOD((AB$5-$Y8)/7,$AA8)=0),$Q8, IF(AND($W8=$B$17,OR(DAY($Y8)=DAY(AB$5),AND(DAY($Y8)>DAY(EOMONTH(AB$5,0)),DAY(AC$5)=1)),MOD(MONTH(AB$5)-MONTH($Y8),$AA8)=0),$Q8,""))))),"") | AC8: =IFERROR(IF(OR($Y8>AC$5,$Z8<AC$5),"", IF(AND($V8=$B$12,$Y8=AC$5),$Q8, IF($W8=$B$15,$Q8, IF(AND($W8=$B$16,MOD(AC$5-$Y8,7)=0,MOD((AC$5-$Y8)/7,$AA8)=0),$Q8, IF(AND($W8=$B$17,OR(DAY($Y8)=DAY(AC$5),AND(DAY($Y8)>DAY(EOMONTH(AC$5,0)),DAY(AD$5)=1)),MOD(MONTH(AC$5)-MONTH($Y8),$AA8)=0),$Q8,""))))),"") -> 3 | AD8: =IFERROR(IF(OR($Y8>AD$5,$Z8<AD$5),"", IF(AND($V8=$B$12,$Y8=AD$5),$Q8, IF($W8=$B$15,$Q8, IF(AND($W8=$B$16,MOD(AD$5-$Y8,7)=0,MOD((AD$5-$Y8)/7,$AA8)=0),$Q8, IF(AND($W8=$B$17,OR(DAY($Y8)=DAY(AD$5),AND(DAY($Y8)>DAY(EOMONTH(AD$5,0)),DAY(AE$5)=1)),MOD(MONTH(AD$5)-MONTH($Y8),$AA8)=0),$Q8,""))))),"") | AE8: =IFERROR(IF(OR($Y8>AE$5,$Z8<AE$5),"", IF(AND($V8=$B$12,$Y8=AE$5),$Q8, IF($W8=$B$15,$Q8, IF(AND($W8=$B$16,MOD(AE$5-$Y8,7)=0,MOD((AE$5-$Y8)/7,$AA8)=0),$Q8, IF(AND($W8=$B$17,OR(DAY($Y8)=DAY(AE$5),AND(DAY($Y8)>DAY(EOMONTH(AE$5,0)),DAY(AF$5)=1)),MOD(MONTH(AE$5)-MONTH($Y8),$AA8)=0),$Q8,""))))),"") | AF8: =IFERROR(IF(OR($Y8>AF$5,$Z8<AF$5),"", IF(AND($V8=$B$12,$Y8=AF$5),$Q8, IF($W8=$B$15,$Q8, IF(AND($W8=$B$16,MOD(AF$5-$Y8,7)=0,MOD((AF$5-$Y8)/7,$AA8)=0),$Q8, IF(AND($W8=$B$17,OR(DAY($Y8)=DAY(AF$5),AND(DAY($Y8)>DAY(EOMONTH(AF$5,0)),DAY(AG$5)=1)),MOD(MONTH(AF$5)-MONTH($Y8),$AA8)=0),$Q8,""))))),"") | AG8: =IFERROR(IF(OR($Y8>AG$5,$Z8<AG$5),"", IF(AND($V8=$B$12,$Y8=AG$5),$Q8, IF($W8=$B$15,$Q8, IF(AND($W8=$B$16,MOD(AG$5-$Y8,7)=0,MOD((AG$5-$Y8)/7,$AA8)=0),$Q8, IF(AND($W8=$B$17,OR(DAY($Y8)=DAY(AG$5),AND(DAY($Y8)>DAY(EOMONTH(AG$5,0)),DAY(AH$5)=1)),MOD(MONTH(AG$5)-MONTH($Y8),$AA8)=0),$Q8,""))))),"") | AH8: =IFERROR(IF(OR($Y8>AH$5,$Z8<AH$5),"", IF(AND($V8=$B$12,$Y8=AH$5),$Q8, IF($W8=$B$15,$Q8, IF(AND($W8=$B$16,MOD(AH$5-$Y8,7)=0,MOD((AH$5-$Y8)/7,$AA8)=0),$Q8, IF(AND($W8=$B$17,OR(DAY($Y8)=DAY(AH$5),AND(DAY($Y8)>DAY(EOMONTH(AH$5,0)),DAY(AI$5)=1)),MOD(MONTH(AH$5)-MONTH($Y8),$AA8)=0),$Q8,""))))),"") | AI8: =IFERROR(IF(OR($Y8>AI$5,$Z8<AI$5),"", IF(AND($V8=$B$12,$Y8=AI$5),$Q8, IF($W8=$B$15,$Q8, IF(AND($W8=$B$16,MOD(AI$5-$Y8,7)=0,MOD((AI$5-$Y8)/7,$AA8)=0),$Q8, IF(AND($W8=$B$17,OR(DAY($Y8)=DAY(AI$5),AND(DAY($Y8)>DAY(EOMONTH(AI$5,0)),DAY(AJ$5)=1)),MOD(MONTH(AI$5)-MONTH($Y8),$AA8)=0),$Q8,""))))),"") | ... OD8: =IFERROR(IF(OR($Y8>OD$5,$Z8<OD$5),"", IF(AND($V8=$B$12,$Y8=OD$5),$Q8, IF($W8=$B$15,$Q8, IF(AND($W8=$B$16,MOD(OD$5-$Y8,7)=0,MOD((OD$5-$Y8)/7,$AA8)=0),$Q8, IF(AND($W8=$B$17,OR(DAY($Y8)=DAY(OD$5),AND(DAY($Y8)>DAY(EOMONTH(OD$5,0)),DAY(OE$5)=1)),MOD(MONTH(OD$5)-MONTH($Y8),$AA8)=0),$Q8,""))))),"") | OK8: 3 | OL8: =IFERROR(OL7+1,"") -> 45294 | OM8: =IFERROR(INDEX($AB$4:$OH$4,1,OK8),"") -> 0 | ON8: =IFERROR(IF(OM8<1,"",SUM($OM$6:$OM8))-$OM8+1,"") | OO8: =IFERROR(IF(OM8<1,"",SUM($OM$6:$OM8)),"") | OP8: =IFERROR(IF(OK8>$ON$4,"",IF(ISNUMBER(MATCH(OK8,$ON$6:$ON$3005,0)),INDEX($OL$6:$OL$376,MATCH(OK8,$ON$6:$ON$3005,0)),OP7)),"") -> 45293 | OQ8: =IFERROR(IF(OK8>$ON$4,"",COUNTIF($OP$6:OP8,OP8)),"") -> 3 | OR8: =IFERROR(MATCH(OP8,$AB$5:$OH$5,0),"") -> 2 | OS8: {=IFERROR(IF(LEN(OP8)=0,"",INDEX(OFFSET($AA$6,0,OR8,500,1),SMALL(IF(ISNUMBER(OFFSET($AA$6,0,OR8,500,1)),ROW(OFFSET($AA$6,0,OR8,500,1))-ROW(AA$5)),OQ8))),"")} -> 5 | OT8: =IFERROR(INDEX(Calc!$R$6:$Z$17,Calc!$OS8,Calc!OT$4),"") -> Expense | OU8: =IFERROR(INDEX(Calc!$R$6:$Z$17,Calc!$OS8,Calc!OU$4),"") -> Lending | OV8: =IFERROR(INDEX(Calc!$R$6:$Z$17,Calc!$OS8,Calc!OV$4),"") -> Equipment Lending | OW8: =IFERROR(INDEX(Calc!$R$6:$Z$17,Calc!$OS8,Calc!OW$4),"") -> 500 | OX8: =IFERROR(INDEX(Calc!$R$6:$Z$17,Calc!$OS8,Calc!OX$4),"") -> Recurring | OY8: =IFERROR(DAY(OP8),"") -> 2 | OZ8: =IFERROR(MONTH(OP8),"") -> 1 | PA8: =IFERROR(YEAR(OP8),"") -> 2024 | PB8: =IFERROR(INDEX($L$8:$L$19,OZ8)&" - "&PA8,"") -> Jan - 2024 | PD8: =IFERROR(IF(LEN(Table!C12)=0,"",Table!C12),"") -> Property Sale | PE8: =IFERROR(IF(LEN(Table!C12)=0,"",INDEX(Table!$D$11:$P$40,ROW(Calc!PD8)-ROW(Calc!$PD$6),Calc!$PO$29)),"") -> 10000 | PF8: =IFERROR(RANK($PE8,$PE$7:$PE$36),"") -> 1 | PG8: =IFERROR(IF(COUNTIF($PF$7:PF8,PF8)>1,PF8+COUNTIF($PF$7:PF8,PF8)-1,PF8),"") -> 1 | PH8: =IFERROR(IF(LEN(Table!C45)=0,"",Table!C45),"") -> Lending | PI8: =IFERROR(IF(LEN(Table!C45)=0,"",INDEX(Table!$D$44:$P$73,ROW(Calc!PD8)-ROW(Calc!$PD$6),Calc!$PO$29)),"") -> 1000 | PJ8: =IFERROR(RANK($PI8,$PI$7:$PI$36),"") -> 3 | PK8: =IFERROR(IF(COUNTIF($PJ$7:PJ8,PJ8)>1,PJ8+COUNTIF($PJ$7:PJ8,PJ8)-1,PJ8),"") -> 3 | PN8: 2 | PO8: =IFERROR(INDEX($PD$7:$PD$36,MATCH(PN8,$PG$7:$PG$36,0)),"") -> Sales Revenue | PP8: =IFERROR(INDEX($PE$7:$PE$36,MATCH(PN8,$PG$7:$PG$36,0)),"") -> 7500
D9: 3 weeks | E9: 3 months | F9: 3 | H9: Starting Index | I9: =IFERROR(MATCH(I7,K8:K19,0),1) -> 1 | K9: 2 | L9: Feb | M9: =IFERROR(INDEX($L$8:$L$19,IF($I$9+K8>12,$I$9+K8-12,$I$9+K8)),L9) -> Feb | N9: =IFERROR(IF(M8=$L$19,N8+1,N8),2024) -> 2024 | O9: =IFERROR(M9&" - "&N9,"") -> Feb - 2024 | Q9: 4 | R9: =IFERROR(IF(INDEX(Scheduler[],$Q9,R$4)="","",INDEX(Scheduler[],$Q9,R$4)),"") -> Income | S9: =IFERROR(IF(INDEX(Scheduler[],$Q9,S$4)="","",INDEX(Scheduler[],$Q9,S$4)),"") -> Property Sale | T9: =IFERROR(IF(INDEX(Scheduler[],$Q9,T$4)="","",INDEX(Scheduler[],$Q9,T$4)),"") -> Sales of the house | U9: =IFERROR(IF(INDEX(Scheduler[],$Q9,U$4)="","",INDEX(Scheduler[],$Q9,U$4)),"") -> 10000 | V9: =IFERROR(IF(INDEX(Scheduler[],$Q9,V$4)="","",INDEX(Scheduler[],$Q9,V$4)),"") -> One-time | W9: =IFERROR(IF(INDEX(Scheduler[],$Q9,W$4)="","",INDEX(Scheduler[],$Q9,W$4)),"") | X9: =IFERROR(IF(INDEX(Scheduler[],$Q9,X$4)="","",INDEX(Scheduler[],$Q9,X$4)),"") | Y9: =IFERROR(IF(INDEX(Scheduler[],$Q9,Y$4)="","",INDEX(Scheduler[],$Q9,Y$4)),"") -> 45311 | Z9: =IFERROR(IF(INDEX(Scheduler[],$Q9,Z$4)="","",INDEX(Scheduler[],$Q9,Z$4)),"") | AA9: =IFERROR(IF(LEN(R9)=0,"",IF(V9=$B$12,1,INDEX($F$7:$F$18,MATCH(X9,OFFSET($D$7,0,IF(W9=$B$16,0,1),12,1),0)))),"") -> 1 | AB9: =IFERROR(IF(OR($Y9>AB$5,$Z9<AB$5),"", IF(AND($V9=$B$12,$Y9=AB$5),$Q9, IF($W9=$B$15,$Q9, IF(AND($W9=$B$16,MOD(AB$5-$Y9,7)=0,MOD((AB$5-$Y9)/7,$AA9)=0),$Q9, IF(AND($W9=$B$17,OR(DAY($Y9)=DAY(AB$5),AND(DAY($Y9)>DAY(EOMONTH(AB$5,0)),DAY(AC$5)=1)),MOD(MONTH(AB$5)-MONTH($Y9),$AA9)=0),$Q9,""))))),"") | AC9: =IFERROR(IF(OR($Y9>AC$5,$Z9<AC$5),"", IF(AND($V9=$B$12,$Y9=AC$5),$Q9, IF($W9=$B$15,$Q9, IF(AND($W9=$B$16,MOD(AC$5-$Y9,7)=0,MOD((AC$5-$Y9)/7,$AA9)=0),$Q9, IF(AND($W9=$B$17,OR(DAY($Y9)=DAY(AC$5),AND(DAY($Y9)>DAY(EOMONTH(AC$5,0)),DAY(AD$5)=1)),MOD(MONTH(AC$5)-MONTH($Y9),$AA9)=0),$Q9,""))))),"") | AD9: =IFERROR(IF(OR($Y9>AD$5,$Z9<AD$5),"", IF(AND($V9=$B$12,$Y9=AD$5),$Q9, IF($W9=$B$15,$Q9, IF(AND($W9=$B$16,MOD(AD$5-$Y9,7)=0,MOD((AD$5-$Y9)/7,$AA9)=0),$Q9, IF(AND($W9=$B$17,OR(DAY($Y9)=DAY(AD$5),AND(DAY($Y9)>DAY(EOMONTH(AD$5,0)),DAY(AE$5)=1)),MOD(MONTH(AD$5)-MONTH($Y9),$AA9)=0),$Q9,""))))),"") | AE9: =IFERROR(IF(OR($Y9>AE$5,$Z9<AE$5),"", IF(AND($V9=$B$12,$Y9=AE$5),$Q9, IF($W9=$B$15,$Q9, IF(AND($W9=$B$16,MOD(AE$5-$Y9,7)=0,MOD((AE$5-$Y9)/7,$AA9)=0),$Q9, IF(AND($W9=$B$17,OR(DAY($Y9)=DAY(AE$5),AND(DAY($Y9)>DAY(EOMONTH(AE$5,0)),DAY(AF$5)=1)),MOD(MONTH(AE$5)-MONTH($Y9),$AA9)=0),$Q9,""))))),"") | AF9: =IFERROR(IF(OR($Y9>AF$5,$Z9<AF$5),"", IF(AND($V9=$B$12,$Y9=AF$5),$Q9, IF($W9=$B$15,$Q9, IF(AND($W9=$B$16,MOD(AF$5-$Y9,7)=0,MOD((AF$5-$Y9)/7,$AA9)=0),$Q9, IF(AND($W9=$B$17,OR(DAY($Y9)=DAY(AF$5),AND(DAY($Y9)>DAY(EOMONTH(AF$5,0)),DAY(AG$5)=1)),MOD(MONTH(AF$5)-MONTH($Y9),$AA9)=0),$Q9,""))))),"") | AG9: =IFERROR(IF(OR($Y9>AG$5,$Z9<AG$5),"", IF(AND($V9=$B$12,$Y9=AG$5),$Q9, IF($W9=$B$15,$Q9, IF(AND($W9=$B$16,MOD(AG$5-$Y9,7)=0,MOD((AG$5-$Y9)/7,$AA9)=0),$Q9, IF(AND($W9=$B$17,OR(DAY($Y9)=DAY(AG$5),AND(DAY($Y9)>DAY(EOMONTH(AG$5,0)),DAY(AH$5)=1)),MOD(MONTH(AG$5)-MONTH($Y9),$AA9)=0),$Q9,""))))),"") | AH9: =IFERROR(IF(OR($Y9>AH$5,$Z9<AH$5),"", IF(AND($V9=$B$12,$Y9=AH$5),$Q9, IF($W9=$B$15,$Q9, IF(AND($W9=$B$16,MOD(AH$5-$Y9,7)=0,MOD((AH$5-$Y9)/7,$AA9)=0),$Q9, IF(AND($W9=$B$17,OR(DAY($Y9)=DAY(AH$5),AND(DAY($Y9)>DAY(EOMONTH(AH$5,0)),DAY(AI$5)=1)),MOD(MONTH(AH$5)-MONTH($Y9),$AA9)=0),$Q9,""))))),"") | AI9: =IFERROR(IF(OR($Y9>AI$5,$Z9<AI$5),"", IF(AND($V9=$B$12,$Y9=AI$5),$Q9, IF($W9=$B$15,$Q9, IF(AND($W9=$B$16,MOD(AI$5-$Y9,7)=0,MOD((AI$5-$Y9)/7,$AA9)=0),$Q9, IF(AND($W9=$B$17,OR(DAY($Y9)=DAY(AI$5),AND(DAY($Y9)>DAY(EOMONTH(AI$5,0)),DAY(AJ$5)=1)),MOD(MONTH(AI$5)-MONTH($Y9),$AA9)=0),$Q9,""))))),"") | ... OD9: =IFERROR(IF(OR($Y9>OD$5,$Z9<OD$5),"", IF(AND($V9=$B$12,$Y9=OD$5),$Q9, IF($W9=$B$15,$Q9, IF(AND($W9=$B$16,MOD(OD$5-$Y9,7)=0,MOD((OD$5-$Y9)/7,$AA9)=0),$Q9, IF(AND($W9=$B$17,OR(DAY($Y9)=DAY(OD$5),AND(DAY($Y9)>DAY(EOMONTH(OD$5,0)),DAY(OE$5)=1)),MOD(MONTH(OD$5)-MONTH($Y9),$AA9)=0),$Q9,""))))),"") | OK9: 4 | OL9: =IFERROR(OL8+1,"") -> 45295 | OM9: =IFERROR(INDEX($AB$4:$OH$4,1,OK9),"") -> 0 | ON9: =IFERROR(IF(OM9<1,"",SUM($OM$6:$OM9))-$OM9+1,"") | OO9: =IFERROR(IF(OM9<1,"",SUM($OM$6:$OM9)),"") | OP9: =IFERROR(IF(OK9>$ON$4,"",IF(ISNUMBER(MATCH(OK9,$ON$6:$ON$3005,0)),INDEX($OL$6:$OL$376,MATCH(OK9,$ON$6:$ON$3005,0)),OP8)),"") -> 45293 | OQ9: =IFERROR(IF(OK9>$ON$4,"",COUNTIF($OP$6:OP9,OP9)),"") -> 4 | OR9: =IFERROR(MATCH(OP9,$AB$5:$OH$5,0),"") -> 2 | OS9: {=IFERROR(IF(LEN(OP9)=0,"",INDEX(OFFSET($AA$6,0,OR9,500,1),SMALL(IF(ISNUMBER(OFFSET($AA$6,0,OR9,500,1)),ROW(OFFSET($AA$6,0,OR9,500,1))-ROW(AA$5)),OQ9))),"")} -> 6 | OT9: =IFERROR(INDEX(Calc!$R$6:$Z$17,Calc!$OS9,Calc!OT$4),"") -> Income | OU9: =IFERROR(INDEX(Calc!$R$6:$Z$17,Calc!$OS9,Calc!OU$4),"") -> Issuance of Debt | OV9: =IFERROR(INDEX(Calc!$R$6:$Z$17,Calc!$OS9,Calc!OV$4),"") -> Debt Issuance | OW9: =IFERROR(INDEX(Calc!$R$6:$Z$17,Calc!$OS9,Calc!OW$4),"") -> 200 | OX9: =IFERROR(INDEX(Calc!$R$6:$Z$17,Calc!$OS9,Calc!OX$4),"") -> Recurring | OY9: =IFERROR(DAY(OP9),"") -> 2 | OZ9: =IFERROR(MONTH(OP9),"") -> 1 | PA9: =IFERROR(YEAR(OP9),"") -> 2024 | PB9: =IFERROR(INDEX($L$8:$L$19,OZ9)&" - "&PA9,"") -> Jan - 2024 | PD9: =IFERROR(IF(LEN(Table!C13)=0,"",Table!C13),"") -> Loan Collection | PE9: =IFERROR(IF(LEN(Table!C13)=0,"",INDEX(Table!$D$11:$P$40,ROW(Calc!PD9)-ROW(Calc!$PD$6),Calc!$PO$29)),"") -> 0 | PF9: =IFERROR(RANK($PE9,$PE$7:$PE$36),"") -> 4 | PG9: =IFERROR(IF(COUNTIF($PF$7:PF9,PF9)>1,PF9+COUNTIF($PF$7:PF9,PF9)-1,PF9),"") -> 4 | PH9: =IFERROR(IF(LEN(Table!C46)=0,"",Table!C46),"") -> Purchase of Property | PI9: =IFERROR(IF(LEN(Table!C46)=0,"",INDEX(Table!$D$44:$P$73,ROW(Calc!PD9)-ROW(Calc!$PD$6),Calc!$PO$29)),"") -> 11000 | PJ9: =IFERROR(RANK($PI9,$PI$7:$PI$36),"") -> 1 | PK9: =IFERROR(IF(COUNTIF($PJ$7:PJ9,PJ9)>1,PJ9+COUNTIF($PJ$7:PJ9,PJ9)-1,PJ9),"") -> 1 | PN9: 3 | PO9: =IFERROR(INDEX($PD$7:$PD$36,MATCH(PN9,$PG$7:$PG$36,0)),"") -> Issuance of Debt | PP9: =IFERROR(INDEX($PE$7:$PE$36,MATCH(PN9,$PG$7:$PG$36,0)),"") -> 1000
B10: Type | D10: 4 weeks | E10: 4 months | F10: 4 | K10: 3 | L10: Mar | M10: =IFERROR(INDEX($L$8:$L$19,IF($I$9+K9>12,$I$9+K9-12,$I$9+K9)),L10) -> Mar | N10: =IFERROR(IF(M9=$L$19,N9+1,N9),2024) -> 2024 | O10: =IFERROR(M10&" - "&N10,"") -> Mar - 2024 | Q10: 5 | R10: =IFERROR(IF(INDEX(Scheduler[],$Q10,R$4)="","",INDEX(Scheduler[],$Q10,R$4)),"") -> Expense | S10: =IFERROR(IF(INDEX(Scheduler[],$Q10,S$4)="","",INDEX(Scheduler[],$Q10,S$4)),"") -> Lending | T10: =IFERROR(IF(INDEX(Scheduler[],$Q10,T$4)="","",INDEX(Scheduler[],$Q10,T$4)),"") -> Equipment Lending | U10: =IFERROR(IF(INDEX(Scheduler[],$Q10,U$4)="","",INDEX(Scheduler[],$Q10,U$4)),"") -> 500 | V10: =IFERROR(IF(INDEX(Scheduler[],$Q10,V$4)="","",INDEX(Scheduler[],$Q10,V$4)),"") -> Recurring | W10: =IFERROR(IF(INDEX(Scheduler[],$Q10,W$4)="","",INDEX(Scheduler[],$Q10,W$4)),"") -> Weekly | X10: =IFERROR(IF(INDEX(Scheduler[],$Q10,X$4)="","",INDEX(Scheduler[],$Q10,X$4)),"") -> 3 weeks | Y10: =IFERROR(IF(INDEX(Scheduler[],$Q10,Y$4)="","",INDEX(Scheduler[],$Q10,Y$4)),"") -> 45293 | Z10: =IFERROR(IF(INDEX(Scheduler[],$Q10,Z$4)="","",INDEX(Scheduler[],$Q10,Z$4)),"") -> 45657 | AA10: =IFERROR(IF(LEN(R10)=0,"",IF(V10=$B$12,1,INDEX($F$7:$F$18,MATCH(X10,OFFSET($D$7,0,IF(W10=$B$16,0,1),12,1),0)))),"") -> 3 | AB10: =IFERROR(IF(OR($Y10>AB$5,$Z10<AB$5),"", IF(AND($V10=$B$12,$Y10=AB$5),$Q10, IF($W10=$B$15,$Q10, IF(AND($W10=$B$16,MOD(AB$5-$Y10,7)=0,MOD((AB$5-$Y10)/7,$AA10)=0),$Q10, IF(AND($W10=$B$17,OR(DAY($Y10)=DAY(AB$5),AND(DAY($Y10)>DAY(EOMONTH(AB$5,0)),DAY(AC$5)=1)),MOD(MONTH(AB$5)-MONTH($Y10),$AA10)=0),$Q10,""))))),"") | AC10: =IFERROR(IF(OR($Y10>AC$5,$Z10<AC$5),"", IF(AND($V10=$B$12,$Y10=AC$5),$Q10, IF($W10=$B$15,$Q10, IF(AND($W10=$B$16,MOD(AC$5-$Y10,7)=0,MOD((AC$5-$Y10)/7,$AA10)=0),$Q10, IF(AND($W10=$B$17,OR(DAY($Y10)=DAY(AC$5),AND(DAY($Y10)>DAY(EOMONTH(AC$5,0)),DAY(AD$5)=1)),MOD(MONTH(AC$5)-MONTH($Y10),$AA10)=0),$Q10,""))))),"") -> 5 | AD10: =IFERROR(IF(OR($Y10>AD$5,$Z10<AD$5),"", IF(AND($V10=$B$12,$Y10=AD$5),$Q10, IF($W10=$B$15,$Q10, IF(AND($W10=$B$16,MOD(AD$5-$Y10,7)=0,MOD((AD$5-$Y10)/7,$AA10)=0),$Q10, IF(AND($W10=$B$17,OR(DAY($Y10)=DAY(AD$5),AND(DAY($Y10)>DAY(EOMONTH(AD$5,0)),DAY(AE$5)=1)),MOD(MONTH(AD$5)-MONTH($Y10),$AA10)=0),$Q10,""))))),"") | AE10: =IFERROR(IF(OR($Y10>AE$5,$Z10<AE$5),"", IF(AND($V10=$B$12,$Y10=AE$5),$Q10, IF($W10=$B$15,$Q10, IF(AND($W10=$B$16,MOD(AE$5-$Y10,7)=0,MOD((AE$5-$Y10)/7,$AA10)=0),$Q10, IF(AND($W10=$B$17,OR(DAY($Y10)=DAY(AE$5),AND(DAY($Y10)>DAY(EOMONTH(AE$5,0)),DAY(AF$5)=1)),MOD(MONTH(AE$5)-MONTH($Y10),$AA10)=0),$Q10,""))))),"") | AF10: =IFERROR(IF(OR($Y10>AF$5,$Z10<AF$5),"", IF(AND($V10=$B$12,$Y10=AF$5),$Q10, IF($W10=$B$15,$Q10, IF(AND($W10=$B$16,MOD(AF$5-$Y10,7)=0,MOD((AF$5-$Y10)/7,$AA10)=0),$Q10, IF(AND($W10=$B$17,OR(DAY($Y10)=DAY(AF$5),AND(DAY($Y10)>DAY(EOMONTH(AF$5,0)),DAY(AG$5)=1)),MOD(MONTH(AF$5)-MONTH($Y10),$AA10)=0),$Q10,""))))),"") | AG10: =IFERROR(IF(OR($Y10>AG$5,$Z10<AG$5),"", IF(AND($V10=$B$12,$Y10=AG$5),$Q10, IF($W10=$B$15,$Q10, IF(AND($W10=$B$16,MOD(AG$5-$Y10,7)=0,MOD((AG$5-$Y10)/7,$AA10)=0),$Q10, IF(AND($W10=$B$17,OR(DAY($Y10)=DAY(AG$5),AND(DAY($Y10)>DAY(EOMONTH(AG$5,0)),DAY(AH$5)=1)),MOD(MONTH(AG$5)-MONTH($Y10),$AA10)=0),$Q10,""))))),"") | AH10: =IFERROR(IF(OR($Y10>AH$5,$Z10<AH$5),"", IF(AND($V10=$B$12,$Y10=AH$5),$Q10, IF($W10=$B$15,$Q10, IF(AND($W10=$B$16,MOD(AH$5-$Y10,7)=0,MOD((AH$5-$Y10)/7,$AA10)=0),$Q10, IF(AND($W10=$B$17,OR(DAY($Y10)=DAY(AH$5),AND(DAY($Y10)>DAY(EOMONTH(AH$5,0)),DAY(AI$5)=1)),MOD(MONTH(AH$5)-MONTH($Y10),$AA10)=0),$Q10,""))))),"") | AI10: =IFERROR(IF(OR($Y10>AI$5,$Z10<AI$5),"", IF(AND($V10=$B$12,$Y10=AI$5),$Q10, IF($W10=$B$15,$Q10, IF(AND($W10=$B$16,MOD(AI$5-$Y10,7)=0,MOD((AI$5-$Y10)/7,$AA10)=0),$Q10, IF(AND($W10=$B$17,OR(DAY($Y10)=DAY(AI$5),AND(DAY($Y10)>DAY(EOMONTH(AI$5,0)),DAY(AJ$5)=1)),MOD(MONTH(AI$5)-MONTH($Y10),$AA10)=0),$Q10,""))))),"") | ... OD10: =IFERROR(IF(OR($Y10>OD$5,$Z10<OD$5),"", IF(AND($V10=$B$12,$Y10=OD$5),$Q10, IF($W10=$B$15,$Q10, IF(AND($W10=$B$16,MOD(OD$5-$Y10,7)=0,MOD((OD$5-$Y10)/7,$AA10)=0),$Q10, IF(AND($W10=$B$17,OR(DAY($Y10)=DAY(OD$5),AND(DAY($Y10)>DAY(EOMONTH(OD$5,0)),DAY(OE$5)=1)),MOD(MONTH(OD$5)-MONTH($Y10),$AA10)=0),$Q10,""))))),"") | OK10: 5 | OL10: =IFERROR(OL9+1,"") -> 45296 | OM10: =IFERROR(INDEX($AB$4:$OH$4,1,OK10),"") -> 0 | ON10: =IFERROR(IF(OM10<1,"",SUM($OM$6:$OM10))-$OM10+1,"") | OO10: =IFERROR(IF(OM10<1,"",SUM($OM$6:$OM10)),"") | OP10: =IFERROR(IF(OK10>$ON$4,"",IF(ISNUMBER(MATCH(OK10,$ON$6:$ON$3005,0)),INDEX($OL$6:$OL$376,MATCH(OK10,$ON$6:$ON$3005,0)),OP9)),"") -> 45300 | OQ10: =IFERROR(IF(OK10>$ON$4,"",COUNTIF($OP$6:OP10,OP10)),"") -> 1 | OR10: =IFERROR(MATCH(OP10,$AB$5:$OH$5,0),"") -> 9 | OS10: {=IFERROR(IF(LEN(OP10)=0,"",INDEX(OFFSET($AA$6,0,OR10,500,1),SMALL(IF(ISNUMBER(OFFSET($AA$6,0,OR10,500,1)),ROW(OFFSET($AA$6,0,OR10,500,1))-ROW(AA$5)),OQ10))),"")} -> 3 | OT10: =IFERROR(INDEX(Calc!$R$6:$Z$17,Calc!$OS10,Calc!OT$4),"") -> Income | OU10: =IFERROR(INDEX(Calc!$R$6:$Z$17,Calc!$OS10,Calc!OU$4),"") -> Sales Revenue | OV10: =IFERROR(INDEX(Calc!$R$6:$Z$17,Calc!$OS10,Calc!OV$4),"") -> Sales from old factory | OW10: =IFERROR(INDEX(Calc!$R$6:$Z$17,Calc!$OS10,Calc!OW$4),"") -> 1500 | OX10: =IFERROR(INDEX(Calc!$R$6:$Z$17,Calc!$OS10,Calc!OX$4),"") -> Recurring | OY10: =IFERROR(DAY(OP10),"") -> 9 | OZ10: =IFERROR(MONTH(OP10),"") -> 1 | PA10: =IFERROR(YEAR(OP10),"") -> 2024 | PB10: =IFERROR(INDEX($L$8:$L$19,OZ10)&" - "&PA10,"") -> Jan - 2024 | PD10: =IFERROR(IF(LEN(Table!C14)=0,"",Table!C14),"") -> Issuance of Debt | PE10: =IFERROR(IF(LEN(Table!C14)=0,"",INDEX(Table!$D$11:$P$40,ROW(Calc!PD10)-ROW(Calc!$PD$6),Calc!$PO$29)),"") -> 1000 | PF10: =IFERROR(RANK($PE10,$PE$7:$PE$36),"") -> 3 | PG10: =IFERROR(IF(COUNTIF($PF$7:PF10,PF10)>1,PF10+COUNTIF($PF$7:PF10,PF10)-1,PF10),"") -> 3 | PH10: =IFERROR(IF(LEN(Table!C47)=0,"",Table!C47),"") -> Purchase of Equipment | PI10: =IFERROR(IF(LEN(Table!C47)=0,"",INDEX(Table!$D$44:$P$73,ROW(Calc!PD10)-ROW(Calc!$PD$6),Calc!$PO$29)),"") -> 0 | PJ10: =IFERROR(RANK($PI10,$PI$7:$PI$36),"") -> 4 | PK10: =IFERROR(IF(COUNTIF($PJ$7:PJ10,PJ10)>1,PJ10+COUNTIF($PJ$7:PJ10,PJ10)-1,PJ10),"") -> 4 | PN10: 4 | PO10: =IFERROR(INDEX($PD$7:$PD$36,MATCH(PN10,$PG$7:$PG$36,0)),"") -> Loan Collection | PP10: =IFERROR(INDEX($PE$7:$PE$36,MATCH(PN10,$PG$7:$PG$36,0)),"") -> 0
B11: Recurring | D11: 5 weeks | E11: 5 months | F11: 5 | K11: 4 | L11: Apr | M11: =IFERROR(INDEX($L$8:$L$19,IF($I$9+K10>12,$I$9+K10-12,$I$9+K10)),L11) -> Apr | N11: =IFERROR(IF(M10=$L$19,N10+1,N10),2024) -> 2024 | O11: =IFERROR(M11&" - "&N11,"") -> Apr - 2024 | Q11: 6 | R11: =IFERROR(IF(INDEX(Scheduler[],$Q11,R$4)="","",INDEX(Scheduler[],$Q11,R$4)),"") -> Income | S11: =IFERROR(IF(INDEX(Scheduler[],$Q11,S$4)="","",INDEX(Scheduler[],$Q11,S$4)),"") -> Issuance of Debt | T11: =IFERROR(IF(INDEX(Scheduler[],$Q11,T$4)="","",INDEX(Scheduler[],$Q11,T$4)),"") -> Debt Issuance | U11: =IFERROR(IF(INDEX(Scheduler[],$Q11,U$4)="","",INDEX(Scheduler[],$Q11,U$4)),"") -> 200 | V11: =IFERROR(IF(INDEX(Scheduler[],$Q11,V$4)="","",INDEX(Scheduler[],$Q11,V$4)),"") -> Recurring | W11: =IFERROR(IF(INDEX(Scheduler[],$Q11,W$4)="","",INDEX(Scheduler[],$Q11,W$4)),"") -> Weekly | X11: =IFERROR(IF(INDEX(Scheduler[],$Q11,X$4)="","",INDEX(Scheduler[],$Q11,X$4)),"") -> Week | Y11: =IFERROR(IF(INDEX(Scheduler[],$Q11,Y$4)="","",INDEX(Scheduler[],$Q11,Y$4)),"") -> 45293 | Z11: =IFERROR(IF(INDEX(Scheduler[],$Q11,Z$4)="","",INDEX(Scheduler[],$Q11,Z$4)),"") -> 45596 | AA11: =IFERROR(IF(LEN(R11)=0,"",IF(V11=$B$12,1,INDEX($F$7:$F$18,MATCH(X11,OFFSET($D$7,0,IF(W11=$B$16,0,1),12,1),0)))),"") -> 1 | AB11: =IFERROR(IF(OR($Y11>AB$5,$Z11<AB$5),"", IF(AND($V11=$B$12,$Y11=AB$5),$Q11, IF($W11=$B$15,$Q11, IF(AND($W11=$B$16,MOD(AB$5-$Y11,7)=0,MOD((AB$5-$Y11)/7,$AA11)=0),$Q11, IF(AND($W11=$B$17,OR(DAY($Y11)=DAY(AB$5),AND(DAY($Y11)>DAY(EOMONTH(AB$5,0)),DAY(AC$5)=1)),MOD(MONTH(AB$5)-MONTH($Y11),$AA11)=0),$Q11,""))))),"") | AC11: =IFERROR(IF(OR($Y11>AC$5,$Z11<AC$5),"", IF(AND($V11=$B$12,$Y11=AC$5),$Q11, IF($W11=$B$15,$Q11, IF(AND($W11=$B$16,MOD(AC$5-$Y11,7)=0,MOD((AC$5-$Y11)/7,$AA11)=0),$Q11, IF(AND($W11=$B$17,OR(DAY($Y11)=DAY(AC$5),AND(DAY($Y11)>DAY(EOMONTH(AC$5,0)),DAY(AD$5)=1)),MOD(MONTH(AC$5)-MONTH($Y11),$AA11)=0),$Q11,""))))),"") -> 6 | AD11: =IFERROR(IF(OR($Y11>AD$5,$Z11<AD$5),"", IF(AND($V11=$B$12,$Y11=AD$5),$Q11, IF($W11=$B$15,$Q11, IF(AND($W11=$B$16,MOD(AD$5-$Y11,7)=0,MOD((AD$5-$Y11)/7,$AA11)=0),$Q11, IF(AND($W11=$B$17,OR(DAY($Y11)=DAY(AD$5),AND(DAY($Y11)>DAY(EOMONTH(AD$5,0)),DAY(AE$5)=1)),MOD(MONTH(AD$5)-MONTH($Y11),$AA11)=0),$Q11,""))))),"") | AE11: =IFERROR(IF(OR($Y11>AE$5,$Z11<AE$5),"", IF(AND($V11=$B$12,$Y11=AE$5),$Q11, IF($W11=$B$15,$Q11, IF(AND($W11=$B$16,MOD(AE$5-$Y11,7)=0,MOD((AE$5-$Y11)/7,$AA11)=0),$Q11, IF(AND($W11=$B$17,OR(DAY($Y11)=DAY(AE$5),AND(DAY($Y11)>DAY(EOMONTH(AE$5,0)),DAY(AF$5)=1)),MOD(MONTH(AE$5)-MONTH($Y11),$AA11)=0),$Q11,""))))),"") | AF11: =IFERROR(IF(OR($Y11>AF$5,$Z11<AF$5),"", IF(AND($V11=$B$12,$Y11=AF$5),$Q11, IF($W11=$B$15,$Q11, IF(AND($W11=$B$16,MOD(AF$5-$Y11,7)=0,MOD((AF$5-$Y11)/7,$AA11)=0),$Q11, IF(AND($W11=$B$17,OR(DAY($Y11)=DAY(AF$5),AND(DAY($Y11)>DAY(EOMONTH(AF$5,0)),DAY(AG$5)=1)),MOD(MONTH(AF$5)-MONTH($Y11),$AA11)=0),$Q11,""))))),"") | AG11: =IFERROR(IF(OR($Y11>AG$5,$Z11<AG$5),"", IF(AND($V11=$B$12,$Y11=AG$5),$Q11, IF($W11=$B$15,$Q11, IF(AND($W11=$B$16,MOD(AG$5-$Y11,7)=0,MOD((AG$5-$Y11)/7,$AA11)=0),$Q11, IF(AND($W11=$B$17,OR(DAY($Y11)=DAY(AG$5),AND(DAY($Y11)>DAY(EOMONTH(AG$5,0)),DAY(AH$5)=1)),MOD(MONTH(AG$5)-MONTH($Y11),$AA11)=0),$Q11,""))))),"") | AH11: =IFERROR(IF(OR($Y11>AH$5,$Z11<AH$5),"", IF(AND($V11=$B$12,$Y11=AH$5),$Q11, IF($W11=$B$15,$Q11, IF(AND($W11=$B$16,MOD(AH$5-$Y11,7)=0,MOD((AH$5-$Y11)/7,$AA11)=0),$Q11, IF(AND($W11=$B$17,OR(DAY($Y11)=DAY(AH$5),AND(DAY($Y11)>DAY(EOMONTH(AH$5,0)),DAY(AI$5)=1)),MOD(MONTH(AH$5)-MONTH($Y11),$AA11)=0),$Q11,""))))),"") | AI11: =IFERROR(IF(OR($Y11>AI$5,$Z11<AI$5),"", IF(AND($V11=$B$12,$Y11=AI$5),$Q11, IF($W11=$B$15,$Q11, IF(AND($W11=$B$16,MOD(AI$5-$Y11,7)=0,MOD((AI$5-$Y11)/7,$AA11)=0),$Q11, IF(AND($W11=$B$17,OR(DAY($Y11)=DAY(AI$5),AND(DAY($Y11)>DAY(EOMONTH(AI$5,0)),DAY(AJ$5)=1)),MOD(MONTH(AI$5)-MONTH($Y11),$AA11)=0),$Q11,""))))),"") | ... OD11: =IFERROR(IF(OR($Y11>OD$5,$Z11<OD$5),"", IF(AND($V11=$B$12,$Y11=OD$5),$Q11, IF($W11=$B$15,$Q11, IF(AND($W11=$B$16,MOD(OD$5-$Y11,7)=0,MOD((OD$5-$Y11)/7,$AA11)=0),$Q11, IF(AND($W11=$B$17,OR(DAY($Y11)=DAY(OD$5),AND(DAY($Y11)>DAY(EOMONTH(OD$5,0)),DAY(OE$5)=1)),MOD(MONTH(OD$5)-MONTH($Y11),$AA11)=0),$Q11,""))))),"") | OK11: 6 | OL11: =IFERROR(OL10+1,"") -> 45297 | OM11: =IFERROR(INDEX($AB$4:$OH$4,1,OK11),"") -> 0 | ON11: =IFERROR(IF(OM11<1,"",SUM($OM$6:$OM11))-$OM11+1,"") | OO11: =IFERROR(IF(OM11<1,"",SUM($OM$6:$OM11)),"") | OP11: =IFERROR(IF(OK11>$ON$4,"",IF(ISNUMBER(MATCH(OK11,$ON$6:$ON$3005,0)),INDEX($OL$6:$OL$376,MATCH(OK11,$ON$6:$ON$3005,0)),OP10)),"") -> 45300 | OQ11: =IFERROR(IF(OK11>$ON$4,"",COUNTIF($OP$6:OP11,OP11)),"") -> 2 | OR11: =IFERROR(MATCH(OP11,$AB$5:$OH$5,0),"") -> 9 | OS11: {=IFERROR(IF(LEN(OP11)=0,"",INDEX(OFFSET($AA$6,0,OR11,500,1),SMALL(IF(ISNUMBER(OFFSET($AA$6,0,OR11,500,1)),ROW(OFFSET($AA$6,0,OR11,500,1))-ROW(AA$5)),OQ11))),"")} -> 6 | OT11: =IFERROR(INDEX(Calc!$R$6:$Z$17,Calc!$OS11,Calc!OT$4),"") -> Income | OU11: =IFERROR(INDEX(Calc!$R$6:$Z$17,Calc!$OS11,Calc!OU$4),"") -> Issuance of Debt | OV11: =IFERROR(INDEX(Calc!$R$6:$Z$17,Calc!$OS11,Calc!OV$4),"") -> Debt Issuance | OW11: =IFERROR(INDEX(Calc!$R$6:$Z$17,Calc!$OS11,Calc!OW$4),"") -> 200 | OX11: =IFERROR(INDEX(Calc!$R$6:$Z$17,Calc!$OS11,Calc!OX$4),"") -> Recurring | OY11: =IFERROR(DAY(OP11),"") -> 9 | OZ11: =IFERROR(MONTH(OP11),"") -> 1 | PA11: =IFERROR(YEAR(OP11),"") -> 2024 | PB11: =IFERROR(INDEX($L$8:$L$19,OZ11)&" - "&PA11,"") -> Jan - 2024 | PD11: =IFERROR(IF(LEN(Table!C15)=0,"",Table!C15),"") -> Revenue From Rentals | PE11: =IFERROR(IF(LEN(Table!C15)=0,"",INDEX(Table!$D$11:$P$40,ROW(Calc!PD11)-ROW(Calc!$PD$6),Calc!$PO$29)),"") -> 0 | PF11: =IFERROR(RANK($PE11,$PE$7:$PE$36),"") -> 4 | PG11: =IFERROR(IF(COUNTIF($PF$7:PF11,PF11)>1,PF11+COUNTIF($PF$7:PF11,PF11)-1,PF11),"") -> 5 | PH11: =IFERROR(IF(LEN(Table!C48)=0,"",Table!C48),"") -> Interest Paid | PI11: =IFERROR(IF(LEN(Table!C48)=0,"",INDEX(Table!$D$44:$P$73,ROW(Calc!PD11)-ROW(Calc!$PD$6),Calc!$PO$29)),"") -> 0 | PJ11: =IFERROR(RANK($PI11,$PI$7:$PI$36),"") -> 4 | PK11: =IFERROR(IF(COUNTIF($PJ$7:PJ11,PJ11)>1,PJ11+COUNTIF($PJ$7:PJ11,PJ11)-1,PJ11),"") -> 5 | PN11: 5 | PO11: =IFERROR(INDEX($PD$7:$PD$36,MATCH(PN11,$PG$7:$PG$36,0)),"") -> Revenue From Rentals | PP11: =IFERROR(INDEX($PE$7:$PE$36,MATCH(PN11,$PG$7:$PG$36,0)),"") -> 0
B12: One-time | D12: 6 weeks | E12: 6 months | F12: 6 | K12: 5 | L12: May | M12: =IFERROR(INDEX($L$8:$L$19,IF($I$9+K11>12,$I$9+K11-12,$I$9+K11)),L12) -> May | N12: =IFERROR(IF(M11=$L$19,N11+1,N11),2024) -> 2024 | O12: =IFERROR(M12&" - "&N12,"") -> May - 2024 | Q12: 7 | R12: =IFERROR(IF(INDEX(Scheduler[],$Q12,R$4)="","",INDEX(Scheduler[],$Q12,R$4)),"") -> Income | S12: =IFERROR(IF(INDEX(Scheduler[],$Q12,S$4)="","",INDEX(Scheduler[],$Q12,S$4)),"") -> Revenue From Rentals | T12: =IFERROR(IF(INDEX(Scheduler[],$Q12,T$4)="","",INDEX(Scheduler[],$Q12,T$4)),"") -> Property Rental | U12: =IFERROR(IF(INDEX(Scheduler[],$Q12,U$4)="","",INDEX(Scheduler[],$Q12,U$4)),"") -> 1000 | V12: =IFERROR(IF(INDEX(Scheduler[],$Q12,V$4)="","",INDEX(Scheduler[],$Q12,V$4)),"") -> Recurring | W12: =IFERROR(IF(INDEX(Scheduler[],$Q12,W$4)="","",INDEX(Scheduler[],$Q12,W$4)),"") -> Monthly | X12: =IFERROR(IF(INDEX(Scheduler[],$Q12,X$4)="","",INDEX(Scheduler[],$Q12,X$4)),"") -> 3 months | Y12: =IFERROR(IF(INDEX(Scheduler[],$Q12,Y$4)="","",INDEX(Scheduler[],$Q12,Y$4)),"") -> 45433 | Z12: =IFERROR(IF(INDEX(Scheduler[],$Q12,Z$4)="","",INDEX(Scheduler[],$Q12,Z$4)),"") -> 45657 | AA12: =IFERROR(IF(LEN(R12)=0,"",IF(V12=$B$12,1,INDEX($F$7:$F$18,MATCH(X12,OFFSET($D$7,0,IF(W12=$B$16,0,1),12,1),0)))),"") -> 3 | AB12: =IFERROR(IF(OR($Y12>AB$5,$Z12<AB$5),"", IF(AND($V12=$B$12,$Y12=AB$5),$Q12, IF($W12=$B$15,$Q12, IF(AND($W12=$B$16,MOD(AB$5-$Y12,7)=0,MOD((AB$5-$Y12)/7,$AA12)=0),$Q12, IF(AND($W12=$B$17,OR(DAY($Y12)=DAY(AB$5),AND(DAY($Y12)>DAY(EOMONTH(AB$5,0)),DAY(AC$5)=1)),MOD(MONTH(AB$5)-MONTH($Y12),$AA12)=0),$Q12,""))))),"") | AC12: =IFERROR(IF(OR($Y12>AC$5,$Z12<AC$5),"", IF(AND($V12=$B$12,$Y12=AC$5),$Q12, IF($W12=$B$15,$Q12, IF(AND($W12=$B$16,MOD(AC$5-$Y12,7)=0,MOD((AC$5-$Y12)/7,$AA12)=0),$Q12, IF(AND($W12=$B$17,OR(DAY($Y12)=DAY(AC$5),AND(DAY($Y12)>DAY(EOMONTH(AC$5,0)),DAY(AD$5)=1)),MOD(MONTH(AC$5)-MONTH($Y12),$AA12)=0),$Q12,""))))),"") | AD12: =IFERROR(IF(OR($Y12>AD$5,$Z12<AD$5),"", IF(AND($V12=$B$12,$Y12=AD$5),$Q12, IF($W12=$B$15,$Q12, IF(AND($W12=$B$16,MOD(AD$5-$Y12,7)=0,MOD((AD$5-$Y12)/7,$AA12)=0),$Q12, IF(AND($W12=$B$17,OR(DAY($Y12)=DAY(AD$5),AND(DAY($Y12)>DAY(EOMONTH(AD$5,0)),DAY(AE$5)=1)),MOD(MONTH(AD$5)-MONTH($Y12),$AA12)=0),$Q12,""))))),"") | AE12: =IFERROR(IF(OR($Y12>AE$5,$Z12<AE$5),"", IF(AND($V12=$B$12,$Y12=AE$5),$Q12, IF($W12=$B$15,$Q12, IF(AND($W12=$B$16,MOD(AE$5-$Y12,7)=0,MOD((AE$5-$Y12)/7,$AA12)=0),$Q12, IF(AND($W12=$B$17,OR(DAY($Y12)=DAY(AE$5),AND(DAY($Y12)>DAY(EOMONTH(AE$5,0)),DAY(AF$5)=1)),MOD(MONTH(AE$5)-MONTH($Y12),$AA12)=0),$Q12,""))))),"") | AF12: =IFERROR(IF(OR($Y12>AF$5,$Z12<AF$5),"", IF(AND($V12=$B$12,$Y12=AF$5),$Q12, IF($W12=$B$15,$Q12, IF(AND($W12=$B$16,MOD(AF$5-$Y12,7)=0,MOD((AF$5-$Y12)/7,$AA12)=0),$Q12, IF(AND($W12=$B$17,OR(DAY($Y12)=DAY(AF$5),AND(DAY($Y12)>DAY(EOMONTH(AF$5,0)),DAY(AG$5)=1)),MOD(MONTH(AF$5)-MONTH($Y12),$AA12)=0),$Q12,""))))),"") | AG12: =IFERROR(IF(OR($Y12>AG$5,$Z12<AG$5),"", IF(AND($V12=$B$12,$Y12=AG$5),$Q12, IF($W12=$B$15,$Q12, IF(AND($W12=$B$16,MOD(AG$5-$Y12,7)=0,MOD((AG$5-$Y12)/7,$AA12)=0),$Q12, IF(AND($W12=$B$17,OR(DAY($Y12)=DAY(AG$5),AND(DAY($Y12)>DAY(EOMONTH(AG$5,0)),DAY(AH$5)=1)),MOD(MONTH(AG$5)-MONTH($Y12),$AA12)=0),$Q12,""))))),"") | AH12: =IFERROR(IF(OR($Y12>AH$5,$Z12<AH$5),"", IF(AND($V12=$B$12,$Y12=AH$5),$Q12, IF($W12=$B$15,$Q12, IF(AND($W12=$B$16,MOD(AH$5-$Y12,7)=0,MOD((AH$5-$Y12)/7,$AA12)=0),$Q12, IF(AND($W12=$B$17,OR(DAY($Y12)=DAY(AH$5),AND(DAY($Y12)>DAY(EOMONTH(AH$5,0)),DAY(AI$5)=1)),MOD(MONTH(AH$5)-MONTH($Y12),$AA12)=0),$Q12,""))))),"") | AI12: =IFERROR(IF(OR($Y12>AI$5,$Z12<AI$5),"", IF(AND($V12=$B$12,$Y12=AI$5),$Q12, IF($W12=$B$15,$Q12, IF(AND($W12=$B$16,MOD(AI$5-$Y12,7)=0,MOD((AI$5-$Y12)/7,$AA12)=0),$Q12, IF(AND($W12=$B$17,OR(DAY($Y12)=DAY(AI$5),AND(DAY($Y12)>DAY(EOMONTH(AI$5,0)),DAY(AJ$5)=1)),MOD(MONTH(AI$5)-MONTH($Y12),$AA12)=0),$Q12,""))))),"") | ... OD12: =IFERROR(IF(OR($Y12>OD$5,$Z12<OD$5),"", IF(AND($V12=$B$12,$Y12=OD$5),$Q12, IF($W12=$B$15,$Q12, IF(AND($W12=$B$16,MOD(OD$5-$Y12,7)=0,MOD((OD$5-$Y12)/7,$AA12)=0),$Q12, IF(AND($W12=$B$17,OR(DAY($Y12)=DAY(OD$5),AND(DAY($Y12)>DAY(EOMONTH(OD$5,0)),DAY(OE$5)=1)),MOD(MONTH(OD$5)-MONTH($Y12),$AA12)=0),$Q12,""))))),"") | OK12: 7 | OL12: =IFERROR(OL11+1,"") -> 45298 | OM12: =IFERROR(INDEX($AB$4:$OH$4,1,OK12),"") -> 0 | ON12: =IFERROR(IF(OM12<1,"",SUM($OM$6:$OM12))-$OM12+1,"") | OO12: =IFERROR(IF(OM12<1,"",SUM($OM$6:$OM12)),"") | OP12: =IFERROR(IF(OK12>$ON$4,"",IF(ISNUMBER(MATCH(OK12,$ON$6:$ON$3005,0)),INDEX($OL$6:$OL$376,MATCH(OK12,$ON$6:$ON$3005,0)),OP11)),"") -> 45307 | OQ12: =IFERROR(IF(OK12>$ON$4,"",COUNTIF($OP$6:OP12,OP12)),"") -> 1 | OR12: =IFERROR(MATCH(OP12,$AB$5:$OH$5,0),"") -> 16 | OS12: {=IFERROR(IF(LEN(OP12)=0,"",INDEX(OFFSET($AA$6,0,OR12,500,1),SMALL(IF(ISNUMBER(OFFSET($AA$6,0,OR12,500,1)),ROW(OFFSET($AA$6,0,OR12,500,1))-ROW(AA$5)),OQ12))),"")} -> 1 | OT12: =IFERROR(INDEX(Calc!$R$6:$Z$17,Calc!$OS12,Calc!OT$4),"") -> Expense | OU12: =IFERROR(INDEX(Calc!$R$6:$Z$17,Calc!$OS12,Calc!OU$4),"") -> Operating Expenses | OV12: =IFERROR(INDEX(Calc!$R$6:$Z$17,Calc!$OS12,Calc!OV$4),"") -> Wages | OW12: =IFERROR(INDEX(Calc!$R$6:$Z$17,Calc!$OS12,Calc!OW$4),"") -> 1000 | OX12: =IFERROR(INDEX(Calc!$R$6:$Z$17,Calc!$OS12,Calc!OX$4),"") -> Recurring | OY12: =IFERROR(DAY(OP12),"") -> 16 | OZ12: =IFERROR(MONTH(OP12),"") -> 1 | PA12: =IFERROR(YEAR(OP12),"") -> 2024 | PB12: =IFERROR(INDEX($L$8:$L$19,OZ12)&" - "&PA12,"") -> Jan - 2024 | PD12: =IFERROR(IF(LEN(Table!C16)=0,"",Table!C16),"") -> Issuance of Equity | PE12: =IFERROR(IF(LEN(Table!C16)=0,"",INDEX(Table!$D$11:$P$40,ROW(Calc!PD12)-ROW(Calc!$PD$6),Calc!$PO$29)),"") -> 0 | PF12: =IFERROR(RANK($PE12,$PE$7:$PE$36),"") -> 4 | PG12: =IFERROR(IF(COUNTIF($PF$7:PF12,PF12)>1,PF12+COUNTIF($PF$7:PF12,PF12)-1,PF12),"") -> 6 | PH12: =IFERROR(IF(LEN(Table!C49)=0,"",Table!C49),"") | PI12: =IFERROR(IF(LEN(Table!C49)=0,"",INDEX(Table!$D$44:$P$73,ROW(Calc!PD12)-ROW(Calc!$PD$6),Calc!$PO$29)),"") | PJ12: =IFERROR(RANK($PI12,$PI$7:$PI$36),"") | PK12: =IFERROR(IF(COUNTIF($PJ$7:PJ12,PJ12)>1,PJ12+COUNTIF($PJ$7:PJ12,PJ12)-1,PJ12),"")
D13: 7 weeks | E13: 7 months | F13: 7 | K13: 6 | L13: Jun | M13: =IFERROR(INDEX($L$8:$L$19,IF($I$9+K12>12,$I$9+K12-12,$I$9+K12)),L13) -> Jun | N13: =IFERROR(IF(M12=$L$19,N12+1,N12),2024) -> 2024 | O13: =IFERROR(M13&" - "&N13,"") -> Jun - 2024 | Q13: 8 | R13: =IFERROR(IF(INDEX(Scheduler[],$Q13,R$4)="","",INDEX(Scheduler[],$Q13,R$4)),"") -> Expense | S13: =IFERROR(IF(INDEX(Scheduler[],$Q13,S$4)="","",INDEX(Scheduler[],$Q13,S$4)),"") -> Purchase of Property | T13: =IFERROR(IF(INDEX(Scheduler[],$Q13,T$4)="","",INDEX(Scheduler[],$Q13,T$4)),"") -> Purchase of the mill | U13: =IFERROR(IF(INDEX(Scheduler[],$Q13,U$4)="","",INDEX(Scheduler[],$Q13,U$4)),"") -> 11000 | V13: =IFERROR(IF(INDEX(Scheduler[],$Q13,V$4)="","",INDEX(Scheduler[],$Q13,V$4)),"") -> One-time | W13: =IFERROR(IF(INDEX(Scheduler[],$Q13,W$4)="","",INDEX(Scheduler[],$Q13,W$4)),"") | X13: =IFERROR(IF(INDEX(Scheduler[],$Q13,X$4)="","",INDEX(Scheduler[],$Q13,X$4)),"") | Y13: =IFERROR(IF(INDEX(Scheduler[],$Q13,Y$4)="","",INDEX(Scheduler[],$Q13,Y$4)),"") -> 45312 | Z13: =IFERROR(IF(INDEX(Scheduler[],$Q13,Z$4)="","",INDEX(Scheduler[],$Q13,Z$4)),"") | AA13: =IFERROR(IF(LEN(R13)=0,"",IF(V13=$B$12,1,INDEX($F$7:$F$18,MATCH(X13,OFFSET($D$7,0,IF(W13=$B$16,0,1),12,1),0)))),"") -> 1 | AB13: =IFERROR(IF(OR($Y13>AB$5,$Z13<AB$5),"", IF(AND($V13=$B$12,$Y13=AB$5),$Q13, IF($W13=$B$15,$Q13, IF(AND($W13=$B$16,MOD(AB$5-$Y13,7)=0,MOD((AB$5-$Y13)/7,$AA13)=0),$Q13, IF(AND($W13=$B$17,OR(DAY($Y13)=DAY(AB$5),AND(DAY($Y13)>DAY(EOMONTH(AB$5,0)),DAY(AC$5)=1)),MOD(MONTH(AB$5)-MONTH($Y13),$AA13)=0),$Q13,""))))),"") | AC13: =IFERROR(IF(OR($Y13>AC$5,$Z13<AC$5),"", IF(AND($V13=$B$12,$Y13=AC$5),$Q13, IF($W13=$B$15,$Q13, IF(AND($W13=$B$16,MOD(AC$5-$Y13,7)=0,MOD((AC$5-$Y13)/7,$AA13)=0),$Q13, IF(AND($W13=$B$17,OR(DAY($Y13)=DAY(AC$5),AND(DAY($Y13)>DAY(EOMONTH(AC$5,0)),DAY(AD$5)=1)),MOD(MONTH(AC$5)-MONTH($Y13),$AA13)=0),$Q13,""))))),"") | AD13: =IFERROR(IF(OR($Y13>AD$5,$Z13<AD$5),"", IF(AND($V13=$B$12,$Y13=AD$5),$Q13, IF($W13=$B$15,$Q13, IF(AND($W13=$B$16,MOD(AD$5-$Y13,7)=0,MOD((AD$5-$Y13)/7,$AA13)=0),$Q13, IF(AND($W13=$B$17,OR(DAY($Y13)=DAY(AD$5),AND(DAY($Y13)>DAY(EOMONTH(AD$5,0)),DAY(AE$5)=1)),MOD(MONTH(AD$5)-MONTH($Y13),$AA13)=0),$Q13,""))))),"") | AE13: =IFERROR(IF(OR($Y13>AE$5,$Z13<AE$5),"", IF(AND($V13=$B$12,$Y13=AE$5),$Q13, IF($W13=$B$15,$Q13, IF(AND($W13=$B$16,MOD(AE$5-$Y13,7)=0,MOD((AE$5-$Y13)/7,$AA13)=0),$Q13, IF(AND($W13=$B$17,OR(DAY($Y13)=DAY(AE$5),AND(DAY($Y13)>DAY(EOMONTH(AE$5,0)),DAY(AF$5)=1)),MOD(MONTH(AE$5)-MONTH($Y13),$AA13)=0),$Q13,""))))),"") | AF13: =IFERROR(IF(OR($Y13>AF$5,$Z13<AF$5),"", IF(AND($V13=$B$12,$Y13=AF$5),$Q13, IF($W13=$B$15,$Q13, IF(AND($W13=$B$16,MOD(AF$5-$Y13,7)=0,MOD((AF$5-$Y13)/7,$AA13)=0),$Q13, IF(AND($W13=$B$17,OR(DAY($Y13)=DAY(AF$5),AND(DAY($Y13)>DAY(EOMONTH(AF$5,0)),DAY(AG$5)=1)),MOD(MONTH(AF$5)-MONTH($Y13),$AA13)=0),$Q13,""))))),"") | AG13: =IFERROR(IF(OR($Y13>AG$5,$Z13<AG$5),"", IF(AND($V13=$B$12,$Y13=AG$5),$Q13, IF($W13=$B$15,$Q13, IF(AND($W13=$B$16,MOD(AG$5-$Y13,7)=0,MOD((AG$5-$Y13)/7,$AA13)=0),$Q13, IF(AND($W13=$B$17,OR(DAY($Y13)=DAY(AG$5),AND(DAY($Y13)>DAY(EOMONTH(AG$5,0)),DAY(AH$5)=1)),MOD(MONTH(AG$5)-MONTH($Y13),$AA13)=0),$Q13,""))))),"") | AH13: =IFERROR(IF(OR($Y13>AH$5,$Z13<AH$5),"", IF(AND($V13=$B$12,$Y13=AH$5),$Q13, IF($W13=$B$15,$Q13, IF(AND($W13=$B$16,MOD(AH$5-$Y13,7)=0,MOD((AH$5-$Y13)/7,$AA13)=0),$Q13, IF(AND($W13=$B$17,OR(DAY($Y13)=DAY(AH$5),AND(DAY($Y13)>DAY(EOMONTH(AH$5,0)),DAY(AI$5)=1)),MOD(MONTH(AH$5)-MONTH($Y13),$AA13)=0),$Q13,""))))),"") | AI13: =IFERROR(IF(OR($Y13>AI$5,$Z13<AI$5),"", IF(AND($V13=$B$12,$Y13=AI$5),$Q13, IF($W13=$B$15,$Q13, IF(AND($W13=$B$16,MOD(AI$5-$Y13,7)=0,MOD((AI$5-$Y13)/7,$AA13)=0),$Q13, IF(AND($W13=$B$17,OR(DAY($Y13)=DAY(AI$5),AND(DAY($Y13)>DAY(EOMONTH(AI$5,0)),DAY(AJ$5)=1)),MOD(MONTH(AI$5)-MONTH($Y13),$AA13)=0),$Q13,""))))),"") | ... OD13: =IFERROR(IF(OR($Y13>OD$5,$Z13<OD$5),"", IF(AND($V13=$B$12,$Y13=OD$5),$Q13, IF($W13=$B$15,$Q13, IF(AND($W13=$B$16,MOD(OD$5-$Y13,7)=0,MOD((OD$5-$Y13)/7,$AA13)=0),$Q13, IF(AND($W13=$B$17,OR(DAY($Y13)=DAY(OD$5),AND(DAY($Y13)>DAY(EOMONTH(OD$5,0)),DAY(OE$5)=1)),MOD(MONTH(OD$5)-MONTH($Y13),$AA13)=0),$Q13,""))))),"") | OK13: 8 | OL13: =IFERROR(OL12+1,"") -> 45299 | OM13: =IFERROR(INDEX($AB$4:$OH$4,1,OK13),"") -> 0 | ON13: =IFERROR(IF(OM13<1,"",SUM($OM$6:$OM13))-$OM13+1,"") | OO13: =IFERROR(IF(OM13<1,"",SUM($OM$6:$OM13)),"") | OP13: =IFERROR(IF(OK13>$ON$4,"",IF(ISNUMBER(MATCH(OK13,$ON$6:$ON$3005,0)),INDEX($OL$6:$OL$376,MATCH(OK13,$ON$6:$ON$3005,0)),OP12)),"") -> 45307 | OQ13: =IFERROR(IF(OK13>$ON$4,"",COUNTIF($OP$6:OP13,OP13)),"") -> 2 | OR13: =IFERROR(MATCH(OP13,$AB$5:$OH$5,0),"") -> 16 | OS13: {=IFERROR(IF(LEN(OP13)=0,"",INDEX(OFFSET($AA$6,0,OR13,500,1),SMALL(IF(ISNUMBER(OFFSET($AA$6,0,OR13,500,1)),ROW(OFFSET($AA$6,0,OR13,500,1))-ROW(AA$5)),OQ13))),"")} -> 3 | OT13: =IFERROR(INDEX(Calc!$R$6:$Z$17,Calc!$OS13,Calc!OT$4),"") -> Income | OU13: =IFERROR(INDEX(Calc!$R$6:$Z$17,Calc!$OS13,Calc!OU$4),"") -> Sales Revenue | OV13: =IFERROR(INDEX(Calc!$R$6:$Z$17,Calc!$OS13,Calc!OV$4),"") -> Sales from old factory | OW13: =IFERROR(INDEX(Calc!$R$6:$Z$17,Calc!$OS13,Calc!OW$4),"") -> 1500 | OX13: =IFERROR(INDEX(Calc!$R$6:$Z$17,Calc!$OS13,Calc!OX$4),"") -> Recurring | OY13: =IFERROR(DAY(OP13),"") -> 16 | OZ13: =IFERROR(MONTH(OP13),"") -> 1 | PA13: =IFERROR(YEAR(OP13),"") -> 2024 | PB13: =IFERROR(INDEX($L$8:$L$19,OZ13)&" - "&PA13,"") -> Jan - 2024 | PD13: =IFERROR(IF(LEN(Table!C17)=0,"",Table!C17),"") | PE13: =IFERROR(IF(LEN(Table!C17)=0,"",INDEX(Table!$D$11:$P$40,ROW(Calc!PD13)-ROW(Calc!$PD$6),Calc!$PO$29)),"") | PF13: =IFERROR(RANK($PE13,$PE$7:$PE$36),"") | PG13: =IFERROR(IF(COUNTIF($PF$7:PF13,PF13)>1,PF13+COUNTIF($PF$7:PF13,PF13)-1,PF13),"") | PH13: =IFERROR(IF(LEN(Table!C50)=0,"",Table!C50),"") | PI13: =IFERROR(IF(LEN(Table!C50)=0,"",INDEX(Table!$D$44:$P$73,ROW(Calc!PD13)-ROW(Calc!$PD$6),Calc!$PO$29)),"") | PJ13: =IFERROR(RANK($PI13,$PI$7:$PI$36),"") | PK13: =IFERROR(IF(COUNTIF($PJ$7:PJ13,PJ13)>1,PJ13+COUNTIF($PJ$7:PJ13,PJ13)-1,PJ13),"")
B14: Frequency | D14: 8 weeks | E14: 8 months | F14: 8 | K14: 7 | L14: Jul | M14: =IFERROR(INDEX($L$8:$L$19,IF($I$9+K13>12,$I$9+K13-12,$I$9+K13)),L14) -> Jul | N14: =IFERROR(IF(M13=$L$19,N13+1,N13),2024) -> 2024 | O14: =IFERROR(M14&" - "&N14,"") -> Jul - 2024 | Q14: 9 | R14: =IFERROR(IF(INDEX(Scheduler[],$Q14,R$4)="","",INDEX(Scheduler[],$Q14,R$4)),"") | S14: =IFERROR(IF(INDEX(Scheduler[],$Q14,S$4)="","",INDEX(Scheduler[],$Q14,S$4)),"") | T14: =IFERROR(IF(INDEX(Scheduler[],$Q14,T$4)="","",INDEX(Scheduler[],$Q14,T$4)),"") | U14: =IFERROR(IF(INDEX(Scheduler[],$Q14,U$4)="","",INDEX(Scheduler[],$Q14,U$4)),"") | V14: =IFERROR(IF(INDEX(Scheduler[],$Q14,V$4)="","",INDEX(Scheduler[],$Q14,V$4)),"") | W14: =IFERROR(IF(INDEX(Scheduler[],$Q14,W$4)="","",INDEX(Scheduler[],$Q14,W$4)),"") | X14: =IFERROR(IF(INDEX(Scheduler[],$Q14,X$4)="","",INDEX(Scheduler[],$Q14,X$4)),"") | Y14: =IFERROR(IF(INDEX(Scheduler[],$Q14,Y$4)="","",INDEX(Scheduler[],$Q14,Y$4)),"") | Z14: =IFERROR(IF(INDEX(Scheduler[],$Q14,Z$4)="","",INDEX(Scheduler[],$Q14,Z$4)),"") | AA14: =IFERROR(IF(LEN(R14)=0,"",IF(V14=$B$12,1,INDEX($F$7:$F$18,MATCH(X14,OFFSET($D$7,0,IF(W14=$B$16,0,1),12,1),0)))),"") | AB14: =IFERROR(IF(OR($Y14>AB$5,$Z14<AB$5),"", IF(AND($V14=$B$12,$Y14=AB$5),$Q14, IF($W14=$B$15,$Q14, IF(AND($W14=$B$16,MOD(AB$5-$Y14,7)=0,MOD((AB$5-$Y14)/7,$AA14)=0),$Q14, IF(AND($W14=$B$17,OR(DAY($Y14)=DAY(AB$5),AND(DAY($Y14)>DAY(EOMONTH(AB$5,0)),DAY(AC$5)=1)),MOD(MONTH(AB$5)-MONTH($Y14),$AA14)=0),$Q14,""))))),"") | AC14: =IFERROR(IF(OR($Y14>AC$5,$Z14<AC$5),"", IF(AND($V14=$B$12,$Y14=AC$5),$Q14, IF($W14=$B$15,$Q14, IF(AND($W14=$B$16,MOD(AC$5-$Y14,7)=0,MOD((AC$5-$Y14)/7,$AA14)=0),$Q14, IF(AND($W14=$B$17,OR(DAY($Y14)=DAY(AC$5),AND(DAY($Y14)>DAY(EOMONTH(AC$5,0)),DAY(AD$5)=1)),MOD(MONTH(AC$5)-MONTH($Y14),$AA14)=0),$Q14,""))))),"") | AD14: =IFERROR(IF(OR($Y14>AD$5,$Z14<AD$5),"", IF(AND($V14=$B$12,$Y14=AD$5),$Q14, IF($W14=$B$15,$Q14, IF(AND($W14=$B$16,MOD(AD$5-$Y14,7)=0,MOD((AD$5-$Y14)/7,$AA14)=0),$Q14, IF(AND($W14=$B$17,OR(DAY($Y14)=DAY(AD$5),AND(DAY($Y14)>DAY(EOMONTH(AD$5,0)),DAY(AE$5)=1)),MOD(MONTH(AD$5)-MONTH($Y14),$AA14)=0),$Q14,""))))),"") | AE14: =IFERROR(IF(OR($Y14>AE$5,$Z14<AE$5),"", IF(AND($V14=$B$12,$Y14=AE$5),$Q14, IF($W14=$B$15,$Q14, IF(AND($W14=$B$16,MOD(AE$5-$Y14,7)=0,MOD((AE$5-$Y14)/7,$AA14)=0),$Q14, IF(AND($W14=$B$17,OR(DAY($Y14)=DAY(AE$5),AND(DAY($Y14)>DAY(EOMONTH(AE$5,0)),DAY(AF$5)=1)),MOD(MONTH(AE$5)-MONTH($Y14),$AA14)=0),$Q14,""))))),"") | AF14: =IFERROR(IF(OR($Y14>AF$5,$Z14<AF$5),"", IF(AND($V14=$B$12,$Y14=AF$5),$Q14, IF($W14=$B$15,$Q14, IF(AND($W14=$B$16,MOD(AF$5-$Y14,7)=0,MOD((AF$5-$Y14)/7,$AA14)=0),$Q14, IF(AND($W14=$B$17,OR(DAY($Y14)=DAY(AF$5),AND(DAY($Y14)>DAY(EOMONTH(AF$5,0)),DAY(AG$5)=1)),MOD(MONTH(AF$5)-MONTH($Y14),$AA14)=0),$Q14,""))))),"") | AG14: =IFERROR(IF(OR($Y14>AG$5,$Z14<AG$5),"", IF(AND($V14=$B$12,$Y14=AG$5),$Q14, IF($W14=$B$15,$Q14, IF(AND($W14=$B$16,MOD(AG$5-$Y14,7)=0,MOD((AG$5-$Y14)/7,$AA14)=0),$Q14, IF(AND($W14=$B$17,OR(DAY($Y14)=DAY(AG$5),AND(DAY($Y14)>DAY(EOMONTH(AG$5,0)),DAY(AH$5)=1)),MOD(MONTH(AG$5)-MONTH($Y14),$AA14)=0),$Q14,""))))),"") | AH14: =IFERROR(IF(OR($Y14>AH$5,$Z14<AH$5),"", IF(AND($V14=$B$12,$Y14=AH$5),$Q14, IF($W14=$B$15,$Q14, IF(AND($W14=$B$16,MOD(AH$5-$Y14,7)=0,MOD((AH$5-$Y14)/7,$AA14)=0),$Q14, IF(AND($W14=$B$17,OR(DAY($Y14)=DAY(AH$5),AND(DAY($Y14)>DAY(EOMONTH(AH$5,0)),DAY(AI$5)=1)),MOD(MONTH(AH$5)-MONTH($Y14),$AA14)=0),$Q14,""))))),"") | AI14: =IFERROR(IF(OR($Y14>AI$5,$Z14<AI$5),"", IF(AND($V14=$B$12,$Y14=AI$5),$Q14, IF($W14=$B$15,$Q14, IF(AND($W14=$B$16,MOD(AI$5-$Y14,7)=0,MOD((AI$5-$Y14)/7,$AA14)=0),$Q14, IF(AND($W14=$B$17,OR(DAY($Y14)=DAY(AI$5),AND(DAY($Y14)>DAY(EOMONTH(AI$5,0)),DAY(AJ$5)=1)),MOD(MONTH(AI$5)-MONTH($Y14),$AA14)=0),$Q14,""))))),"") | ... OD14: =IFERROR(IF(OR($Y14>OD$5,$Z14<OD$5),"", IF(AND($V14=$B$12,$Y14=OD$5),$Q14, IF($W14=$B$15,$Q14, IF(AND($W14=$B$16,MOD(OD$5-$Y14,7)=0,MOD((OD$5-$Y14)/7,$AA14)=0),$Q14, IF(AND($W14=$B$17,OR(DAY($Y14)=DAY(OD$5),AND(DAY($Y14)>DAY(EOMONTH(OD$5,0)),DAY(OE$5)=1)),MOD(MONTH(OD$5)-MONTH($Y14),$AA14)=0),$Q14,""))))),"") | OK14: 9 | OL14: =IFERROR(OL13+1,"") -> 45300 | OM14: =IFERROR(INDEX($AB$4:$OH$4,1,OK14),"") -> 2 | ON14: =IFERROR(IF(OM14<1,"",SUM($OM$6:$OM14))-$OM14+1,"") -> 5 | OO14: =IFERROR(IF(OM14<1,"",SUM($OM$6:$OM14)),"") -> 6 | OP14: =IFERROR(IF(OK14>$ON$4,"",IF(ISNUMBER(MATCH(OK14,$ON$6:$ON$3005,0)),INDEX($OL$6:$OL$376,MATCH(OK14,$ON$6:$ON$3005,0)),OP13)),"") -> 45307 | OQ14: =IFERROR(IF(OK14>$ON$4,"",COUNTIF($OP$6:OP14,OP14)),"") -> 3 | OR14: =IFERROR(MATCH(OP14,$AB$5:$OH$5,0),"") -> 16 | OS14: {=IFERROR(IF(LEN(OP14)=0,"",INDEX(OFFSET($AA$6,0,OR14,500,1),SMALL(IF(ISNUMBER(OFFSET($AA$6,0,OR14,500,1)),ROW(OFFSET($AA$6,0,OR14,500,1))-ROW(AA$5)),OQ14))),"")} -> 6 | OT14: =IFERROR(INDEX(Calc!$R$6:$Z$17,Calc!$OS14,Calc!OT$4),"") -> Income | OU14: =IFERROR(INDEX(Calc!$R$6:$Z$17,Calc!$OS14,Calc!OU$4),"") -> Issuance of Debt | OV14: =IFERROR(INDEX(Calc!$R$6:$Z$17,Calc!$OS14,Calc!OV$4),"") -> Debt Issuance | OW14: =IFERROR(INDEX(Calc!$R$6:$Z$17,Calc!$OS14,Calc!OW$4),"") -> 200 | OX14: =IFERROR(INDEX(Calc!$R$6:$Z$17,Calc!$OS14,Calc!OX$4),"") -> Recurring | OY14: =IFERROR(DAY(OP14),"") -> 16 | OZ14: =IFERROR(MONTH(OP14),"") -> 1 | PA14: =IFERROR(YEAR(OP14),"") -> 2024 | PB14: =IFERROR(INDEX($L$8:$L$19,OZ14)&" - "&PA14,"") -> Jan - 2024 | PD14: =IFERROR(IF(LEN(Table!C18)=0,"",Table!C18),"") | PE14: =IFERROR(IF(LEN(Table!C18)=0,"",INDEX(Table!$D$11:$P$40,ROW(Calc!PD14)-ROW(Calc!$PD$6),Calc!$PO$29)),"") | PF14: =IFERROR(RANK($PE14,$PE$7:$PE$36),"") | PG14: =IFERROR(IF(COUNTIF($PF$7:PF14,PF14)>1,PF14+COUNTIF($PF$7:PF14,PF14)-1,PF14),"") | PH14: =IFERROR(IF(LEN(Table!C51)=0,"",Table!C51),"") | PI14: =IFERROR(IF(LEN(Table!C51)=0,"",INDEX(Table!$D$44:$P$73,ROW(Calc!PD14)-ROW(Calc!$PD$6),Calc!$PO$29)),"") | PJ14: =IFERROR(RANK($PI14,$PI$7:$PI$36),"") | PK14: =IFERROR(IF(COUNTIF($PJ$7:PJ14,PJ14)>1,PJ14+COUNTIF($PJ$7:PJ14,PJ14)-1,PJ14),"") | PN14: Top Expense
B15: Daily | D15: 9 weeks | E15: 9 months | F15: 9 | K15: 8 | L15: Aug | M15: =IFERROR(INDEX($L$8:$L$19,IF($I$9+K14>12,$I$9+K14-12,$I$9+K14)),L15) -> Aug | N15: =IFERROR(IF(M14=$L$19,N14+1,N14),2024) -> 2024 | O15: =IFERROR(M15&" - "&N15,"") -> Aug - 2024 | Q15: 10 | R15: =IFERROR(IF(INDEX(Scheduler[],$Q15,R$4)="","",INDEX(Scheduler[],$Q15,R$4)),"") | S15: =IFERROR(IF(INDEX(Scheduler[],$Q15,S$4)="","",INDEX(Scheduler[],$Q15,S$4)),"") | T15: =IFERROR(IF(INDEX(Scheduler[],$Q15,T$4)="","",INDEX(Scheduler[],$Q15,T$4)),"") | U15: =IFERROR(IF(INDEX(Scheduler[],$Q15,U$4)="","",INDEX(Scheduler[],$Q15,U$4)),"") | V15: =IFERROR(IF(INDEX(Scheduler[],$Q15,V$4)="","",INDEX(Scheduler[],$Q15,V$4)),"") | W15: =IFERROR(IF(INDEX(Scheduler[],$Q15,W$4)="","",INDEX(Scheduler[],$Q15,W$4)),"") | X15: =IFERROR(IF(INDEX(Scheduler[],$Q15,X$4)="","",INDEX(Scheduler[],$Q15,X$4)),"") | Y15: =IFERROR(IF(INDEX(Scheduler[],$Q15,Y$4)="","",INDEX(Scheduler[],$Q15,Y$4)),"") | Z15: =IFERROR(IF(INDEX(Scheduler[],$Q15,Z$4)="","",INDEX(Scheduler[],$Q15,Z$4)),"") | AA15: =IFERROR(IF(LEN(R15)=0,"",IF(V15=$B$12,1,INDEX($F$7:$F$18,MATCH(X15,OFFSET($D$7,0,IF(W15=$B$16,0,1),12,1),0)))),"") | AB15: =IFERROR(IF(OR($Y15>AB$5,$Z15<AB$5),"", IF(AND($V15=$B$12,$Y15=AB$5),$Q15, IF($W15=$B$15,$Q15, IF(AND($W15=$B$16,MOD(AB$5-$Y15,7)=0,MOD((AB$5-$Y15)/7,$AA15)=0),$Q15, IF(AND($W15=$B$17,OR(DAY($Y15)=DAY(AB$5),AND(DAY($Y15)>DAY(EOMONTH(AB$5,0)),DAY(AC$5)=1)),MOD(MONTH(AB$5)-MONTH($Y15),$AA15)=0),$Q15,""))))),"") | AC15: =IFERROR(IF(OR($Y15>AC$5,$Z15<AC$5),"", IF(AND($V15=$B$12,$Y15=AC$5),$Q15, IF($W15=$B$15,$Q15, IF(AND($W15=$B$16,MOD(AC$5-$Y15,7)=0,MOD((AC$5-$Y15)/7,$AA15)=0),$Q15, IF(AND($W15=$B$17,OR(DAY($Y15)=DAY(AC$5),AND(DAY($Y15)>DAY(EOMONTH(AC$5,0)),DAY(AD$5)=1)),MOD(MONTH(AC$5)-MONTH($Y15),$AA15)=0),$Q15,""))))),"") | AD15: =IFERROR(IF(OR($Y15>AD$5,$Z15<AD$5),"", IF(AND($V15=$B$12,$Y15=AD$5),$Q15, IF($W15=$B$15,$Q15, IF(AND($W15=$B$16,MOD(AD$5-$Y15,7)=0,MOD((AD$5-$Y15)/7,$AA15)=0),$Q15, IF(AND($W15=$B$17,OR(DAY($Y15)=DAY(AD$5),AND(DAY($Y15)>DAY(EOMONTH(AD$5,0)),DAY(AE$5)=1)),MOD(MONTH(AD$5)-MONTH($Y15),$AA15)=0),$Q15,""))))),"") | AE15: =IFERROR(IF(OR($Y15>AE$5,$Z15<AE$5),"", IF(AND($V15=$B$12,$Y15=AE$5),$Q15, IF($W15=$B$15,$Q15, IF(AND($W15=$B$16,MOD(AE$5-$Y15,7)=0,MOD((AE$5-$Y15)/7,$AA15)=0),$Q15, IF(AND($W15=$B$17,OR(DAY($Y15)=DAY(AE$5),AND(DAY($Y15)>DAY(EOMONTH(AE$5,0)),DAY(AF$5)=1)),MOD(MONTH(AE$5)-MONTH($Y15),$AA15)=0),$Q15,""))))),"") | AF15: =IFERROR(IF(OR($Y15>AF$5,$Z15<AF$5),"", IF(AND($V15=$B$12,$Y15=AF$5),$Q15, IF($W15=$B$15,$Q15, IF(AND($W15=$B$16,MOD(AF$5-$Y15,7)=0,MOD((AF$5-$Y15)/7,$AA15)=0),$Q15, IF(AND($W15=$B$17,OR(DAY($Y15)=DAY(AF$5),AND(DAY($Y15)>DAY(EOMONTH(AF$5,0)),DAY(AG$5)=1)),MOD(MONTH(AF$5)-MONTH($Y15),$AA15)=0),$Q15,""))))),"") | AG15: =IFERROR(IF(OR($Y15>AG$5,$Z15<AG$5),"", IF(AND($V15=$B$12,$Y15=AG$5),$Q15, IF($W15=$B$15,$Q15, IF(AND($W15=$B$16,MOD(AG$5-$Y15,7)=0,MOD((AG$5-$Y15)/7,$AA15)=0),$Q15, IF(AND($W15=$B$17,OR(DAY($Y15)=DAY(AG$5),AND(DAY($Y15)>DAY(EOMONTH(AG$5,0)),DAY(AH$5)=1)),MOD(MONTH(AG$5)-MONTH($Y15),$AA15)=0),$Q15,""))))),"") | AH15: =IFERROR(IF(OR($Y15>AH$5,$Z15<AH$5),"", IF(AND($V15=$B$12,$Y15=AH$5),$Q15, IF($W15=$B$15,$Q15, IF(AND($W15=$B$16,MOD(AH$5-$Y15,7)=0,MOD((AH$5-$Y15)/7,$AA15)=0),$Q15, IF(AND($W15=$B$17,OR(DAY($Y15)=DAY(AH$5),AND(DAY($Y15)>DAY(EOMONTH(AH$5,0)),DAY(AI$5)=1)),MOD(MONTH(AH$5)-MONTH($Y15),$AA15)=0),$Q15,""))))),"") | AI15: =IFERROR(IF(OR($Y15>AI$5,$Z15<AI$5),"", IF(AND($V15=$B$12,$Y15=AI$5),$Q15, IF($W15=$B$15,$Q15, IF(AND($W15=$B$16,MOD(AI$5-$Y15,7)=0,MOD((AI$5-$Y15)/7,$AA15)=0),$Q15, IF(AND($W15=$B$17,OR(DAY($Y15)=DAY(AI$5),AND(DAY($Y15)>DAY(EOMONTH(AI$5,0)),DAY(AJ$5)=1)),MOD(MONTH(AI$5)-MONTH($Y15),$AA15)=0),$Q15,""))))),"") | ... OD15: =IFERROR(IF(OR($Y15>OD$5,$Z15<OD$5),"", IF(AND($V15=$B$12,$Y15=OD$5),$Q15, IF($W15=$B$15,$Q15, IF(AND($W15=$B$16,MOD(OD$5-$Y15,7)=0,MOD((OD$5-$Y15)/7,$AA15)=0),$Q15, IF(AND($W15=$B$17,OR(DAY($Y15)=DAY(OD$5),AND(DAY($Y15)>DAY(EOMONTH(OD$5,0)),DAY(OE$5)=1)),MOD(MONTH(OD$5)-MONTH($Y15),$AA15)=0),$Q15,""))))),"") | OK15: 10 | OL15: =IFERROR(OL14+1,"") -> 45301 | OM15: =IFERROR(INDEX($AB$4:$OH$4,1,OK15),"") -> 0 | ON15: =IFERROR(IF(OM15<1,"",SUM($OM$6:$OM15))-$OM15+1,"") | OO15: =IFERROR(IF(OM15<1,"",SUM($OM$6:$OM15)),"") | OP15: =IFERROR(IF(OK15>$ON$4,"",IF(ISNUMBER(MATCH(OK15,$ON$6:$ON$3005,0)),INDEX($OL$6:$OL$376,MATCH(OK15,$ON$6:$ON$3005,0)),OP14)),"") -> 45311 | OQ15: =IFERROR(IF(OK15>$ON$4,"",COUNTIF($OP$6:OP15,OP15)),"") -> 1 | OR15: =IFERROR(MATCH(OP15,$AB$5:$OH$5,0),"") -> 20 | OS15: {=IFERROR(IF(LEN(OP15)=0,"",INDEX(OFFSET($AA$6,0,OR15,500,1),SMALL(IF(ISNUMBER(OFFSET($AA$6,0,OR15,500,1)),ROW(OFFSET($AA$6,0,OR15,500,1))-ROW(AA$5)),OQ15))),"")} -> 4 | OT15: =IFERROR(INDEX(Calc!$R$6:$Z$17,Calc!$OS15,Calc!OT$4),"") -> Income | OU15: =IFERROR(INDEX(Calc!$R$6:$Z$17,Calc!$OS15,Calc!OU$4),"") -> Property Sale | OV15: =IFERROR(INDEX(Calc!$R$6:$Z$17,Calc!$OS15,Calc!OV$4),"") -> Sales of the house | OW15: =IFERROR(INDEX(Calc!$R$6:$Z$17,Calc!$OS15,Calc!OW$4),"") -> 10000 | OX15: =IFERROR(INDEX(Calc!$R$6:$Z$17,Calc!$OS15,Calc!OX$4),"") -> One-time | OY15: =IFERROR(DAY(OP15),"") -> 20 | OZ15: =IFERROR(MONTH(OP15),"") -> 1 | PA15: =IFERROR(YEAR(OP15),"") -> 2024 | PB15: =IFERROR(INDEX($L$8:$L$19,OZ15)&" - "&PA15,"") -> Jan - 2024 | PD15: =IFERROR(IF(LEN(Table!C19)=0,"",Table!C19),"") | PE15: =IFERROR(IF(LEN(Table!C19)=0,"",INDEX(Table!$D$11:$P$40,ROW(Calc!PD15)-ROW(Calc!$PD$6),Calc!$PO$29)),"") | PF15: =IFERROR(RANK($PE15,$PE$7:$PE$36),"") | PG15: =IFERROR(IF(COUNTIF($PF$7:PF15,PF15)>1,PF15+COUNTIF($PF$7:PF15,PF15)-1,PF15),"") | PH15: =IFERROR(IF(LEN(Table!C52)=0,"",Table!C52),"") | PI15: =IFERROR(IF(LEN(Table!C52)=0,"",INDEX(Table!$D$44:$P$73,ROW(Calc!PD15)-ROW(Calc!$PD$6),Calc!$PO$29)),"") | PJ15: =IFERROR(RANK($PI15,$PI$7:$PI$36),"") | PK15: =IFERROR(IF(COUNTIF($PJ$7:PJ15,PJ15)>1,PJ15+COUNTIF($PJ$7:PJ15,PJ15)-1,PJ15),"") | PN15: 1 | PO15: =IFERROR(INDEX($PH$7:$PH$36,MATCH(PN15,$PK$7:$PK$36,0)),"") -> Purchase of Property | PP15: =IFERROR(INDEX($PI$7:$PI$36,MATCH(PN15,$PK$7:$PK$36,0)),"") -> 11000
B16: Weekly | D16: 10 weeks | E16: 10 months | F16: 10 | K16: 9 | L16: Sep | M16: =IFERROR(INDEX($L$8:$L$19,IF($I$9+K15>12,$I$9+K15-12,$I$9+K15)),L16) -> Sep | N16: =IFERROR(IF(M15=$L$19,N15+1,N15),2024) -> 2024 | O16: =IFERROR(M16&" - "&N16,"") -> Sep - 2024 | Q16: 11 | R16: =IFERROR(IF(INDEX(Scheduler[],$Q16,R$4)="","",INDEX(Scheduler[],$Q16,R$4)),"") | S16: =IFERROR(IF(INDEX(Scheduler[],$Q16,S$4)="","",INDEX(Scheduler[],$Q16,S$4)),"") | T16: =IFERROR(IF(INDEX(Scheduler[],$Q16,T$4)="","",INDEX(Scheduler[],$Q16,T$4)),"") | U16: =IFERROR(IF(INDEX(Scheduler[],$Q16,U$4)="","",INDEX(Scheduler[],$Q16,U$4)),"") | V16: =IFERROR(IF(INDEX(Scheduler[],$Q16,V$4)="","",INDEX(Scheduler[],$Q16,V$4)),"") | W16: =IFERROR(IF(INDEX(Scheduler[],$Q16,W$4)="","",INDEX(Scheduler[],$Q16,W$4)),"") | X16: =IFERROR(IF(INDEX(Scheduler[],$Q16,X$4)="","",INDEX(Scheduler[],$Q16,X$4)),"") | Y16: =IFERROR(IF(INDEX(Scheduler[],$Q16,Y$4)="","",INDEX(Scheduler[],$Q16,Y$4)),"") | Z16: =IFERROR(IF(INDEX(Scheduler[],$Q16,Z$4)="","",INDEX(Scheduler[],$Q16,Z$4)),"") | AA16: =IFERROR(IF(LEN(R16)=0,"",IF(V16=$B$12,1,INDEX($F$7:$F$18,MATCH(X16,OFFSET($D$7,0,IF(W16=$B$16,0,1),12,1),0)))),"") | AB16: =IFERROR(IF(OR($Y16>AB$5,$Z16<AB$5),"", IF(AND($V16=$B$12,$Y16=AB$5),$Q16, IF($W16=$B$15,$Q16, IF(AND($W16=$B$16,MOD(AB$5-$Y16,7)=0,MOD((AB$5-$Y16)/7,$AA16)=0),$Q16, IF(AND($W16=$B$17,OR(DAY($Y16)=DAY(AB$5),AND(DAY($Y16)>DAY(EOMONTH(AB$5,0)),DAY(AC$5)=1)),MOD(MONTH(AB$5)-MONTH($Y16),$AA16)=0),$Q16,""))))),"") | AC16: =IFERROR(IF(OR($Y16>AC$5,$Z16<AC$5),"", IF(AND($V16=$B$12,$Y16=AC$5),$Q16, IF($W16=$B$15,$Q16, IF(AND($W16=$B$16,MOD(AC$5-$Y16,7)=0,MOD((AC$5-$Y16)/7,$AA16)=0),$Q16, IF(AND($W16=$B$17,OR(DAY($Y16)=DAY(AC$5),AND(DAY($Y16)>DAY(EOMONTH(AC$5,0)),DAY(AD$5)=1)),MOD(MONTH(AC$5)-MONTH($Y16),$AA16)=0),$Q16,""))))),"") | AD16: =IFERROR(IF(OR($Y16>AD$5,$Z16<AD$5),"", IF(AND($V16=$B$12,$Y16=AD$5),$Q16, IF($W16=$B$15,$Q16, IF(AND($W16=$B$16,MOD(AD$5-$Y16,7)=0,MOD((AD$5-$Y16)/7,$AA16)=0),$Q16, IF(AND($W16=$B$17,OR(DAY($Y16)=DAY(AD$5),AND(DAY($Y16)>DAY(EOMONTH(AD$5,0)),DAY(AE$5)=1)),MOD(MONTH(AD$5)-MONTH($Y16),$AA16)=0),$Q16,""))))),"") | AE16: =IFERROR(IF(OR($Y16>AE$5,$Z16<AE$5),"", IF(AND($V16=$B$12,$Y16=AE$5),$Q16, IF($W16=$B$15,$Q16, IF(AND($W16=$B$16,MOD(AE$5-$Y16,7)=0,MOD((AE$5-$Y16)/7,$AA16)=0),$Q16, IF(AND($W16=$B$17,OR(DAY($Y16)=DAY(AE$5),AND(DAY($Y16)>DAY(EOMONTH(AE$5,0)),DAY(AF$5)=1)),MOD(MONTH(AE$5)-MONTH($Y16),$AA16)=0),$Q16,""))))),"") | AF16: =IFERROR(IF(OR($Y16>AF$5,$Z16<AF$5),"", IF(AND($V16=$B$12,$Y16=AF$5),$Q16, IF($W16=$B$15,$Q16, IF(AND($W16=$B$16,MOD(AF$5-$Y16,7)=0,MOD((AF$5-$Y16)/7,$AA16)=0),$Q16, IF(AND($W16=$B$17,OR(DAY($Y16)=DAY(AF$5),AND(DAY($Y16)>DAY(EOMONTH(AF$5,0)),DAY(AG$5)=1)),MOD(MONTH(AF$5)-MONTH($Y16),$AA16)=0),$Q16,""))))),"") | AG16: =IFERROR(IF(OR($Y16>AG$5,$Z16<AG$5),"", IF(AND($V16=$B$12,$Y16=AG$5),$Q16, IF($W16=$B$15,$Q16, IF(AND($W16=$B$16,MOD(AG$5-$Y16,7)=0,MOD((AG$5-$Y16)/7,$AA16)=0),$Q16, IF(AND($W16=$B$17,OR(DAY($Y16)=DAY(AG$5),AND(DAY($Y16)>DAY(EOMONTH(AG$5,0)),DAY(AH$5)=1)),MOD(MONTH(AG$5)-MONTH($Y16),$AA16)=0),$Q16,""))))),"") | AH16: =IFERROR(IF(OR($Y16>AH$5,$Z16<AH$5),"", IF(AND($V16=$B$12,$Y16=AH$5),$Q16, IF($W16=$B$15,$Q16, IF(AND($W16=$B$16,MOD(AH$5-$Y16,7)=0,MOD((AH$5-$Y16)/7,$AA16)=0),$Q16, IF(AND($W16=$B$17,OR(DAY($Y16)=DAY(AH$5),AND(DAY($Y16)>DAY(EOMONTH(AH$5,0)),DAY(AI$5)=1)),MOD(MONTH(AH$5)-MONTH($Y16),$AA16)=0),$Q16,""))))),"") | AI16: =IFERROR(IF(OR($Y16>AI$5,$Z16<AI$5),"", IF(AND($V16=$B$12,$Y16=AI$5),$Q16, IF($W16=$B$15,$Q16, IF(AND($W16=$B$16,MOD(AI$5-$Y16,7)=0,MOD((AI$5-$Y16)/7,$AA16)=0),$Q16, IF(AND($W16=$B$17,OR(DAY($Y16)=DAY(AI$5),AND(DAY($Y16)>DAY(EOMONTH(AI$5,0)),DAY(AJ$5)=1)),MOD(MONTH(AI$5)-MONTH($Y16),$AA16)=0),$Q16,""))))),"") | ... OD16: =IFERROR(IF(OR($Y16>OD$5,$Z16<OD$5),"", IF(AND($V16=$B$12,$Y16=OD$5),$Q16, IF($W16=$B$15,$Q16, IF(AND($W16=$B$16,MOD(OD$5-$Y16,7)=0,MOD((OD$5-$Y16)/7,$AA16)=0),$Q16, IF(AND($W16=$B$17,OR(DAY($Y16)=DAY(OD$5),AND(DAY($Y16)>DAY(EOMONTH(OD$5,0)),DAY(OE$5)=1)),MOD(MONTH(OD$5)-MONTH($Y16),$AA16)=0),$Q16,""))))),"") | OK16: 11 | OL16: =IFERROR(OL15+1,"") -> 45302 | OM16: =IFERROR(INDEX($AB$4:$OH$4,1,OK16),"") -> 0 | ON16: =IFERROR(IF(OM16<1,"",SUM($OM$6:$OM16))-$OM16+1,"") | OO16: =IFERROR(IF(OM16<1,"",SUM($OM$6:$OM16)),"") | OP16: =IFERROR(IF(OK16>$ON$4,"",IF(ISNUMBER(MATCH(OK16,$ON$6:$ON$3005,0)),INDEX($OL$6:$OL$376,MATCH(OK16,$ON$6:$ON$3005,0)),OP15)),"") -> 45312 | OQ16: =IFERROR(IF(OK16>$ON$4,"",COUNTIF($OP$6:OP16,OP16)),"") -> 1 | OR16: =IFERROR(MATCH(OP16,$AB$5:$OH$5,0),"") -> 21 | OS16: {=IFERROR(IF(LEN(OP16)=0,"",INDEX(OFFSET($AA$6,0,OR16,500,1),SMALL(IF(ISNUMBER(OFFSET($AA$6,0,OR16,500,1)),ROW(OFFSET($AA$6,0,OR16,500,1))-ROW(AA$5)),OQ16))),"")} -> 8 | OT16: =IFERROR(INDEX(Calc!$R$6:$Z$17,Calc!$OS16,Calc!OT$4),"") -> Expense | OU16: =IFERROR(INDEX(Calc!$R$6:$Z$17,Calc!$OS16,Calc!OU$4),"") -> Purchase of Property | OV16: =IFERROR(INDEX(Calc!$R$6:$Z$17,Calc!$OS16,Calc!OV$4),"") -> Purchase of the mill | OW16: =IFERROR(INDEX(Calc!$R$6:$Z$17,Calc!$OS16,Calc!OW$4),"") -> 11000 | OX16: =IFERROR(INDEX(Calc!$R$6:$Z$17,Calc!$OS16,Calc!OX$4),"") -> One-time | OY16: =IFERROR(DAY(OP16),"") -> 21 | OZ16: =IFERROR(MONTH(OP16),"") -> 1 | PA16: =IFERROR(YEAR(OP16),"") -> 2024 | PB16: =IFERROR(INDEX($L$8:$L$19,OZ16)&" - "&PA16,"") -> Jan - 2024 | PD16: =IFERROR(IF(LEN(Table!C20)=0,"",Table!C20),"") | PE16: =IFERROR(IF(LEN(Table!C20)=0,"",INDEX(Table!$D$11:$P$40,ROW(Calc!PD16)-ROW(Calc!$PD$6),Calc!$PO$29)),"") | PF16: =IFERROR(RANK($PE16,$PE$7:$PE$36),"") | PG16: =IFERROR(IF(COUNTIF($PF$7:PF16,PF16)>1,PF16+COUNTIF($PF$7:PF16,PF16)-1,PF16),"") | PH16: =IFERROR(IF(LEN(Table!C53)=0,"",Table!C53),"") | PI16: =IFERROR(IF(LEN(Table!C53)=0,"",INDEX(Table!$D$44:$P$73,ROW(Calc!PD16)-ROW(Calc!$PD$6),Calc!$PO$29)),"") | PJ16: =IFERROR(RANK($PI16,$PI$7:$PI$36),"") | PK16: =IFERROR(IF(COUNTIF($PJ$7:PJ16,PJ16)>1,PJ16+COUNTIF($PJ$7:PJ16,PJ16)-1,PJ16),"") | PN16: 2 | PO16: =IFERROR(INDEX($PH$7:$PH$36,MATCH(PN16,$PK$7:$PK$36,0)),"") -> Operating Expenses | PP16: =IFERROR(INDEX($PI$7:$PI$36,MATCH(PN16,$PK$7:$PK$36,0)),"") -> 3000
B17: Monthly | D17: 11 weeks | E17: 11 months | F17: 11 | K17: 10 | L17: Oct | M17: =IFERROR(INDEX($L$8:$L$19,IF($I$9+K16>12,$I$9+K16-12,$I$9+K16)),L17) -> Oct | N17: =IFERROR(IF(M16=$L$19,N16+1,N16),2024) -> 2024 | O17: =IFERROR(M17&" - "&N17,"") -> Oct - 2024 | Q17: 12 | R17: =IFERROR(IF(INDEX(Scheduler[],$Q17,R$4)="","",INDEX(Scheduler[],$Q17,R$4)),"") | S17: =IFERROR(IF(INDEX(Scheduler[],$Q17,S$4)="","",INDEX(Scheduler[],$Q17,S$4)),"") | T17: =IFERROR(IF(INDEX(Scheduler[],$Q17,T$4)="","",INDEX(Scheduler[],$Q17,T$4)),"") | U17: =IFERROR(IF(INDEX(Scheduler[],$Q17,U$4)="","",INDEX(Scheduler[],$Q17,U$4)),"") | V17: =IFERROR(IF(INDEX(Scheduler[],$Q17,V$4)="","",INDEX(Scheduler[],$Q17,V$4)),"") | W17: =IFERROR(IF(INDEX(Scheduler[],$Q17,W$4)="","",INDEX(Scheduler[],$Q17,W$4)),"") | X17: =IFERROR(IF(INDEX(Scheduler[],$Q17,X$4)="","",INDEX(Scheduler[],$Q17,X$4)),"") | Y17: =IFERROR(IF(INDEX(Scheduler[],$Q17,Y$4)="","",INDEX(Scheduler[],$Q17,Y$4)),"") | Z17: =IFERROR(IF(INDEX(Scheduler[],$Q17,Z$4)="","",INDEX(Scheduler[],$Q17,Z$4)),"") | AA17: =IFERROR(IF(LEN(R17)=0,"",IF(V17=$B$12,1,INDEX($F$7:$F$18,MATCH(X17,OFFSET($D$7,0,IF(W17=$B$16,0,1),12,1),0)))),"") | AB17: =IFERROR(IF(OR($Y17>AB$5,$Z17<AB$5),"", IF(AND($V17=$B$12,$Y17=AB$5),$Q17, IF($W17=$B$15,$Q17, IF(AND($W17=$B$16,MOD(AB$5-$Y17,7)=0,MOD((AB$5-$Y17)/7,$AA17)=0),$Q17, IF(AND($W17=$B$17,OR(DAY($Y17)=DAY(AB$5),AND(DAY($Y17)>DAY(EOMONTH(AB$5,0)),DAY(AC$5)=1)),MOD(MONTH(AB$5)-MONTH($Y17),$AA17)=0),$Q17,""))))),"") | AC17: =IFERROR(IF(OR($Y17>AC$5,$Z17<AC$5),"", IF(AND($V17=$B$12,$Y17=AC$5),$Q17, IF($W17=$B$15,$Q17, IF(AND($W17=$B$16,MOD(AC$5-$Y17,7)=0,MOD((AC$5-$Y17)/7,$AA17)=0),$Q17, IF(AND($W17=$B$17,OR(DAY($Y17)=DAY(AC$5),AND(DAY($Y17)>DAY(EOMONTH(AC$5,0)),DAY(AD$5)=1)),MOD(MONTH(AC$5)-MONTH($Y17),$AA17)=0),$Q17,""))))),"") | AD17: =IFERROR(IF(OR($Y17>AD$5,$Z17<AD$5),"", IF(AND($V17=$B$12,$Y17=AD$5),$Q17, IF($W17=$B$15,$Q17, IF(AND($W17=$B$16,MOD(AD$5-$Y17,7)=0,MOD((AD$5-$Y17)/7,$AA17)=0),$Q17, IF(AND($W17=$B$17,OR(DAY($Y17)=DAY(AD$5),AND(DAY($Y17)>DAY(EOMONTH(AD$5,0)),DAY(AE$5)=1)),MOD(MONTH(AD$5)-MONTH($Y17),$AA17)=0),$Q17,""))))),"") | AE17: =IFERROR(IF(OR($Y17>AE$5,$Z17<AE$5),"", IF(AND($V17=$B$12,$Y17=AE$5),$Q17, IF($W17=$B$15,$Q17, IF(AND($W17=$B$16,MOD(AE$5-$Y17,7)=0,MOD((AE$5-$Y17)/7,$AA17)=0),$Q17, IF(AND($W17=$B$17,OR(DAY($Y17)=DAY(AE$5),AND(DAY($Y17)>DAY(EOMONTH(AE$5,0)),DAY(AF$5)=1)),MOD(MONTH(AE$5)-MONTH($Y17),$AA17)=0),$Q17,""))))),"") | AF17: =IFERROR(IF(OR($Y17>AF$5,$Z17<AF$5),"", IF(AND($V17=$B$12,$Y17=AF$5),$Q17, IF($W17=$B$15,$Q17, IF(AND($W17=$B$16,MOD(AF$5-$Y17,7)=0,MOD((AF$5-$Y17)/7,$AA17)=0),$Q17, IF(AND($W17=$B$17,OR(DAY($Y17)=DAY(AF$5),AND(DAY($Y17)>DAY(EOMONTH(AF$5,0)),DAY(AG$5)=1)),MOD(MONTH(AF$5)-MONTH($Y17),$AA17)=0),$Q17,""))))),"") | AG17: =IFERROR(IF(OR($Y17>AG$5,$Z17<AG$5),"", IF(AND($V17=$B$12,$Y17=AG$5),$Q17, IF($W17=$B$15,$Q17, IF(AND($W17=$B$16,MOD(AG$5-$Y17,7)=0,MOD((AG$5-$Y17)/7,$AA17)=0),$Q17, IF(AND($W17=$B$17,OR(DAY($Y17)=DAY(AG$5),AND(DAY($Y17)>DAY(EOMONTH(AG$5,0)),DAY(AH$5)=1)),MOD(MONTH(AG$5)-MONTH($Y17),$AA17)=0),$Q17,""))))),"") | AH17: =IFERROR(IF(OR($Y17>AH$5,$Z17<AH$5),"", IF(AND($V17=$B$12,$Y17=AH$5),$Q17, IF($W17=$B$15,$Q17, IF(AND($W17=$B$16,MOD(AH$5-$Y17,7)=0,MOD((AH$5-$Y17)/7,$AA17)=0),$Q17, IF(AND($W17=$B$17,OR(DAY($Y17)=DAY(AH$5),AND(DAY($Y17)>DAY(EOMONTH(AH$5,0)),DAY(AI$5)=1)),MOD(MONTH(AH$5)-MONTH($Y17),$AA17)=0),$Q17,""))))),"") | AI17: =IFERROR(IF(OR($Y17>AI$5,$Z17<AI$5),"", IF(AND($V17=$B$12,$Y17=AI$5),$Q17, IF($W17=$B$15,$Q17, IF(AND($W17=$B$16,MOD(AI$5-$Y17,7)=0,MOD((AI$5-$Y17)/7,$AA17)=0),$Q17, IF(AND($W17=$B$17,OR(DAY($Y17)=DAY(AI$5),AND(DAY($Y17)>DAY(EOMONTH(AI$5,0)),DAY(AJ$5)=1)),MOD(MONTH(AI$5)-MONTH($Y17),$AA17)=0),$Q17,""))))),"") | ... OD17: =IFERROR(IF(OR($Y17>OD$5,$Z17<OD$5),"", IF(AND($V17=$B$12,$Y17=OD$5),$Q17, IF($W17=$B$15,$Q17, IF(AND($W17=$B$16,MOD(OD$5-$Y17,7)=0,MOD((OD$5-$Y17)/7,$AA17)=0),$Q17, IF(AND($W17=$B$17,OR(DAY($Y17)=DAY(OD$5),AND(DAY($Y17)>DAY(EOMONTH(OD$5,0)),DAY(OE$5)=1)),MOD(MONTH(OD$5)-MONTH($Y17),$AA17)=0),$Q17,""))))),"") | OK17: 12 | OL17: =IFERROR(OL16+1,"") -> 45303 | OM17: =IFERROR(INDEX($AB$4:$OH$4,1,OK17),"") -> 0 | ON17: =IFERROR(IF(OM17<1,"",SUM($OM$6:$OM17))-$OM17+1,"") | OO17: =IFERROR(IF(OM17<1,"",SUM($OM$6:$OM17)),"") | OP17: =IFERROR(IF(OK17>$ON$4,"",IF(ISNUMBER(MATCH(OK17,$ON$6:$ON$3005,0)),INDEX($OL$6:$OL$376,MATCH(OK17,$ON$6:$ON$3005,0)),OP16)),"") -> 45314 | OQ17: =IFERROR(IF(OK17>$ON$4,"",COUNTIF($OP$6:OP17,OP17)),"") -> 1 | OR17: =IFERROR(MATCH(OP17,$AB$5:$OH$5,0),"") -> 23 | OS17: {=IFERROR(IF(LEN(OP17)=0,"",INDEX(OFFSET($AA$6,0,OR17,500,1),SMALL(IF(ISNUMBER(OFFSET($AA$6,0,OR17,500,1)),ROW(OFFSET($AA$6,0,OR17,500,1))-ROW(AA$5)),OQ17))),"")} -> 3 | OT17: =IFERROR(INDEX(Calc!$R$6:$Z$17,Calc!$OS17,Calc!OT$4),"") -> Income | OU17: =IFERROR(INDEX(Calc!$R$6:$Z$17,Calc!$OS17,Calc!OU$4),"") -> Sales Revenue | OV17: =IFERROR(INDEX(Calc!$R$6:$Z$17,Calc!$OS17,Calc!OV$4),"") -> Sales from old factory | OW17: =IFERROR(INDEX(Calc!$R$6:$Z$17,Calc!$OS17,Calc!OW$4),"") -> 1500 | OX17: =IFERROR(INDEX(Calc!$R$6:$Z$17,Calc!$OS17,Calc!OX$4),"") -> Recurring | OY17: =IFERROR(DAY(OP17),"") -> 23 | OZ17: =IFERROR(MONTH(OP17),"") -> 1 | PA17: =IFERROR(YEAR(OP17),"") -> 2024 | PB17: =IFERROR(INDEX($L$8:$L$19,OZ17)&" - "&PA17,"") -> Jan - 2024 | PD17: =IFERROR(IF(LEN(Table!C21)=0,"",Table!C21),"") | PE17: =IFERROR(IF(LEN(Table!C21)=0,"",INDEX(Table!$D$11:$P$40,ROW(Calc!PD17)-ROW(Calc!$PD$6),Calc!$PO$29)),"") | PF17: =IFERROR(RANK($PE17,$PE$7:$PE$36),"") | PG17: =IFERROR(IF(COUNTIF($PF$7:PF17,PF17)>1,PF17+COUNTIF($PF$7:PF17,PF17)-1,PF17),"") | PH17: =IFERROR(IF(LEN(Table!C54)=0,"",Table!C54),"") | PI17: =IFERROR(IF(LEN(Table!C54)=0,"",INDEX(Table!$D$44:$P$73,ROW(Calc!PD17)-ROW(Calc!$PD$6),Calc!$PO$29)),"") | PJ17: =IFERROR(RANK($PI17,$PI$7:$PI$36),"") | PK17: =IFERROR(IF(COUNTIF($PJ$7:PJ17,PJ17)>1,PJ17+COUNTIF($PJ$7:PJ17,PJ17)-1,PJ17),"") | PN17: 3 | PO17: =IFERROR(INDEX($PH$7:$PH$36,MATCH(PN17,$PK$7:$PK$36,0)),"") -> Lending | PP17: =IFERROR(INDEX($PI$7:$PI$36,MATCH(PN17,$PK$7:$PK$36,0)),"") -> 1000
D18: 12 weeks | E18: 12 months | F18: 12 | K18: 11 | L18: Nov | M18: =IFERROR(INDEX($L$8:$L$19,IF($I$9+K17>12,$I$9+K17-12,$I$9+K17)),L18) -> Nov | N18: =IFERROR(IF(M17=$L$19,N17+1,N17),2024) -> 2024 | O18: =IFERROR(M18&" - "&N18,"") -> Nov - 2024 | OK18: 13 | OL18: =IFERROR(OL17+1,"") -> 45304 | OM18: =IFERROR(INDEX($AB$4:$OH$4,1,OK18),"") -> 0 | ON18: =IFERROR(IF(OM18<1,"",SUM($OM$6:$OM18))-$OM18+1,"") | OO18: =IFERROR(IF(OM18<1,"",SUM($OM$6:$OM18)),"") | OP18: =IFERROR(IF(OK18>$ON$4,"",IF(ISNUMBER(MATCH(OK18,$ON$6:$ON$3005,0)),INDEX($OL$6:$OL$376,MATCH(OK18,$ON$6:$ON$3005,0)),OP17)),"") -> 45314 | OQ18: =IFERROR(IF(OK18>$ON$4,"",COUNTIF($OP$6:OP18,OP18)),"") -> 2 | OR18: =IFERROR(MATCH(OP18,$AB$5:$OH$5,0),"") -> 23 | OS18: {=IFERROR(IF(LEN(OP18)=0,"",INDEX(OFFSET($AA$6,0,OR18,500,1),SMALL(IF(ISNUMBER(OFFSET($AA$6,0,OR18,500,1)),ROW(OFFSET($AA$6,0,OR18,500,1))-ROW(AA$5)),OQ18))),"")} -> 5 | OT18: =IFERROR(INDEX(Calc!$R$6:$Z$17,Calc!$OS18,Calc!OT$4),"") -> Expense | OU18: =IFERROR(INDEX(Calc!$R$6:$Z$17,Calc!$OS18,Calc!OU$4),"") -> Lending | OV18: =IFERROR(INDEX(Calc!$R$6:$Z$17,Calc!$OS18,Calc!OV$4),"") -> Equipment Lending | OW18: =IFERROR(INDEX(Calc!$R$6:$Z$17,Calc!$OS18,Calc!OW$4),"") -> 500 | OX18: =IFERROR(INDEX(Calc!$R$6:$Z$17,Calc!$OS18,Calc!OX$4),"") -> Recurring | OY18: =IFERROR(DAY(OP18),"") -> 23 | OZ18: =IFERROR(MONTH(OP18),"") -> 1 | PA18: =IFERROR(YEAR(OP18),"") -> 2024 | PB18: =IFERROR(INDEX($L$8:$L$19,OZ18)&" - "&PA18,"") -> Jan - 2024 | PD18: =IFERROR(IF(LEN(Table!C22)=0,"",Table!C22),"") | PE18: =IFERROR(IF(LEN(Table!C22)=0,"",INDEX(Table!$D$11:$P$40,ROW(Calc!PD18)-ROW(Calc!$PD$6),Calc!$PO$29)),"") | PF18: =IFERROR(RANK($PE18,$PE$7:$PE$36),"") | PG18: =IFERROR(IF(COUNTIF($PF$7:PF18,PF18)>1,PF18+COUNTIF($PF$7:PF18,PF18)-1,PF18),"") | PH18: =IFERROR(IF(LEN(Table!C55)=0,"",Table!C55),"") | PI18: =IFERROR(IF(LEN(Table!C55)=0,"",INDEX(Table!$D$44:$P$73,ROW(Calc!PD18)-ROW(Calc!$PD$6),Calc!$PO$29)),"") | PJ18: =IFERROR(RANK($PI18,$PI$7:$PI$36),"") | PK18: =IFERROR(IF(COUNTIF($PJ$7:PJ18,PJ18)>1,PJ18+COUNTIF($PJ$7:PJ18,PJ18)-1,PJ18),"") | PN18: 4 | PO18: =IFERROR(INDEX($PH$7:$PH$36,MATCH(PN18,$PK$7:$PK$36,0)),"") -> Purchase of Equipment | PP18: =IFERROR(INDEX($PI$7:$PI$36,MATCH(PN18,$PK$7:$PK$36,0)),"") -> 0
K19: 12 | L19: Dec | M19: =IFERROR(INDEX($L$8:$L$19,IF($I$9+K18>12,$I$9+K18-12,$I$9+K18)),L19) -> Dec | N19: =IFERROR(IF(M18=$L$19,N18+1,N18),2024) -> 2024 | O19: =IFERROR(M19&" - "&N19,"") -> Dec - 2024 | OK19: 14 | OL19: =IFERROR(OL18+1,"") -> 45305 | OM19: =IFERROR(INDEX($AB$4:$OH$4,1,OK19),"") -> 0 | ON19: =IFERROR(IF(OM19<1,"",SUM($OM$6:$OM19))-$OM19+1,"") | OO19: =IFERROR(IF(OM19<1,"",SUM($OM$6:$OM19)),"") | OP19: =IFERROR(IF(OK19>$ON$4,"",IF(ISNUMBER(MATCH(OK19,$ON$6:$ON$3005,0)),INDEX($OL$6:$OL$376,MATCH(OK19,$ON$6:$ON$3005,0)),OP18)),"") -> 45314 | OQ19: =IFERROR(IF(OK19>$ON$4,"",COUNTIF($OP$6:OP19,OP19)),"") -> 3 | OR19: =IFERROR(MATCH(OP19,$AB$5:$OH$5,0),"") -> 23 | OS19: {=IFERROR(IF(LEN(OP19)=0,"",INDEX(OFFSET($AA$6,0,OR19,500,1),SMALL(IF(ISNUMBER(OFFSET($AA$6,0,OR19,500,1)),ROW(OFFSET($AA$6,0,OR19,500,1))-ROW(AA$5)),OQ19))),"")} -> 6 | OT19: =IFERROR(INDEX(Calc!$R$6:$Z$17,Calc!$OS19,Calc!OT$4),"") -> Income | OU19: =IFERROR(INDEX(Calc!$R$6:$Z$17,Calc!$OS19,Calc!OU$4),"") -> Issuance of Debt | OV19: =IFERROR(INDEX(Calc!$R$6:$Z$17,Calc!$OS19,Calc!OV$4),"") -> Debt Issuance | OW19: =IFERROR(INDEX(Calc!$R$6:$Z$17,Calc!$OS19,Calc!OW$4),"") -> 200 | OX19: =IFERROR(INDEX(Calc!$R$6:$Z$17,Calc!$OS19,Calc!OX$4),"") -> Recurring | OY19: =IFERROR(DAY(OP19),"") -> 23 | OZ19: =IFERROR(MONTH(OP19),"") -> 1 | PA19: =IFERROR(YEAR(OP19),"") -> 2024 | PB19: =IFERROR(INDEX($L$8:$L$19,OZ19)&" - "&PA19,"") -> Jan - 2024 | PD19: =IFERROR(IF(LEN(Table!C23)=0,"",Table!C23),"") | PE19: =IFERROR(IF(LEN(Table!C23)=0,"",INDEX(Table!$D$11:$P$40,ROW(Calc!PD19)-ROW(Calc!$PD$6),Calc!$PO$29)),"") | PF19: =IFERROR(RANK($PE19,$PE$7:$PE$36),"") | PG19: =IFERROR(IF(COUNTIF($PF$7:PF19,PF19)>1,PF19+COUNTIF($PF$7:PF19,PF19)-1,PF19),"") | PH19: =IFERROR(IF(LEN(Table!C56)=0,"",Table!C56),"") | PI19: =IFERROR(IF(LEN(Table!C56)=0,"",INDEX(Table!$D$44:$P$73,ROW(Calc!PD19)-ROW(Calc!$PD$6),Calc!$PO$29)),"") | PJ19: =IFERROR(RANK($PI19,$PI$7:$PI$36),"") | PK19: =IFERROR(IF(COUNTIF($PJ$7:PJ19,PJ19)>1,PJ19+COUNTIF($PJ$7:PJ19,PJ19)-1,PJ19),"") | PN19: 5 | PO19: =IFERROR(INDEX($PH$7:$PH$36,MATCH(PN19,$PK$7:$PK$36,0)),"") -> Interest Paid | PP19: =IFERROR(INDEX($PI$7:$PI$36,MATCH(PN19,$PK$7:$PK$36,0)),"") -> 0
OK20: 15 | OL20: =IFERROR(OL19+1,"") -> 45306 | OM20: =IFERROR(INDEX($AB$4:$OH$4,1,OK20),"") -> 0 | ON20: =IFERROR(IF(OM20<1,"",SUM($OM$6:$OM20))-$OM20+1,"") | OO20: =IFERROR(IF(OM20<1,"",SUM($OM$6:$OM20)),"") | OP20: =IFERROR(IF(OK20>$ON$4,"",IF(ISNUMBER(MATCH(OK20,$ON$6:$ON$3005,0)),INDEX($OL$6:$OL$376,MATCH(OK20,$ON$6:$ON$3005,0)),OP19)),"") -> 45321 | OQ20: =IFERROR(IF(OK20>$ON$4,"",COUNTIF($OP$6:OP20,OP20)),"") -> 1 | OR20: =IFERROR(MATCH(OP20,$AB$5:$OH$5,0),"") -> 30 | OS20: {=IFERROR(IF(LEN(OP20)=0,"",INDEX(OFFSET($AA$6,0,OR20,500,1),SMALL(IF(ISNUMBER(OFFSET($AA$6,0,OR20,500,1)),ROW(OFFSET($AA$6,0,OR20,500,1))-ROW(AA$5)),OQ20))),"")} -> 1 | OT20: =IFERROR(INDEX(Calc!$R$6:$Z$17,Calc!$OS20,Calc!OT$4),"") -> Expense | OU20: =IFERROR(INDEX(Calc!$R$6:$Z$17,Calc!$OS20,Calc!OU$4),"") -> Operating Expenses | OV20: =IFERROR(INDEX(Calc!$R$6:$Z$17,Calc!$OS20,Calc!OV$4),"") -> Wages | OW20: =IFERROR(INDEX(Calc!$R$6:$Z$17,Calc!$OS20,Calc!OW$4),"") -> 1000 | OX20: =IFERROR(INDEX(Calc!$R$6:$Z$17,Calc!$OS20,Calc!OX$4),"") -> Recurring | OY20: =IFERROR(DAY(OP20),"") -> 30 | OZ20: =IFERROR(MONTH(OP20),"") -> 1 | PA20: =IFERROR(YEAR(OP20),"") -> 2024 | PB20: =IFERROR(INDEX($L$8:$L$19,OZ20)&" - "&PA20,"") -> Jan - 2024 | PD20: =IFERROR(IF(LEN(Table!C24)=0,"",Table!C24),"") | PE20: =IFERROR(IF(LEN(Table!C24)=0,"",INDEX(Table!$D$11:$P$40,ROW(Calc!PD20)-ROW(Calc!$PD$6),Calc!$PO$29)),"") | PF20: =IFERROR(RANK($PE20,$PE$7:$PE$36),"") | PG20: =IFERROR(IF(COUNTIF($PF$7:PF20,PF20)>1,PF20+COUNTIF($PF$7:PF20,PF20)-1,PF20),"") | PH20: =IFERROR(IF(LEN(Table!C57)=0,"",Table!C57),"") | PI20: =IFERROR(IF(LEN(Table!C57)=0,"",INDEX(Table!$D$44:$P$73,ROW(Calc!PD20)-ROW(Calc!$PD$6),Calc!$PO$29)),"") | PJ20: =IFERROR(RANK($PI20,$PI$7:$PI$36),"") | PK20: =IFERROR(IF(COUNTIF($PJ$7:PJ20,PJ20)>1,PJ20+COUNTIF($PJ$7:PJ20,PJ20)-1,PJ20),"")
OK21: 16 | OL21: =IFERROR(OL20+1,"") -> 45307 | OM21: =IFERROR(INDEX($AB$4:$OH$4,1,OK21),"") -> 3 | ON21: =IFERROR(IF(OM21<1,"",SUM($OM$6:$OM21))-$OM21+1,"") -> 7 | OO21: =IFERROR(IF(OM21<1,"",SUM($OM$6:$OM21)),"") -> 9 | OP21: =IFERROR(IF(OK21>$ON$4,"",IF(ISNUMBER(MATCH(OK21,$ON$6:$ON$3005,0)),INDEX($OL$6:$OL$376,MATCH(OK21,$ON$6:$ON$3005,0)),OP20)),"") -> 45321 | OQ21: =IFERROR(IF(OK21>$ON$4,"",COUNTIF($OP$6:OP21,OP21)),"") -> 2 | OR21: =IFERROR(MATCH(OP21,$AB$5:$OH$5,0),"") -> 30 | OS21: {=IFERROR(IF(LEN(OP21)=0,"",INDEX(OFFSET($AA$6,0,OR21,500,1),SMALL(IF(ISNUMBER(OFFSET($AA$6,0,OR21,500,1)),ROW(OFFSET($AA$6,0,OR21,500,1))-ROW(AA$5)),OQ21))),"")} -> 3 | OT21: =IFERROR(INDEX(Calc!$R$6:$Z$17,Calc!$OS21,Calc!OT$4),"") -> Income | OU21: =IFERROR(INDEX(Calc!$R$6:$Z$17,Calc!$OS21,Calc!OU$4),"") -> Sales Revenue | OV21: =IFERROR(INDEX(Calc!$R$6:$Z$17,Calc!$OS21,Calc!OV$4),"") -> Sales from old factory | OW21: =IFERROR(INDEX(Calc!$R$6:$Z$17,Calc!$OS21,Calc!OW$4),"") -> 1500 | OX21: =IFERROR(INDEX(Calc!$R$6:$Z$17,Calc!$OS21,Calc!OX$4),"") -> Recurring | OY21: =IFERROR(DAY(OP21),"") -> 30 | OZ21: =IFERROR(MONTH(OP21),"") -> 1 | PA21: =IFERROR(YEAR(OP21),"") -> 2024 | PB21: =IFERROR(INDEX($L$8:$L$19,OZ21)&" - "&PA21,"") -> Jan - 2024 | PD21: =IFERROR(IF(LEN(Table!C25)=0,"",Table!C25),"") | PE21: =IFERROR(IF(LEN(Table!C25)=0,"",INDEX(Table!$D$11:$P$40,ROW(Calc!PD21)-ROW(Calc!$PD$6),Calc!$PO$29)),"") | PF21: =IFERROR(RANK($PE21,$PE$7:$PE$36),"") | PG21: =IFERROR(IF(COUNTIF($PF$7:PF21,PF21)>1,PF21+COUNTIF($PF$7:PF21,PF21)-1,PF21),"") | PH21: =IFERROR(IF(LEN(Table!C58)=0,"",Table!C58),"") | PI21: =IFERROR(IF(LEN(Table!C58)=0,"",INDEX(Table!$D$44:$P$73,ROW(Calc!PD21)-ROW(Calc!$PD$6),Calc!$PO$29)),"") | PJ21: =IFERROR(RANK($PI21,$PI$7:$PI$36),"") | PK21: =IFERROR(IF(COUNTIF($PJ$7:PJ21,PJ21)>1,PJ21+COUNTIF($PJ$7:PJ21,PJ21)-1,PJ21),"")
OK22: 17 | OL22: =IFERROR(OL21+1,"") -> 45308 | OM22: =IFERROR(INDEX($AB$4:$OH$4,1,OK22),"") -> 0 | ON22: =IFERROR(IF(OM22<1,"",SUM($OM$6:$OM22))-$OM22+1,"") | OO22: =IFERROR(IF(OM22<1,"",SUM($OM$6:$OM22)),"") | OP22: =IFERROR(IF(OK22>$ON$4,"",IF(ISNUMBER(MATCH(OK22,$ON$6:$ON$3005,0)),INDEX($OL$6:$OL$376,MATCH(OK22,$ON$6:$ON$3005,0)),OP21)),"") -> 45321 | OQ22: =IFERROR(IF(OK22>$ON$4,"",COUNTIF($OP$6:OP22,OP22)),"") -> 3 | OR22: =IFERROR(MATCH(OP22,$AB$5:$OH$5,0),"") -> 30 | OS22: {=IFERROR(IF(LEN(OP22)=0,"",INDEX(OFFSET($AA$6,0,OR22,500,1),SMALL(IF(ISNUMBER(OFFSET($AA$6,0,OR22,500,1)),ROW(OFFSET($AA$6,0,OR22,500,1))-ROW(AA$5)),OQ22))),"")} -> 6 | OT22: =IFERROR(INDEX(Calc!$R$6:$Z$17,Calc!$OS22,Calc!OT$4),"") -> Income | OU22: =IFERROR(INDEX(Calc!$R$6:$Z$17,Calc!$OS22,Calc!OU$4),"") -> Issuance of Debt | OV22: =IFERROR(INDEX(Calc!$R$6:$Z$17,Calc!$OS22,Calc!OV$4),"") -> Debt Issuance | OW22: =IFERROR(INDEX(Calc!$R$6:$Z$17,Calc!$OS22,Calc!OW$4),"") -> 200 | OX22: =IFERROR(INDEX(Calc!$R$6:$Z$17,Calc!$OS22,Calc!OX$4),"") -> Recurring | OY22: =IFERROR(DAY(OP22),"") -> 30 | OZ22: =IFERROR(MONTH(OP22),"") -> 1 | PA22: =IFERROR(YEAR(OP22),"") -> 2024 | PB22: =IFERROR(INDEX($L$8:$L$19,OZ22)&" - "&PA22,"") -> Jan - 2024 | PD22: =IFERROR(IF(LEN(Table!C26)=0,"",Table!C26),"") | PE22: =IFERROR(IF(LEN(Table!C26)=0,"",INDEX(Table!$D$11:$P$40,ROW(Calc!PD22)-ROW(Calc!$PD$6),Calc!$PO$29)),"") | PF22: =IFERROR(RANK($PE22,$PE$7:$PE$36),"") | PG22: =IFERROR(IF(COUNTIF($PF$7:PF22,PF22)>1,PF22+COUNTIF($PF$7:PF22,PF22)-1,PF22),"") | PH22: =IFERROR(IF(LEN(Table!C59)=0,"",Table!C59),"") | PI22: =IFERROR(IF(LEN(Table!C59)=0,"",INDEX(Table!$D$44:$P$73,ROW(Calc!PD22)-ROW(Calc!$PD$6),Calc!$PO$29)),"") | PJ22: =IFERROR(RANK($PI22,$PI$7:$PI$36),"") | PK22: =IFERROR(IF(COUNTIF($PJ$7:PJ22,PJ22)>1,PJ22+COUNTIF($PJ$7:PJ22,PJ22)-1,PJ22),"") | PN22: Monthly Analysis
OK23: 18 | OL23: =IFERROR(OL22+1,"") -> 45309 | OM23: =IFERROR(INDEX($AB$4:$OH$4,1,OK23),"") -> 0 | ON23: =IFERROR(IF(OM23<1,"",SUM($OM$6:$OM23))-$OM23+1,"") | OO23: =IFERROR(IF(OM23<1,"",SUM($OM$6:$OM23)),"") | OP23: =IFERROR(IF(OK23>$ON$4,"",IF(ISNUMBER(MATCH(OK23,$ON$6:$ON$3005,0)),INDEX($OL$6:$OL$376,MATCH(OK23,$ON$6:$ON$3005,0)),OP22)),"") -> 45328 | OQ23: =IFERROR(IF(OK23>$ON$4,"",COUNTIF($OP$6:OP23,OP23)),"") -> 1 | OR23: =IFERROR(MATCH(OP23,$AB$5:$OH$5,0),"") -> 37 | OS23: {=IFERROR(IF(LEN(OP23)=0,"",INDEX(OFFSET($AA$6,0,OR23,500,1),SMALL(IF(ISNUMBER(OFFSET($AA$6,0,OR23,500,1)),ROW(OFFSET($AA$6,0,OR23,500,1))-ROW(AA$5)),OQ23))),"")} -> 3 | OT23: =IFERROR(INDEX(Calc!$R$6:$Z$17,Calc!$OS23,Calc!OT$4),"") -> Income | OU23: =IFERROR(INDEX(Calc!$R$6:$Z$17,Calc!$OS23,Calc!OU$4),"") -> Sales Revenue | OV23: =IFERROR(INDEX(Calc!$R$6:$Z$17,Calc!$OS23,Calc!OV$4),"") -> Sales from old factory | OW23: =IFERROR(INDEX(Calc!$R$6:$Z$17,Calc!$OS23,Calc!OW$4),"") -> 1500 | OX23: =IFERROR(INDEX(Calc!$R$6:$Z$17,Calc!$OS23,Calc!OX$4),"") -> Recurring | OY23: =IFERROR(DAY(OP23),"") -> 6 | OZ23: =IFERROR(MONTH(OP23),"") -> 2 | PA23: =IFERROR(YEAR(OP23),"") -> 2024 | PB23: =IFERROR(INDEX($L$8:$L$19,OZ23)&" - "&PA23,"") -> Feb - 2024 | PD23: =IFERROR(IF(LEN(Table!C27)=0,"",Table!C27),"") | PE23: =IFERROR(IF(LEN(Table!C27)=0,"",INDEX(Table!$D$11:$P$40,ROW(Calc!PD23)-ROW(Calc!$PD$6),Calc!$PO$29)),"") | PF23: =IFERROR(RANK($PE23,$PE$7:$PE$36),"") | PG23: =IFERROR(IF(COUNTIF($PF$7:PF23,PF23)>1,PF23+COUNTIF($PF$7:PF23,PF23)-1,PF23),"") | PH23: =IFERROR(IF(LEN(Table!C60)=0,"",Table!C60),"") | PI23: =IFERROR(IF(LEN(Table!C60)=0,"",INDEX(Table!$D$44:$P$73,ROW(Calc!PD23)-ROW(Calc!$PD$6),Calc!$PO$29)),"") | PJ23: =IFERROR(RANK($PI23,$PI$7:$PI$36),"") | PK23: =IFERROR(IF(COUNTIF($PJ$7:PJ23,PJ23)>1,PJ23+COUNTIF($PJ$7:PJ23,PJ23)-1,PJ23),"") | PN23: Opening Balance | PO23: =IFERROR(INDEX(Table!$D$8:$P$8,0,Calc!PO29),"") -> 2800
OK24: 19 | OL24: =IFERROR(OL23+1,"") -> 45310 | OM24: =IFERROR(INDEX($AB$4:$OH$4,1,OK24),"") -> 0 | ON24: =IFERROR(IF(OM24<1,"",SUM($OM$6:$OM24))-$OM24+1,"") | OO24: =IFERROR(IF(OM24<1,"",SUM($OM$6:$OM24)),"") | OP24: =IFERROR(IF(OK24>$ON$4,"",IF(ISNUMBER(MATCH(OK24,$ON$6:$ON$3005,0)),INDEX($OL$6:$OL$376,MATCH(OK24,$ON$6:$ON$3005,0)),OP23)),"") -> 45328 | OQ24: =IFERROR(IF(OK24>$ON$4,"",COUNTIF($OP$6:OP24,OP24)),"") -> 2 | OR24: =IFERROR(MATCH(OP24,$AB$5:$OH$5,0),"") -> 37 | OS24: {=IFERROR(IF(LEN(OP24)=0,"",INDEX(OFFSET($AA$6,0,OR24,500,1),SMALL(IF(ISNUMBER(OFFSET($AA$6,0,OR24,500,1)),ROW(OFFSET($AA$6,0,OR24,500,1))-ROW(AA$5)),OQ24))),"")} -> 6 | OT24: =IFERROR(INDEX(Calc!$R$6:$Z$17,Calc!$OS24,Calc!OT$4),"") -> Income | OU24: =IFERROR(INDEX(Calc!$R$6:$Z$17,Calc!$OS24,Calc!OU$4),"") -> Issuance of Debt | OV24: =IFERROR(INDEX(Calc!$R$6:$Z$17,Calc!$OS24,Calc!OV$4),"") -> Debt Issuance | OW24: =IFERROR(INDEX(Calc!$R$6:$Z$17,Calc!$OS24,Calc!OW$4),"") -> 200 | OX24: =IFERROR(INDEX(Calc!$R$6:$Z$17,Calc!$OS24,Calc!OX$4),"") -> Recurring | OY24: =IFERROR(DAY(OP24),"") -> 6 | OZ24: =IFERROR(MONTH(OP24),"") -> 2 | PA24: =IFERROR(YEAR(OP24),"") -> 2024 | PB24: =IFERROR(INDEX($L$8:$L$19,OZ24)&" - "&PA24,"") -> Feb - 2024 | PD24: =IFERROR(IF(LEN(Table!C28)=0,"",Table!C28),"") | PE24: =IFERROR(IF(LEN(Table!C28)=0,"",INDEX(Table!$D$11:$P$40,ROW(Calc!PD24)-ROW(Calc!$PD$6),Calc!$PO$29)),"") | PF24: =IFERROR(RANK($PE24,$PE$7:$PE$36),"") | PG24: =IFERROR(IF(COUNTIF($PF$7:PF24,PF24)>1,PF24+COUNTIF($PF$7:PF24,PF24)-1,PF24),"") | PH24: =IFERROR(IF(LEN(Table!C61)=0,"",Table!C61),"") | PI24: =IFERROR(IF(LEN(Table!C61)=0,"",INDEX(Table!$D$44:$P$73,ROW(Calc!PD24)-ROW(Calc!$PD$6),Calc!$PO$29)),"") | PJ24: =IFERROR(RANK($PI24,$PI$7:$PI$36),"") | PK24: =IFERROR(IF(COUNTIF($PJ$7:PJ24,PJ24)>1,PJ24+COUNTIF($PJ$7:PJ24,PJ24)-1,PJ24),"") | PN24: Total Income | PO24: =IFERROR(INDEX(Table!$D$41:$P$41,0,Calc!PO29),"") -> 18500
OK25: 20 | OL25: =IFERROR(OL24+1,"") -> 45311 | OM25: =IFERROR(INDEX($AB$4:$OH$4,1,OK25),"") -> 1 | ON25: =IFERROR(IF(OM25<1,"",SUM($OM$6:$OM25))-$OM25+1,"") -> 10 | OO25: =IFERROR(IF(OM25<1,"",SUM($OM$6:$OM25)),"") -> 10 | OP25: =IFERROR(IF(OK25>$ON$4,"",IF(ISNUMBER(MATCH(OK25,$ON$6:$ON$3005,0)),INDEX($OL$6:$OL$376,MATCH(OK25,$ON$6:$ON$3005,0)),OP24)),"") -> 45335 | OQ25: =IFERROR(IF(OK25>$ON$4,"",COUNTIF($OP$6:OP25,OP25)),"") -> 1 | OR25: =IFERROR(MATCH(OP25,$AB$5:$OH$5,0),"") -> 44 | OS25: {=IFERROR(IF(LEN(OP25)=0,"",INDEX(OFFSET($AA$6,0,OR25,500,1),SMALL(IF(ISNUMBER(OFFSET($AA$6,0,OR25,500,1)),ROW(OFFSET($AA$6,0,OR25,500,1))-ROW(AA$5)),OQ25))),"")} -> 1 | OT25: =IFERROR(INDEX(Calc!$R$6:$Z$17,Calc!$OS25,Calc!OT$4),"") -> Expense | OU25: =IFERROR(INDEX(Calc!$R$6:$Z$17,Calc!$OS25,Calc!OU$4),"") -> Operating Expenses | OV25: =IFERROR(INDEX(Calc!$R$6:$Z$17,Calc!$OS25,Calc!OV$4),"") -> Wages | OW25: =IFERROR(INDEX(Calc!$R$6:$Z$17,Calc!$OS25,Calc!OW$4),"") -> 1000 | OX25: =IFERROR(INDEX(Calc!$R$6:$Z$17,Calc!$OS25,Calc!OX$4),"") -> Recurring | OY25: =IFERROR(DAY(OP25),"") -> 13 | OZ25: =IFERROR(MONTH(OP25),"") -> 2 | PA25: =IFERROR(YEAR(OP25),"") -> 2024 | PB25: =IFERROR(INDEX($L$8:$L$19,OZ25)&" - "&PA25,"") -> Feb - 2024 | PD25: =IFERROR(IF(LEN(Table!C29)=0,"",Table!C29),"") | PE25: =IFERROR(IF(LEN(Table!C29)=0,"",INDEX(Table!$D$11:$P$40,ROW(Calc!PD25)-ROW(Calc!$PD$6),Calc!$PO$29)),"") | PF25: =IFERROR(RANK($PE25,$PE$7:$PE$36),"") | PG25: =IFERROR(IF(COUNTIF($PF$7:PF25,PF25)>1,PF25+COUNTIF($PF$7:PF25,PF25)-1,PF25),"") | PH25: =IFERROR(IF(LEN(Table!C62)=0,"",Table!C62),"") | PI25: =IFERROR(IF(LEN(Table!C62)=0,"",INDEX(Table!$D$44:$P$73,ROW(Calc!PD25)-ROW(Calc!$PD$6),Calc!$PO$29)),"") | PJ25: =IFERROR(RANK($PI25,$PI$7:$PI$36),"") | PK25: =IFERROR(IF(COUNTIF($PJ$7:PJ25,PJ25)>1,PJ25+COUNTIF($PJ$7:PJ25,PJ25)-1,PJ25),"") | PN25: Total Expense | PO25: =IFERROR(INDEX(Table!$D$74:$P$74,0,Calc!PO29),"") -> 15000
OK26: 21 | OL26: =IFERROR(OL25+1,"") -> 45312 | OM26: =IFERROR(INDEX($AB$4:$OH$4,1,OK26),"") -> 1 | ON26: =IFERROR(IF(OM26<1,"",SUM($OM$6:$OM26))-$OM26+1,"") -> 11 | OO26: =IFERROR(IF(OM26<1,"",SUM($OM$6:$OM26)),"") -> 11 | OP26: =IFERROR(IF(OK26>$ON$4,"",IF(ISNUMBER(MATCH(OK26,$ON$6:$ON$3005,0)),INDEX($OL$6:$OL$376,MATCH(OK26,$ON$6:$ON$3005,0)),OP25)),"") -> 45335 | OQ26: =IFERROR(IF(OK26>$ON$4,"",COUNTIF($OP$6:OP26,OP26)),"") -> 2 | OR26: =IFERROR(MATCH(OP26,$AB$5:$OH$5,0),"") -> 44 | OS26: {=IFERROR(IF(LEN(OP26)=0,"",INDEX(OFFSET($AA$6,0,OR26,500,1),SMALL(IF(ISNUMBER(OFFSET($AA$6,0,OR26,500,1)),ROW(OFFSET($AA$6,0,OR26,500,1))-ROW(AA$5)),OQ26))),"")} -> 3 | OT26: =IFERROR(INDEX(Calc!$R$6:$Z$17,Calc!$OS26,Calc!OT$4),"") -> Income | OU26: =IFERROR(INDEX(Calc!$R$6:$Z$17,Calc!$OS26,Calc!OU$4),"") -> Sales Revenue | OV26: =IFERROR(INDEX(Calc!$R$6:$Z$17,Calc!$OS26,Calc!OV$4),"") -> Sales from old factory | OW26: =IFERROR(INDEX(Calc!$R$6:$Z$17,Calc!$OS26,Calc!OW$4),"") -> 1500 | OX26: =IFERROR(INDEX(Calc!$R$6:$Z$17,Calc!$OS26,Calc!OX$4),"") -> Recurring | OY26: =IFERROR(DAY(OP26),"") -> 13 | OZ26: =IFERROR(MONTH(OP26),"") -> 2 | PA26: =IFERROR(YEAR(OP26),"") -> 2024 | PB26: =IFERROR(INDEX($L$8:$L$19,OZ26)&" - "&PA26,"") -> Feb - 2024 | PD26: =IFERROR(IF(LEN(Table!C30)=0,"",Table!C30),"") | PE26: =IFERROR(IF(LEN(Table!C30)=0,"",INDEX(Table!$D$11:$P$40,ROW(Calc!PD26)-ROW(Calc!$PD$6),Calc!$PO$29)),"") | PF26: =IFERROR(RANK($PE26,$PE$7:$PE$36),"") | PG26: =IFERROR(IF(COUNTIF($PF$7:PF26,PF26)>1,PF26+COUNTIF($PF$7:PF26,PF26)-1,PF26),"") | PH26: =IFERROR(IF(LEN(Table!C63)=0,"",Table!C63),"") | PI26: =IFERROR(IF(LEN(Table!C63)=0,"",INDEX(Table!$D$44:$P$73,ROW(Calc!PD26)-ROW(Calc!$PD$6),Calc!$PO$29)),"") | PJ26: =IFERROR(RANK($PI26,$PI$7:$PI$36),"") | PK26: =IFERROR(IF(COUNTIF($PJ$7:PJ26,PJ26)>1,PJ26+COUNTIF($PJ$7:PJ26,PJ26)-1,PJ26),"") | PN26: Monthly Cash Balance | PO26: =IFERROR(INDEX(Table!$D$76:$P$76,0,Calc!PO29),"") -> 3500
OK27: 22 | OL27: =IFERROR(OL26+1,"") -> 45313 | OM27: =IFERROR(INDEX($AB$4:$OH$4,1,OK27),"") -> 0 | ON27: =IFERROR(IF(OM27<1,"",SUM($OM$6:$OM27))-$OM27+1,"") | OO27: =IFERROR(IF(OM27<1,"",SUM($OM$6:$OM27)),"") | OP27: =IFERROR(IF(OK27>$ON$4,"",IF(ISNUMBER(MATCH(OK27,$ON$6:$ON$3005,0)),INDEX($OL$6:$OL$376,MATCH(OK27,$ON$6:$ON$3005,0)),OP26)),"") -> 45335 | OQ27: =IFERROR(IF(OK27>$ON$4,"",COUNTIF($OP$6:OP27,OP27)),"") -> 3 | OR27: =IFERROR(MATCH(OP27,$AB$5:$OH$5,0),"") -> 44 | OS27: {=IFERROR(IF(LEN(OP27)=0,"",INDEX(OFFSET($AA$6,0,OR27,500,1),SMALL(IF(ISNUMBER(OFFSET($AA$6,0,OR27,500,1)),ROW(OFFSET($AA$6,0,OR27,500,1))-ROW(AA$5)),OQ27))),"")} -> 5 | OT27: =IFERROR(INDEX(Calc!$R$6:$Z$17,Calc!$OS27,Calc!OT$4),"") -> Expense | OU27: =IFERROR(INDEX(Calc!$R$6:$Z$17,Calc!$OS27,Calc!OU$4),"") -> Lending | OV27: =IFERROR(INDEX(Calc!$R$6:$Z$17,Calc!$OS27,Calc!OV$4),"") -> Equipment Lending | OW27: =IFERROR(INDEX(Calc!$R$6:$Z$17,Calc!$OS27,Calc!OW$4),"") -> 500 | OX27: =IFERROR(INDEX(Calc!$R$6:$Z$17,Calc!$OS27,Calc!OX$4),"") -> Recurring | OY27: =IFERROR(DAY(OP27),"") -> 13 | OZ27: =IFERROR(MONTH(OP27),"") -> 2 | PA27: =IFERROR(YEAR(OP27),"") -> 2024 | PB27: =IFERROR(INDEX($L$8:$L$19,OZ27)&" - "&PA27,"") -> Feb - 2024 | PD27: =IFERROR(IF(LEN(Table!C31)=0,"",Table!C31),"") | PE27: =IFERROR(IF(LEN(Table!C31)=0,"",INDEX(Table!$D$11:$P$40,ROW(Calc!PD27)-ROW(Calc!$PD$6),Calc!$PO$29)),"") | PF27: =IFERROR(RANK($PE27,$PE$7:$PE$36),"") | PG27: =IFERROR(IF(COUNTIF($PF$7:PF27,PF27)>1,PF27+COUNTIF($PF$7:PF27,PF27)-1,PF27),"") | PH27: =IFERROR(IF(LEN(Table!C64)=0,"",Table!C64),"") | PI27: =IFERROR(IF(LEN(Table!C64)=0,"",INDEX(Table!$D$44:$P$73,ROW(Calc!PD27)-ROW(Calc!$PD$6),Calc!$PO$29)),"") | PJ27: =IFERROR(RANK($PI27,$PI$7:$PI$36),"") | PK27: =IFERROR(IF(COUNTIF($PJ$7:PJ27,PJ27)>1,PJ27+COUNTIF($PJ$7:PJ27,PJ27)-1,PJ27),"") | PN27: Closing Balance | PO27: =IFERROR(INDEX(Table!$D$78:$P$78,0,Calc!PO29),"") -> 6300
OK28: 23 | OL28: =IFERROR(OL27+1,"") -> 45314 | OM28: =IFERROR(INDEX($AB$4:$OH$4,1,OK28),"") -> 3 | ON28: =IFERROR(IF(OM28<1,"",SUM($OM$6:$OM28))-$OM28+1,"") -> 12 | OO28: =IFERROR(IF(OM28<1,"",SUM($OM$6:$OM28)),"") -> 14 | OP28: =IFERROR(IF(OK28>$ON$4,"",IF(ISNUMBER(MATCH(OK28,$ON$6:$ON$3005,0)),INDEX($OL$6:$OL$376,MATCH(OK28,$ON$6:$ON$3005,0)),OP27)),"") -> 45335 | OQ28: =IFERROR(IF(OK28>$ON$4,"",COUNTIF($OP$6:OP28,OP28)),"") -> 4 | OR28: =IFERROR(MATCH(OP28,$AB$5:$OH$5,0),"") -> 44 | OS28: {=IFERROR(IF(LEN(OP28)=0,"",INDEX(OFFSET($AA$6,0,OR28,500,1),SMALL(IF(ISNUMBER(OFFSET($AA$6,0,OR28,500,1)),ROW(OFFSET($AA$6,0,OR28,500,1))-ROW(AA$5)),OQ28))),"")} -> 6 | OT28: =IFERROR(INDEX(Calc!$R$6:$Z$17,Calc!$OS28,Calc!OT$4),"") -> Income | OU28: =IFERROR(INDEX(Calc!$R$6:$Z$17,Calc!$OS28,Calc!OU$4),"") -> Issuance of Debt | OV28: =IFERROR(INDEX(Calc!$R$6:$Z$17,Calc!$OS28,Calc!OV$4),"") -> Debt Issuance | OW28: =IFERROR(INDEX(Calc!$R$6:$Z$17,Calc!$OS28,Calc!OW$4),"") -> 200 | OX28: =IFERROR(INDEX(Calc!$R$6:$Z$17,Calc!$OS28,Calc!OX$4),"") -> Recurring | OY28: =IFERROR(DAY(OP28),"") -> 13 | OZ28: =IFERROR(MONTH(OP28),"") -> 2 | PA28: =IFERROR(YEAR(OP28),"") -> 2024 | PB28: =IFERROR(INDEX($L$8:$L$19,OZ28)&" - "&PA28,"") -> Feb - 2024 | PD28: =IFERROR(IF(LEN(Table!C32)=0,"",Table!C32),"") | PE28: =IFERROR(IF(LEN(Table!C32)=0,"",INDEX(Table!$D$11:$P$40,ROW(Calc!PD28)-ROW(Calc!$PD$6),Calc!$PO$29)),"") | PF28: =IFERROR(RANK($PE28,$PE$7:$PE$36),"") | PG28: =IFERROR(IF(COUNTIF($PF$7:PF28,PF28)>1,PF28+COUNTIF($PF$7:PF28,PF28)-1,PF28),"") | PH28: =IFERROR(IF(LEN(Table!C65)=0,"",Table!C65),"") | PI28: =IFERROR(IF(LEN(Table!C65)=0,"",INDEX(Table!$D$44:$P$73,ROW(Calc!PD28)-ROW(Calc!$PD$6),Calc!$PO$29)),"") | PJ28: =IFERROR(RANK($PI28,$PI$7:$PI$36),"") | PK28: =IFERROR(IF(COUNTIF($PJ$7:PJ28,PJ28)>1,PJ28+COUNTIF($PJ$7:PJ28,PJ28)-1,PJ28),"")
OK29: 24 | OL29: =IFERROR(OL28+1,"") -> 45315 | OM29: =IFERROR(INDEX($AB$4:$OH$4,1,OK29),"") -> 0 | ON29: =IFERROR(IF(OM29<1,"",SUM($OM$6:$OM29))-$OM29+1,"") | OO29: =IFERROR(IF(OM29<1,"",SUM($OM$6:$OM29)),"") | OP29: =IFERROR(IF(OK29>$ON$4,"",IF(ISNUMBER(MATCH(OK29,$ON$6:$ON$3005,0)),INDEX($OL$6:$OL$376,MATCH(OK29,$ON$6:$ON$3005,0)),OP28)),"") -> 45342 | OQ29: =IFERROR(IF(OK29>$ON$4,"",COUNTIF($OP$6:OP29,OP29)),"") -> 1 | OR29: =IFERROR(MATCH(OP29,$AB$5:$OH$5,0),"") -> 51 | OS29: {=IFERROR(IF(LEN(OP29)=0,"",INDEX(OFFSET($AA$6,0,OR29,500,1),SMALL(IF(ISNUMBER(OFFSET($AA$6,0,OR29,500,1)),ROW(OFFSET($AA$6,0,OR29,500,1))-ROW(AA$5)),OQ29))),"")} -> 3 | OT29: =IFERROR(INDEX(Calc!$R$6:$Z$17,Calc!$OS29,Calc!OT$4),"") -> Income | OU29: =IFERROR(INDEX(Calc!$R$6:$Z$17,Calc!$OS29,Calc!OU$4),"") -> Sales Revenue | OV29: =IFERROR(INDEX(Calc!$R$6:$Z$17,Calc!$OS29,Calc!OV$4),"") -> Sales from old factory | OW29: =IFERROR(INDEX(Calc!$R$6:$Z$17,Calc!$OS29,Calc!OW$4),"") -> 1500 | OX29: =IFERROR(INDEX(Calc!$R$6:$Z$17,Calc!$OS29,Calc!OX$4),"") -> Recurring | OY29: =IFERROR(DAY(OP29),"") -> 20 | OZ29: =IFERROR(MONTH(OP29),"") -> 2 | PA29: =IFERROR(YEAR(OP29),"") -> 2024 | PB29: =IFERROR(INDEX($L$8:$L$19,OZ29)&" - "&PA29,"") -> Feb - 2024 | PD29: =IFERROR(IF(LEN(Table!C33)=0,"",Table!C33),"") | PE29: =IFERROR(IF(LEN(Table!C33)=0,"",INDEX(Table!$D$11:$P$40,ROW(Calc!PD29)-ROW(Calc!$PD$6),Calc!$PO$29)),"") | PF29: =IFERROR(RANK($PE29,$PE$7:$PE$36),"") | PG29: =IFERROR(IF(COUNTIF($PF$7:PF29,PF29)>1,PF29+COUNTIF($PF$7:PF29,PF29)-1,PF29),"") | PH29: =IFERROR(IF(LEN(Table!C66)=0,"",Table!C66),"") | PI29: =IFERROR(IF(LEN(Table!C66)=0,"",INDEX(Table!$D$44:$P$73,ROW(Calc!PD29)-ROW(Calc!$PD$6),Calc!$PO$29)),"") | PJ29: =IFERROR(RANK($PI29,$PI$7:$PI$36),"") | PK29: =IFERROR(IF(COUNTIF($PJ$7:PJ29,PJ29)>1,PJ29+COUNTIF($PJ$7:PJ29,PJ29)-1,PJ29),"") | PN29: Selected index | PO29: =IFERROR(IF(OR(Dashboard!$E$7="",Dashboard!$E$7=Calc!$O$7),13,MATCH(Dashboard!$E$7,Calc!$O$8:$O$19,0)),13) -> 1
OK30: 25 | OL30: =IFERROR(OL29+1,"") -> 45316 | OM30: =IFERROR(INDEX($AB$4:$OH$4,1,OK30),"") -> 0 | ON30: =IFERROR(IF(OM30<1,"",SUM($OM$6:$OM30))-$OM30+1,"") | OO30: =IFERROR(IF(OM30<1,"",SUM($OM$6:$OM30)),"") | OP30: =IFERROR(IF(OK30>$ON$4,"",IF(ISNUMBER(MATCH(OK30,$ON$6:$ON$3005,0)),INDEX($OL$6:$OL$376,MATCH(OK30,$ON$6:$ON$3005,0)),OP29)),"") -> 45342 | OQ30: =IFERROR(IF(OK30>$ON$4,"",COUNTIF($OP$6:OP30,OP30)),"") -> 2 | OR30: =IFERROR(MATCH(OP30,$AB$5:$OH$5,0),"") -> 51 | OS30: {=IFERROR(IF(LEN(OP30)=0,"",INDEX(OFFSET($AA$6,0,OR30,500,1),SMALL(IF(ISNUMBER(OFFSET($AA$6,0,OR30,500,1)),ROW(OFFSET($AA$6,0,OR30,500,1))-ROW(AA$5)),OQ30))),"")} -> 6 | OT30: =IFERROR(INDEX(Calc!$R$6:$Z$17,Calc!$OS30,Calc!OT$4),"") -> Income | OU30: =IFERROR(INDEX(Calc!$R$6:$Z$17,Calc!$OS30,Calc!OU$4),"") -> Issuance of Debt | OV30: =IFERROR(INDEX(Calc!$R$6:$Z$17,Calc!$OS30,Calc!OV$4),"") -> Debt Issuance | OW30: =IFERROR(INDEX(Calc!$R$6:$Z$17,Calc!$OS30,Calc!OW$4),"") -> 200 | OX30: =IFERROR(INDEX(Calc!$R$6:$Z$17,Calc!$OS30,Calc!OX$4),"") -> Recurring | OY30: =IFERROR(DAY(OP30),"") -> 20 | OZ30: =IFERROR(MONTH(OP30),"") -> 2 | PA30: =IFERROR(YEAR(OP30),"") -> 2024 | PB30: =IFERROR(INDEX($L$8:$L$19,OZ30)&" - "&PA30,"") -> Feb - 2024 | PD30: =IFERROR(IF(LEN(Table!C34)=0,"",Table!C34),"") | PE30: =IFERROR(IF(LEN(Table!C34)=0,"",INDEX(Table!$D$11:$P$40,ROW(Calc!PD30)-ROW(Calc!$PD$6),Calc!$PO$29)),"") | PF30: =IFERROR(RANK($PE30,$PE$7:$PE$36),"") | PG30: =IFERROR(IF(COUNTIF($PF$7:PF30,PF30)>1,PF30+COUNTIF($PF$7:PF30,PF30)-1,PF30),"") | PH30: =IFERROR(IF(LEN(Table!C67)=0,"",Table!C67),"") | PI30: =IFERROR(IF(LEN(Table!C67)=0,"",INDEX(Table!$D$44:$P$73,ROW(Calc!PD30)-ROW(Calc!$PD$6),Calc!$PO$29)),"") | PJ30: =IFERROR(RANK($PI30,$PI$7:$PI$36),"") | PK30: =IFERROR(IF(COUNTIF($PJ$7:PJ30,PJ30)>1,PJ30+COUNTIF($PJ$7:PJ30,PJ30)-1,PJ30),"")
OK31: 26 | OL31: =IFERROR(OL30+1,"") -> 45317 | OM31: =IFERROR(INDEX($AB$4:$OH$4,1,OK31),"") -> 0 | ON31: =IFERROR(IF(OM31<1,"",SUM($OM$6:$OM31))-$OM31+1,"") | OO31: =IFERROR(IF(OM31<1,"",SUM($OM$6:$OM31)),"") | OP31: =IFERROR(IF(OK31>$ON$4,"",IF(ISNUMBER(MATCH(OK31,$ON$6:$ON$3005,0)),INDEX($OL$6:$OL$376,MATCH(OK31,$ON$6:$ON$3005,0)),OP30)),"") -> 45349 | OQ31: =IFERROR(IF(OK31>$ON$4,"",COUNTIF($OP$6:OP31,OP31)),"") -> 1 | OR31: =IFERROR(MATCH(OP31,$AB$5:$OH$5,0),"") -> 58 | OS31: {=IFERROR(IF(LEN(OP31)=0,"",INDEX(OFFSET($AA$6,0,OR31,500,1),SMALL(IF(ISNUMBER(OFFSET($AA$6,0,OR31,500,1)),ROW(OFFSET($AA$6,0,OR31,500,1))-ROW(AA$5)),OQ31))),"")} -> 1 | OT31: =IFERROR(INDEX(Calc!$R$6:$Z$17,Calc!$OS31,Calc!OT$4),"") -> Expense | OU31: =IFERROR(INDEX(Calc!$R$6:$Z$17,Calc!$OS31,Calc!OU$4),"") -> Operating Expenses | OV31: =IFERROR(INDEX(Calc!$R$6:$Z$17,Calc!$OS31,Calc!OV$4),"") -> Wages | OW31: =IFERROR(INDEX(Calc!$R$6:$Z$17,Calc!$OS31,Calc!OW$4),"") -> 1000 | OX31: =IFERROR(INDEX(Calc!$R$6:$Z$17,Calc!$OS31,Calc!OX$4),"") -> Recurring | OY31: =IFERROR(DAY(OP31),"") -> 27 | OZ31: =IFERROR(MONTH(OP31),"") -> 2 | PA31: =IFERROR(YEAR(OP31),"") -> 2024 | PB31: =IFERROR(INDEX($L$8:$L$19,OZ31)&" - "&PA31,"") -> Feb - 2024 | PD31: =IFERROR(IF(LEN(Table!C35)=0,"",Table!C35),"") | PE31: =IFERROR(IF(LEN(Table!C35)=0,"",INDEX(Table!$D$11:$P$40,ROW(Calc!PD31)-ROW(Calc!$PD$6),Calc!$PO$29)),"") | PF31: =IFERROR(RANK($PE31,$PE$7:$PE$36),"") | PG31: =IFERROR(IF(COUNTIF($PF$7:PF31,PF31)>1,PF31+COUNTIF($PF$7:PF31,PF31)-1,PF31),"") | PH31: =IFERROR(IF(LEN(Table!C68)=0,"",Table!C68),"") | PI31: =IFERROR(IF(LEN(Table!C68)=0,"",INDEX(Table!$D$44:$P$73,ROW(Calc!PD31)-ROW(Calc!$PD$6),Calc!$PO$29)),"") | PJ31: =IFERROR(RANK($PI31,$PI$7:$PI$36),"") | PK31: =IFERROR(IF(COUNTIF($PJ$7:PJ31,PJ31)>1,PJ31+COUNTIF($PJ$7:PJ31,PJ31)-1,PJ31),"") | PN31: Item Number | PO31: =IFERROR(MAX(COUNTIF(Input!B6:B505,"?*"),1),500) -> 8
OK32: 27 | OL32: =IFERROR(OL31+1,"") -> 45318 | OM32: =IFERROR(INDEX($AB$4:$OH$4,1,OK32),"") -> 0 | ON32: =IFERROR(IF(OM32<1,"",SUM($OM$6:$OM32))-$OM32+1,"") | OO32: =IFERROR(IF(OM32<1,"",SUM($OM$6:$OM32)),"") | OP32: =IFERROR(IF(OK32>$ON$4,"",IF(ISNUMBER(MATCH(OK32,$ON$6:$ON$3005,0)),INDEX($OL$6:$OL$376,MATCH(OK32,$ON$6:$ON$3005,0)),OP31)),"") -> 45349 | OQ32: =IFERROR(IF(OK32>$ON$4,"",COUNTIF($OP$6:OP32,OP32)),"") -> 2 | OR32: =IFERROR(MATCH(OP32,$AB$5:$OH$5,0),"") -> 58 | OS32: {=IFERROR(IF(LEN(OP32)=0,"",INDEX(OFFSET($AA$6,0,OR32,500,1),SMALL(IF(ISNUMBER(OFFSET($AA$6,0,OR32,500,1)),ROW(OFFSET($AA$6,0,OR32,500,1))-ROW(AA$5)),OQ32))),"")} -> 3 | OT32: =IFERROR(INDEX(Calc!$R$6:$Z$17,Calc!$OS32,Calc!OT$4),"") -> Income | OU32: =IFERROR(INDEX(Calc!$R$6:$Z$17,Calc!$OS32,Calc!OU$4),"") -> Sales Revenue | OV32: =IFERROR(INDEX(Calc!$R$6:$Z$17,Calc!$OS32,Calc!OV$4),"") -> Sales from old factory | OW32: =IFERROR(INDEX(Calc!$R$6:$Z$17,Calc!$OS32,Calc!OW$4),"") -> 1500 | OX32: =IFERROR(INDEX(Calc!$R$6:$Z$17,Calc!$OS32,Calc!OX$4),"") -> Recurring | OY32: =IFERROR(DAY(OP32),"") -> 27 | OZ32: =IFERROR(MONTH(OP32),"") -> 2 | PA32: =IFERROR(YEAR(OP32),"") -> 2024 | PB32: =IFERROR(INDEX($L$8:$L$19,OZ32)&" - "&PA32,"") -> Feb - 2024 | PD32: =IFERROR(IF(LEN(Table!C36)=0,"",Table!C36),"") | PE32: =IFERROR(IF(LEN(Table!C36)=0,"",INDEX(Table!$D$11:$P$40,ROW(Calc!PD32)-ROW(Calc!$PD$6),Calc!$PO$29)),"") | PF32: =IFERROR(RANK($PE32,$PE$7:$PE$36),"") | PG32: =IFERROR(IF(COUNTIF($PF$7:PF32,PF32)>1,PF32+COUNTIF($PF$7:PF32,PF32)-1,PF32),"") | PH32: =IFERROR(IF(LEN(Table!C69)=0,"",Table!C69),"") | PI32: =IFERROR(IF(LEN(Table!C69)=0,"",INDEX(Table!$D$44:$P$73,ROW(Calc!PD32)-ROW(Calc!$PD$6),Calc!$PO$29)),"") | PJ32: =IFERROR(RANK($PI32,$PI$7:$PI$36),"") | PK32: =IFERROR(IF(COUNTIF($PJ$7:PJ32,PJ32)>1,PJ32+COUNTIF($PJ$7:PJ32,PJ32)-1,PJ32),"")
OK33: 28 | OL33: =IFERROR(OL32+1,"") -> 45319 | OM33: =IFERROR(INDEX($AB$4:$OH$4,1,OK33),"") -> 0 | ON33: =IFERROR(IF(OM33<1,"",SUM($OM$6:$OM33))-$OM33+1,"") | OO33: =IFERROR(IF(OM33<1,"",SUM($OM$6:$OM33)),"") | OP33: =IFERROR(IF(OK33>$ON$4,"",IF(ISNUMBER(MATCH(OK33,$ON$6:$ON$3005,0)),INDEX($OL$6:$OL$376,MATCH(OK33,$ON$6:$ON$3005,0)),OP32)),"") -> 45349 | OQ33: =IFERROR(IF(OK33>$ON$4,"",COUNTIF($OP$6:OP33,OP33)),"") -> 3 | OR33: =IFERROR(MATCH(OP33,$AB$5:$OH$5,0),"") -> 58 | OS33: {=IFERROR(IF(LEN(OP33)=0,"",INDEX(OFFSET($AA$6,0,OR33,500,1),SMALL(IF(ISNUMBER(OFFSET($AA$6,0,OR33,500,1)),ROW(OFFSET($AA$6,0,OR33,500,1))-ROW(AA$5)),OQ33))),"")} -> 6 | OT33: =IFERROR(INDEX(Calc!$R$6:$Z$17,Calc!$OS33,Calc!OT$4),"") -> Income | OU33: =IFERROR(INDEX(Calc!$R$6:$Z$17,Calc!$OS33,Calc!OU$4),"") -> Issuance of Debt | OV33: =IFERROR(INDEX(Calc!$R$6:$Z$17,Calc!$OS33,Calc!OV$4),"") -> Debt Issuance | OW33: =IFERROR(INDEX(Calc!$R$6:$Z$17,Calc!$OS33,Calc!OW$4),"") -> 200 | OX33: =IFERROR(INDEX(Calc!$R$6:$Z$17,Calc!$OS33,Calc!OX$4),"") -> Recurring | OY33: =IFERROR(DAY(OP33),"") -> 27 | OZ33: =IFERROR(MONTH(OP33),"") -> 2 | PA33: =IFERROR(YEAR(OP33),"") -> 2024 | PB33: =IFERROR(INDEX($L$8:$L$19,OZ33)&" - "&PA33,"") -> Feb - 2024 | PD33: =IFERROR(IF(LEN(Table!C37)=0,"",Table!C37),"") | PE33: =IFERROR(IF(LEN(Table!C37)=0,"",INDEX(Table!$D$11:$P$40,ROW(Calc!PD33)-ROW(Calc!$PD$6),Calc!$PO$29)),"") | PF33: =IFERROR(RANK($PE33,$PE$7:$PE$36),"") | PG33: =IFERROR(IF(COUNTIF($PF$7:PF33,PF33)>1,PF33+COUNTIF($PF$7:PF33,PF33)-1,PF33),"") | PH33: =IFERROR(IF(LEN(Table!C70)=0,"",Table!C70),"") | PI33: =IFERROR(IF(LEN(Table!C70)=0,"",INDEX(Table!$D$44:$P$73,ROW(Calc!PD33)-ROW(Calc!$PD$6),Calc!$PO$29)),"") | PJ33: =IFERROR(RANK($PI33,$PI$7:$PI$36),"") | PK33: =IFERROR(IF(COUNTIF($PJ$7:PJ33,PJ33)>1,PJ33+COUNTIF($PJ$7:PJ33,PJ33)-1,PJ33),"")
OK34: 29 | OL34: =IFERROR(OL33+1,"") -> 45320 | OM34: =IFERROR(INDEX($AB$4:$OH$4,1,OK34),"") -> 0 | ON34: =IFERROR(IF(OM34<1,"",SUM($OM$6:$OM34))-$OM34+1,"") | OO34: =IFERROR(IF(OM34<1,"",SUM($OM$6:$OM34)),"") | OP34: =IFERROR(IF(OK34>$ON$4,"",IF(ISNUMBER(MATCH(OK34,$ON$6:$ON$3005,0)),INDEX($OL$6:$OL$376,MATCH(OK34,$ON$6:$ON$3005,0)),OP33)),"") -> 45352 | OQ34: =IFERROR(IF(OK34>$ON$4,"",COUNTIF($OP$6:OP34,OP34)),"") -> 1 | OR34: =IFERROR(MATCH(OP34,$AB$5:$OH$5,0),"") -> 61 | OS34: {=IFERROR(IF(LEN(OP34)=0,"",INDEX(OFFSET($AA$6,0,OR34,500,1),SMALL(IF(ISNUMBER(OFFSET($AA$6,0,OR34,500,1)),ROW(OFFSET($AA$6,0,OR34,500,1))-ROW(AA$5)),OQ34))),"")} -> 2 | OT34: =IFERROR(INDEX(Calc!$R$6:$Z$17,Calc!$OS34,Calc!OT$4),"") -> Expense | OU34: =IFERROR(INDEX(Calc!$R$6:$Z$17,Calc!$OS34,Calc!OU$4),"") -> Operating Expenses | OV34: =IFERROR(INDEX(Calc!$R$6:$Z$17,Calc!$OS34,Calc!OV$4),"") -> Marketing | OW34: =IFERROR(INDEX(Calc!$R$6:$Z$17,Calc!$OS34,Calc!OW$4),"") -> 500 | OX34: =IFERROR(INDEX(Calc!$R$6:$Z$17,Calc!$OS34,Calc!OX$4),"") -> Recurring | OY34: =IFERROR(DAY(OP34),"") -> 1 | OZ34: =IFERROR(MONTH(OP34),"") -> 3 | PA34: =IFERROR(YEAR(OP34),"") -> 2024 | PB34: =IFERROR(INDEX($L$8:$L$19,OZ34)&" - "&PA34,"") -> Mar - 2024 | PD34: =IFERROR(IF(LEN(Table!C38)=0,"",Table!C38),"") | PE34: =IFERROR(IF(LEN(Table!C38)=0,"",INDEX(Table!$D$11:$P$40,ROW(Calc!PD34)-ROW(Calc!$PD$6),Calc!$PO$29)),"") | PF34: =IFERROR(RANK($PE34,$PE$7:$PE$36),"") | PG34: =IFERROR(IF(COUNTIF($PF$7:PF34,PF34)>1,PF34+COUNTIF($PF$7:PF34,PF34)-1,PF34),"") | PH34: =IFERROR(IF(LEN(Table!C71)=0,"",Table!C71),"") | PI34: =IFERROR(IF(LEN(Table!C71)=0,"",INDEX(Table!$D$44:$P$73,ROW(Calc!PD34)-ROW(Calc!$PD$6),Calc!$PO$29)),"") | PJ34: =IFERROR(RANK($PI34,$PI$7:$PI$36),"") | PK34: =IFERROR(IF(COUNTIF($PJ$7:PJ34,PJ34)>1,PJ34+COUNTIF($PJ$7:PJ34,PJ34)-1,PJ34),"")
OK35: 30 | OL35: =IFERROR(OL34+1,"") -> 45321 | OM35: =IFERROR(INDEX($AB$4:$OH$4,1,OK35),"") -> 3 | ON35: =IFERROR(IF(OM35<1,"",SUM($OM$6:$OM35))-$OM35+1,"") -> 15 | OO35: =IFERROR(IF(OM35<1,"",SUM($OM$6:$OM35)),"") -> 17 | OP35: =IFERROR(IF(OK35>$ON$4,"",IF(ISNUMBER(MATCH(OK35,$ON$6:$ON$3005,0)),INDEX($OL$6:$OL$376,MATCH(OK35,$ON$6:$ON$3005,0)),OP34)),"") -> 45356 | OQ35: =IFERROR(IF(OK35>$ON$4,"",COUNTIF($OP$6:OP35,OP35)),"") -> 1 | OR35: =IFERROR(MATCH(OP35,$AB$5:$OH$5,0),"") -> 65 | OS35: {=IFERROR(IF(LEN(OP35)=0,"",INDEX(OFFSET($AA$6,0,OR35,500,1),SMALL(IF(ISNUMBER(OFFSET($AA$6,0,OR35,500,1)),ROW(OFFSET($AA$6,0,OR35,500,1))-ROW(AA$5)),OQ35))),"")} -> 3 | OT35: =IFERROR(INDEX(Calc!$R$6:$Z$17,Calc!$OS35,Calc!OT$4),"") -> Income | OU35: =IFERROR(INDEX(Calc!$R$6:$Z$17,Calc!$OS35,Calc!OU$4),"") -> Sales Revenue | OV35: =IFERROR(INDEX(Calc!$R$6:$Z$17,Calc!$OS35,Calc!OV$4),"") -> Sales from old factory | OW35: =IFERROR(INDEX(Calc!$R$6:$Z$17,Calc!$OS35,Calc!OW$4),"") -> 1500 | OX35: =IFERROR(INDEX(Calc!$R$6:$Z$17,Calc!$OS35,Calc!OX$4),"") -> Recurring | OY35: =IFERROR(DAY(OP35),"") -> 5 | OZ35: =IFERROR(MONTH(OP35),"") -> 3 | PA35: =IFERROR(YEAR(OP35),"") -> 2024 | PB35: =IFERROR(INDEX($L$8:$L$19,OZ35)&" - "&PA35,"") -> Mar - 2024 | PD35: =IFERROR(IF(LEN(Table!C39)=0,"",Table!C39),"") | PE35: =IFERROR(IF(LEN(Table!C39)=0,"",INDEX(Table!$D$11:$P$40,ROW(Calc!PD35)-ROW(Calc!$PD$6),Calc!$PO$29)),"") | PF35: =IFERROR(RANK($PE35,$PE$7:$PE$36),"") | PG35: =IFERROR(IF(COUNTIF($PF$7:PF35,PF35)>1,PF35+COUNTIF($PF$7:PF35,PF35)-1,PF35),"") | PH35: =IFERROR(IF(LEN(Table!C72)=0,"",Table!C72),"") | PI35: =IFERROR(IF(LEN(Table!C72)=0,"",INDEX(Table!$D$44:$P$73,ROW(Calc!PD35)-ROW(Calc!$PD$6),Calc!$PO$29)),"") | PJ35: =IFERROR(RANK($PI35,$PI$7:$PI$36),"") | PK35: =IFERROR(IF(COUNTIF($PJ$7:PJ35,PJ35)>1,PJ35+COUNTIF($PJ$7:PJ35,PJ35)-1,PJ35),"")
OK36: 31 | OL36: =IFERROR(OL35+1,"") -> 45322 | OM36: =IFERROR(INDEX($AB$4:$OH$4,1,OK36),"") -> 0 | ON36: =IFERROR(IF(OM36<1,"",SUM($OM$6:$OM36))-$OM36+1,"") | OO36: =IFERROR(IF(OM36<1,"",SUM($OM$6:$OM36)),"") | OP36: =IFERROR(IF(OK36>$ON$4,"",IF(ISNUMBER(MATCH(OK36,$ON$6:$ON$3005,0)),INDEX($OL$6:$OL$376,MATCH(OK36,$ON$6:$ON$3005,0)),OP35)),"") -> 45356 | OQ36: =IFERROR(IF(OK36>$ON$4,"",COUNTIF($OP$6:OP36,OP36)),"") -> 2 | OR36: =IFERROR(MATCH(OP36,$AB$5:$OH$5,0),"") -> 65 | OS36: {=IFERROR(IF(LEN(OP36)=0,"",INDEX(OFFSET($AA$6,0,OR36,500,1),SMALL(IF(ISNUMBER(OFFSET($AA$6,0,OR36,500,1)),ROW(OFFSET($AA$6,0,OR36,500,1))-ROW(AA$5)),OQ36))),"")} -> 5 | OT36: =IFERROR(INDEX(Calc!$R$6:$Z$17,Calc!$OS36,Calc!OT$4),"") -> Expense | OU36: =IFERROR(INDEX(Calc!$R$6:$Z$17,Calc!$OS36,Calc!OU$4),"") -> Lending | OV36: =IFERROR(INDEX(Calc!$R$6:$Z$17,Calc!$OS36,Calc!OV$4),"") -> Equipment Lending | OW36: =IFERROR(INDEX(Calc!$R$6:$Z$17,Calc!$OS36,Calc!OW$4),"") -> 500 | OX36: =IFERROR(INDEX(Calc!$R$6:$Z$17,Calc!$OS36,Calc!OX$4),"") -> Recurring | OY36: =IFERROR(DAY(OP36),"") -> 5 | OZ36: =IFERROR(MONTH(OP36),"") -> 3 | PA36: =IFERROR(YEAR(OP36),"") -> 2024 | PB36: =IFERROR(INDEX($L$8:$L$19,OZ36)&" - "&PA36,"") -> Mar - 2024 | PD36: =IFERROR(IF(LEN(Table!C40)=0,"",Table!C40),"") | PE36: =IFERROR(IF(LEN(Table!C40)=0,"",INDEX(Table!$D$11:$P$40,ROW(Calc!PD36)-ROW(Calc!$PD$6),Calc!$PO$29)),"") | PF36: =IFERROR(RANK($PE36,$PE$7:$PE$36),"") | PG36: =IFERROR(IF(COUNTIF($PF$7:PF36,PF36)>1,PF36+COUNTIF($PF$7:PF36,PF36)-1,PF36),"") | PH36: =IFERROR(IF(LEN(Table!C73)=0,"",Table!C73),"") | PI36: =IFERROR(IF(LEN(Table!C73)=0,"",INDEX(Table!$D$44:$P$73,ROW(Calc!PD36)-ROW(Calc!$PD$6),Calc!$PO$29)),"") | PJ36: =IFERROR(RANK($PI36,$PI$7:$PI$36),"") | PK36: =IFERROR(IF(COUNTIF($PJ$7:PJ36,PJ36)>1,PJ36+COUNTIF($PJ$7:PJ36,PJ36)-1,PJ36),"")
OK37: 32 | OL37: =IFERROR(OL36+1,"") -> 45323 | OM37: =IFERROR(INDEX($AB$4:$OH$4,1,OK37),"") -> 0 | ON37: =IFERROR(IF(OM37<1,"",SUM($OM$6:$OM37))-$OM37+1,"") | OO37: =IFERROR(IF(OM37<1,"",SUM($OM$6:$OM37)),"") | OP37: =IFERROR(IF(OK37>$ON$4,"",IF(ISNUMBER(MATCH(OK37,$ON$6:$ON$3005,0)),INDEX($OL$6:$OL$376,MATCH(OK37,$ON$6:$ON$3005,0)),OP36)),"") -> 45356 | OQ37: =IFERROR(IF(OK37>$ON$4,"",COUNTIF($OP$6:OP37,OP37)),"") -> 3 | OR37: =IFERROR(MATCH(OP37,$AB$5:$OH$5,0),"") -> 65 | OS37: {=IFERROR(IF(LEN(OP37)=0,"",INDEX(OFFSET($AA$6,0,OR37,500,1),SMALL(IF(ISNUMBER(OFFSET($AA$6,0,OR37,500,1)),ROW(OFFSET($AA$6,0,OR37,500,1))-ROW(AA$5)),OQ37))),"")} -> 6 | OT37: =IFERROR(INDEX(Calc!$R$6:$Z$17,Calc!$OS37,Calc!OT$4),"") -> Income | OU37: =IFERROR(INDEX(Calc!$R$6:$Z$17,Calc!$OS37,Calc!OU$4),"") -> Issuance of Debt | OV37: =IFERROR(INDEX(Calc!$R$6:$Z$17,Calc!$OS37,Calc!OV$4),"") -> Debt Issuance | OW37: =IFERROR(INDEX(Calc!$R$6:$Z$17,Calc!$OS37,Calc!OW$4),"") -> 200 | OX37: =IFERROR(INDEX(Calc!$R$6:$Z$17,Calc!$OS37,Calc!OX$4),"") -> Recurring | OY37: =IFERROR(DAY(OP37),"") -> 5 | OZ37: =IFERROR(MONTH(OP37),"") -> 3 | PA37: =IFERROR(YEAR(OP37),"") -> 2024 | PB37: =IFERROR(INDEX($L$8:$L$19,OZ37)&" - "&PA37,"") -> Mar - 2024
OK38: 33 | OL38: =IFERROR(OL37+1,"") -> 45324 | OM38: =IFERROR(INDEX($AB$4:$OH$4,1,OK38),"") -> 0 | ON38: =IFERROR(IF(OM38<1,"",SUM($OM$6:$OM38))-$OM38+1,"") | OO38: =IFERROR(IF(OM38<1,"",SUM($OM$6:$OM38)),"") | OP38: =IFERROR(IF(OK38>$ON$4,"",IF(ISNUMBER(MATCH(OK38,$ON$6:$ON$3005,0)),INDEX($OL$6:$OL$376,MATCH(OK38,$ON$6:$ON$3005,0)),OP37)),"") -> 45363 | OQ38: =IFERROR(IF(OK38>$ON$4,"",COUNTIF($OP$6:OP38,OP38)),"") -> 1 | OR38: =IFERROR(MATCH(OP38,$AB$5:$OH$5,0),"") -> 72 | OS38: {=IFERROR(IF(LEN(OP38)=0,"",INDEX(OFFSET($AA$6,0,OR38,500,1),SMALL(IF(ISNUMBER(OFFSET($AA$6,0,OR38,500,1)),ROW(OFFSET($AA$6,0,OR38,500,1))-ROW(AA$5)),OQ38))),"")} -> 1 | OT38: =IFERROR(INDEX(Calc!$R$6:$Z$17,Calc!$OS38,Calc!OT$4),"") -> Expense | OU38: =IFERROR(INDEX(Calc!$R$6:$Z$17,Calc!$OS38,Calc!OU$4),"") -> Operating Expenses | OV38: =IFERROR(INDEX(Calc!$R$6:$Z$17,Calc!$OS38,Calc!OV$4),"") -> Wages | OW38: =IFERROR(INDEX(Calc!$R$6:$Z$17,Calc!$OS38,Calc!OW$4),"") -> 1000 | OX38: =IFERROR(INDEX(Calc!$R$6:$Z$17,Calc!$OS38,Calc!OX$4),"") -> Recurring | OY38: =IFERROR(DAY(OP38),"") -> 12 | OZ38: =IFERROR(MONTH(OP38),"") -> 3 | PA38: =IFERROR(YEAR(OP38),"") -> 2024 | PB38: =IFERROR(INDEX($L$8:$L$19,OZ38)&" - "&PA38,"") -> Mar - 2024
OK39: 34 | OL39: =IFERROR(OL38+1,"") -> 45325 | OM39: =IFERROR(INDEX($AB$4:$OH$4,1,OK39),"") -> 0 | ON39: =IFERROR(IF(OM39<1,"",SUM($OM$6:$OM39))-$OM39+1,"") | OO39: =IFERROR(IF(OM39<1,"",SUM($OM$6:$OM39)),"") | OP39: =IFERROR(IF(OK39>$ON$4,"",IF(ISNUMBER(MATCH(OK39,$ON$6:$ON$3005,0)),INDEX($OL$6:$OL$376,MATCH(OK39,$ON$6:$ON$3005,0)),OP38)),"") -> 45363 | OQ39: =IFERROR(IF(OK39>$ON$4,"",COUNTIF($OP$6:OP39,OP39)),"") -> 2 | OR39: =IFERROR(MATCH(OP39,$AB$5:$OH$5,0),"") -> 72 | OS39: {=IFERROR(IF(LEN(OP39)=0,"",INDEX(OFFSET($AA$6,0,OR39,500,1),SMALL(IF(ISNUMBER(OFFSET($AA$6,0,OR39,500,1)),ROW(OFFSET($AA$6,0,OR39,500,1))-ROW(AA$5)),OQ39))),"")} -> 3 | OT39: =IFERROR(INDEX(Calc!$R$6:$Z$17,Calc!$OS39,Calc!OT$4),"") -> Income | OU39: =IFERROR(INDEX(Calc!$R$6:$Z$17,Calc!$OS39,Calc!OU$4),"") -> Sales Revenue | OV39: =IFERROR(INDEX(Calc!$R$6:$Z$17,Calc!$OS39,Calc!OV$4),"") -> Sales from old factory | OW39: =IFERROR(INDEX(Calc!$R$6:$Z$17,Calc!$OS39,Calc!OW$4),"") -> 1500 | OX39: =IFERROR(INDEX(Calc!$R$6:$Z$17,Calc!$OS39,Calc!OX$4),"") -> Recurring | OY39: =IFERROR(DAY(OP39),"") -> 12 | OZ39: =IFERROR(MONTH(OP39),"") -> 3 | PA39: =IFERROR(YEAR(OP39),"") -> 2024 | PB39: =IFERROR(INDEX($L$8:$L$19,OZ39)&" - "&PA39,"") -> Mar - 2024
OK40: 35 | OL40: =IFERROR(OL39+1,"") -> 45326 | OM40: =IFERROR(INDEX($AB$4:$OH$4,1,OK40),"") -> 0 | ON40: =IFERROR(IF(OM40<1,"",SUM($OM$6:$OM40))-$OM40+1,"") | OO40: =IFERROR(IF(OM40<1,"",SUM($OM$6:$OM40)),"") | OP40: =IFERROR(IF(OK40>$ON$4,"",IF(ISNUMBER(MATCH(OK40,$ON$6:$ON$3005,0)),INDEX($OL$6:$OL$376,MATCH(OK40,$ON$6:$ON$3005,0)),OP39)),"") -> 45363 | OQ40: =IFERROR(IF(OK40>$ON$4,"",COUNTIF($OP$6:OP40,OP40)),"") -> 3 | OR40: =IFERROR(MATCH(OP40,$AB$5:$OH$5,0),"") -> 72 | OS40: {=IFERROR(IF(LEN(OP40)=0,"",INDEX(OFFSET($AA$6,0,OR40,500,1),SMALL(IF(ISNUMBER(OFFSET($AA$6,0,OR40,500,1)),ROW(OFFSET($AA$6,0,OR40,500,1))-ROW(AA$5)),OQ40))),"")} -> 6 | OT40: =IFERROR(INDEX(Calc!$R$6:$Z$17,Calc!$OS40,Calc!OT$4),"") -> Income | OU40: =IFERROR(INDEX(Calc!$R$6:$Z$17,Calc!$OS40,Calc!OU$4),"") -> Issuance of Debt | OV40: =IFERROR(INDEX(Calc!$R$6:$Z$17,Calc!$OS40,Calc!OV$4),"") -> Debt Issuance | OW40: =IFERROR(INDEX(Calc!$R$6:$Z$17,Calc!$OS40,Calc!OW$4),"") -> 200 | OX40: =IFERROR(INDEX(Calc!$R$6:$Z$17,Calc!$OS40,Calc!OX$4),"") -> Recurring | OY40: =IFERROR(DAY(OP40),"") -> 12 | OZ40: =IFERROR(MONTH(OP40),"") -> 3 | PA40: =IFERROR(YEAR(OP40),"") -> 2024 | PB40: =IFERROR(INDEX($L$8:$L$19,OZ40)&" - "&PA40,"") -> Mar - 2024
OK41: 36 | OL41: =IFERROR(OL40+1,"") -> 45327 | OM41: =IFERROR(INDEX($AB$4:$OH$4,1,OK41),"") -> 0 | ON41: =IFERROR(IF(OM41<1,"",SUM($OM$6:$OM41))-$OM41+1,"") | OO41: =IFERROR(IF(OM41<1,"",SUM($OM$6:$OM41)),"") | OP41: =IFERROR(IF(OK41>$ON$4,"",IF(ISNUMBER(MATCH(OK41,$ON$6:$ON$3005,0)),INDEX($OL$6:$OL$376,MATCH(OK41,$ON$6:$ON$3005,0)),OP40)),"") -> 45370 | OQ41: =IFERROR(IF(OK41>$ON$4,"",COUNTIF($OP$6:OP41,OP41)),"") -> 1 | OR41: =IFERROR(MATCH(OP41,$AB$5:$OH$5,0),"") -> 79 | OS41: {=IFERROR(IF(LEN(OP41)=0,"",INDEX(OFFSET($AA$6,0,OR41,500,1),SMALL(IF(ISNUMBER(OFFSET($AA$6,0,OR41,500,1)),ROW(OFFSET($AA$6,0,OR41,500,1))-ROW(AA$5)),OQ41))),"")} -> 3 | OT41: =IFERROR(INDEX(Calc!$R$6:$Z$17,Calc!$OS41,Calc!OT$4),"") -> Income | OU41: =IFERROR(INDEX(Calc!$R$6:$Z$17,Calc!$OS41,Calc!OU$4),"") -> Sales Revenue | OV41: =IFERROR(INDEX(Calc!$R$6:$Z$17,Calc!$OS41,Calc!OV$4),"") -> Sales from old factory | OW41: =IFERROR(INDEX(Calc!$R$6:$Z$17,Calc!$OS41,Calc!OW$4),"") -> 1500 | OX41: =IFERROR(INDEX(Calc!$R$6:$Z$17,Calc!$OS41,Calc!OX$4),"") -> Recurring | OY41: =IFERROR(DAY(OP41),"") -> 19 | OZ41: =IFERROR(MONTH(OP41),"") -> 3 | PA41: =IFERROR(YEAR(OP41),"") -> 2024 | PB41: =IFERROR(INDEX($L$8:$L$19,OZ41)&" - "&PA41,"") -> Mar - 2024
OK42: 37 | OL42: =IFERROR(OL41+1,"") -> 45328 | OM42: =IFERROR(INDEX($AB$4:$OH$4,1,OK42),"") -> 2 | ON42: =IFERROR(IF(OM42<1,"",SUM($OM$6:$OM42))-$OM42+1,"") -> 18 | OO42: =IFERROR(IF(OM42<1,"",SUM($OM$6:$OM42)),"") -> 19 | OP42: =IFERROR(IF(OK42>$ON$4,"",IF(ISNUMBER(MATCH(OK42,$ON$6:$ON$3005,0)),INDEX($OL$6:$OL$376,MATCH(OK42,$ON$6:$ON$3005,0)),OP41)),"") -> 45370 | OQ42: =IFERROR(IF(OK42>$ON$4,"",COUNTIF($OP$6:OP42,OP42)),"") -> 2 | OR42: =IFERROR(MATCH(OP42,$AB$5:$OH$5,0),"") -> 79 | OS42: {=IFERROR(IF(LEN(OP42)=0,"",INDEX(OFFSET($AA$6,0,OR42,500,1),SMALL(IF(ISNUMBER(OFFSET($AA$6,0,OR42,500,1)),ROW(OFFSET($AA$6,0,OR42,500,1))-ROW(AA$5)),OQ42))),"")} -> 6 | OT42: =IFERROR(INDEX(Calc!$R$6:$Z$17,Calc!$OS42,Calc!OT$4),"") -> Income | OU42: =IFERROR(INDEX(Calc!$R$6:$Z$17,Calc!$OS42,Calc!OU$4),"") -> Issuance of Debt | OV42: =IFERROR(INDEX(Calc!$R$6:$Z$17,Calc!$OS42,Calc!OV$4),"") -> Debt Issuance | OW42: =IFERROR(INDEX(Calc!$R$6:$Z$17,Calc!$OS42,Calc!OW$4),"") -> 200 | OX42: =IFERROR(INDEX(Calc!$R$6:$Z$17,Calc!$OS42,Calc!OX$4),"") -> Recurring | OY42: =IFERROR(DAY(OP42),"") -> 19 | OZ42: =IFERROR(MONTH(OP42),"") -> 3 | PA42: =IFERROR(YEAR(OP42),"") -> 2024 | PB42: =IFERROR(INDEX($L$8:$L$19,OZ42)&" - "&PA42,"") -> Mar - 2024
OK43: 38 | OL43: =IFERROR(OL42+1,"") -> 45329 | OM43: =IFERROR(INDEX($AB$4:$OH$4,1,OK43),"") -> 0 | ON43: =IFERROR(IF(OM43<1,"",SUM($OM$6:$OM43))-$OM43+1,"") | OO43: =IFERROR(IF(OM43<1,"",SUM($OM$6:$OM43)),"") | OP43: =IFERROR(IF(OK43>$ON$4,"",IF(ISNUMBER(MATCH(OK43,$ON$6:$ON$3005,0)),INDEX($OL$6:$OL$376,MATCH(OK43,$ON$6:$ON$3005,0)),OP42)),"") -> 45377 | OQ43: =IFERROR(IF(OK43>$ON$4,"",COUNTIF($OP$6:OP43,OP43)),"") -> 1 | OR43: =IFERROR(MATCH(OP43,$AB$5:$OH$5,0),"") -> 86 | OS43: {=IFERROR(IF(LEN(OP43)=0,"",INDEX(OFFSET($AA$6,0,OR43,500,1),SMALL(IF(ISNUMBER(OFFSET($AA$6,0,OR43,500,1)),ROW(OFFSET($AA$6,0,OR43,500,1))-ROW(AA$5)),OQ43))),"")} -> 1 | OT43: =IFERROR(INDEX(Calc!$R$6:$Z$17,Calc!$OS43,Calc!OT$4),"") -> Expense | OU43: =IFERROR(INDEX(Calc!$R$6:$Z$17,Calc!$OS43,Calc!OU$4),"") -> Operating Expenses | OV43: =IFERROR(INDEX(Calc!$R$6:$Z$17,Calc!$OS43,Calc!OV$4),"") -> Wages | OW43: =IFERROR(INDEX(Calc!$R$6:$Z$17,Calc!$OS43,Calc!OW$4),"") -> 1000 | OX43: =IFERROR(INDEX(Calc!$R$6:$Z$17,Calc!$OS43,Calc!OX$4),"") -> Recurring | OY43: =IFERROR(DAY(OP43),"") -> 26 | OZ43: =IFERROR(MONTH(OP43),"") -> 3 | PA43: =IFERROR(YEAR(OP43),"") -> 2024 | PB43: =IFERROR(INDEX($L$8:$L$19,OZ43)&" - "&PA43,"") -> Mar - 2024
OK44: 39 | OL44: =IFERROR(OL43+1,"") -> 45330 | OM44: =IFERROR(INDEX($AB$4:$OH$4,1,OK44),"") -> 0 | ON44: =IFERROR(IF(OM44<1,"",SUM($OM$6:$OM44))-$OM44+1,"") | OO44: =IFERROR(IF(OM44<1,"",SUM($OM$6:$OM44)),"") | OP44: =IFERROR(IF(OK44>$ON$4,"",IF(ISNUMBER(MATCH(OK44,$ON$6:$ON$3005,0)),INDEX($OL$6:$OL$376,MATCH(OK44,$ON$6:$ON$3005,0)),OP43)),"") -> 45377 | OQ44: =IFERROR(IF(OK44>$ON$4,"",COUNTIF($OP$6:OP44,OP44)),"") -> 2 | OR44: =IFERROR(MATCH(OP44,$AB$5:$OH$5,0),"") -> 86 | OS44: {=IFERROR(IF(LEN(OP44)=0,"",INDEX(OFFSET($AA$6,0,OR44,500,1),SMALL(IF(ISNUMBER(OFFSET($AA$6,0,OR44,500,1)),ROW(OFFSET($AA$6,0,OR44,500,1))-ROW(AA$5)),OQ44))),"")} -> 3 | OT44: =IFERROR(INDEX(Calc!$R$6:$Z$17,Calc!$OS44,Calc!OT$4),"") -> Income | OU44: =IFERROR(INDEX(Calc!$R$6:$Z$17,Calc!$OS44,Calc!OU$4),"") -> Sales Revenue | OV44: =IFERROR(INDEX(Calc!$R$6:$Z$17,Calc!$OS44,Calc!OV$4),"") -> Sales from old factory | OW44: =IFERROR(INDEX(Calc!$R$6:$Z$17,Calc!$OS44,Calc!OW$4),"") -> 1500 | OX44: =IFERROR(INDEX(Calc!$R$6:$Z$17,Calc!$OS44,Calc!OX$4),"") -> Recurring | OY44: =IFERROR(DAY(OP44),"") -> 26 | OZ44: =IFERROR(MONTH(OP44),"") -> 3 | PA44: =IFERROR(YEAR(OP44),"") -> 2024 | PB44: =IFERROR(INDEX($L$8:$L$19,OZ44)&" - "&PA44,"") -> Mar - 2024
OK45: 40 | OL45: =IFERROR(OL44+1,"") -> 45331 | OM45: =IFERROR(INDEX($AB$4:$OH$4,1,OK45),"") -> 0 | ON45: =IFERROR(IF(OM45<1,"",SUM($OM$6:$OM45))-$OM45+1,"") | OO45: =IFERROR(IF(OM45<1,"",SUM($OM$6:$OM45)),"") | OP45: =IFERROR(IF(OK45>$ON$4,"",IF(ISNUMBER(MATCH(OK45,$ON$6:$ON$3005,0)),INDEX($OL$6:$OL$376,MATCH(OK45,$ON$6:$ON$3005,0)),OP44)),"") -> 45377 | OQ45: =IFERROR(IF(OK45>$ON$4,"",COUNTIF($OP$6:OP45,OP45)),"") -> 3 | OR45: =IFERROR(MATCH(OP45,$AB$5:$OH$5,0),"") -> 86 | OS45: {=IFERROR(IF(LEN(OP45)=0,"",INDEX(OFFSET($AA$6,0,OR45,500,1),SMALL(IF(ISNUMBER(OFFSET($AA$6,0,OR45,500,1)),ROW(OFFSET($AA$6,0,OR45,500,1))-ROW(AA$5)),OQ45))),"")} -> 5 | OT45: =IFERROR(INDEX(Calc!$R$6:$Z$17,Calc!$OS45,Calc!OT$4),"") -> Expense | OU45: =IFERROR(INDEX(Calc!$R$6:$Z$17,Calc!$OS45,Calc!OU$4),"") -> Lending | OV45: =IFERROR(INDEX(Calc!$R$6:$Z$17,Calc!$OS45,Calc!OV$4),"") -> Equipment Lending | OW45: =IFERROR(INDEX(Calc!$R$6:$Z$17,Calc!$OS45,Calc!OW$4),"") -> 500 | OX45: =IFERROR(INDEX(Calc!$R$6:$Z$17,Calc!$OS45,Calc!OX$4),"") -> Recurring | OY45: =IFERROR(DAY(OP45),"") -> 26 | OZ45: =IFERROR(MONTH(OP45),"") -> 3 | PA45: =IFERROR(YEAR(OP45),"") -> 2024 | PB45: =IFERROR(INDEX($L$8:$L$19,OZ45)&" - "&PA45,"") -> Mar - 2024
OK46: 41 | OL46: =IFERROR(OL45+1,"") -> 45332 | OM46: =IFERROR(INDEX($AB$4:$OH$4,1,OK46),"") -> 0 | ON46: =IFERROR(IF(OM46<1,"",SUM($OM$6:$OM46))-$OM46+1,"") | OO46: =IFERROR(IF(OM46<1,"",SUM($OM$6:$OM46)),"") | OP46: =IFERROR(IF(OK46>$ON$4,"",IF(ISNUMBER(MATCH(OK46,$ON$6:$ON$3005,0)),INDEX($OL$6:$OL$376,MATCH(OK46,$ON$6:$ON$3005,0)),OP45)),"") -> 45377 | OQ46: =IFERROR(IF(OK46>$ON$4,"",COUNTIF($OP$6:OP46,OP46)),"") -> 4 | OR46: =IFERROR(MATCH(OP46,$AB$5:$OH$5,0),"") -> 86 | OS46: {=IFERROR(IF(LEN(OP46)=0,"",INDEX(OFFSET($AA$6,0,OR46,500,1),SMALL(IF(ISNUMBER(OFFSET($AA$6,0,OR46,500,1)),ROW(OFFSET($AA$6,0,OR46,500,1))-ROW(AA$5)),OQ46))),"")} -> 6 | OT46: =IFERROR(INDEX(Calc!$R$6:$Z$17,Calc!$OS46,Calc!OT$4),"") -> Income | OU46: =IFERROR(INDEX(Calc!$R$6:$Z$17,Calc!$OS46,Calc!OU$4),"") -> Issuance of Debt | OV46: =IFERROR(INDEX(Calc!$R$6:$Z$17,Calc!$OS46,Calc!OV$4),"") -> Debt Issuance | OW46: =IFERROR(INDEX(Calc!$R$6:$Z$17,Calc!$OS46,Calc!OW$4),"") -> 200 | OX46: =IFERROR(INDEX(Calc!$R$6:$Z$17,Calc!$OS46,Calc!OX$4),"") -> Recurring | OY46: =IFERROR(DAY(OP46),"") -> 26 | OZ46: =IFERROR(MONTH(OP46),"") -> 3 | PA46: =IFERROR(YEAR(OP46),"") -> 2024 | PB46: =IFERROR(INDEX($L$8:$L$19,OZ46)&" - "&PA46,"") -> Mar - 2024
OK47: 42 | OL47: =IFERROR(OL46+1,"") -> 45333 | OM47: =IFERROR(INDEX($AB$4:$OH$4,1,OK47),"") -> 0 | ON47: =IFERROR(IF(OM47<1,"",SUM($OM$6:$OM47))-$OM47+1,"") | OO47: =IFERROR(IF(OM47<1,"",SUM($OM$6:$OM47)),"") | OP47: =IFERROR(IF(OK47>$ON$4,"",IF(ISNUMBER(MATCH(OK47,$ON$6:$ON$3005,0)),INDEX($OL$6:$OL$376,MATCH(OK47,$ON$6:$ON$3005,0)),OP46)),"") -> 45383 | OQ47: =IFERROR(IF(OK47>$ON$4,"",COUNTIF($OP$6:OP47,OP47)),"") -> 1 | OR47: =IFERROR(MATCH(OP47,$AB$5:$OH$5,0),"") -> 92 | OS47: {=IFERROR(IF(LEN(OP47)=0,"",INDEX(OFFSET($AA$6,0,OR47,500,1),SMALL(IF(ISNUMBER(OFFSET($AA$6,0,OR47,500,1)),ROW(OFFSET($AA$6,0,OR47,500,1))-ROW(AA$5)),OQ47))),"")} -> 2 | OT47: =IFERROR(INDEX(Calc!$R$6:$Z$17,Calc!$OS47,Calc!OT$4),"") -> Expense | OU47: =IFERROR(INDEX(Calc!$R$6:$Z$17,Calc!$OS47,Calc!OU$4),"") -> Operating Expenses | OV47: =IFERROR(INDEX(Calc!$R$6:$Z$17,Calc!$OS47,Calc!OV$4),"") -> Marketing | OW47: =IFERROR(INDEX(Calc!$R$6:$Z$17,Calc!$OS47,Calc!OW$4),"") -> 500 | OX47: =IFERROR(INDEX(Calc!$R$6:$Z$17,Calc!$OS47,Calc!OX$4),"") -> Recurring | OY47: =IFERROR(DAY(OP47),"") -> 1 | OZ47: =IFERROR(MONTH(OP47),"") -> 4 | PA47: =IFERROR(YEAR(OP47),"") -> 2024 | PB47: =IFERROR(INDEX($L$8:$L$19,OZ47)&" - "&PA47,"") -> Apr - 2024
OK48: 43 | OL48: =IFERROR(OL47+1,"") -> 45334 | OM48: =IFERROR(INDEX($AB$4:$OH$4,1,OK48),"") -> 0 | ON48: =IFERROR(IF(OM48<1,"",SUM($OM$6:$OM48))-$OM48+1,"") | OO48: =IFERROR(IF(OM48<1,"",SUM($OM$6:$OM48)),"") | OP48: =IFERROR(IF(OK48>$ON$4,"",IF(ISNUMBER(MATCH(OK48,$ON$6:$ON$3005,0)),INDEX($OL$6:$OL$376,MATCH(OK48,$ON$6:$ON$3005,0)),OP47)),"") -> 45384 | OQ48: =IFERROR(IF(OK48>$ON$4,"",COUNTIF($OP$6:OP48,OP48)),"") -> 1 | OR48: =IFERROR(MATCH(OP48,$AB$5:$OH$5,0),"") -> 93 | OS48: {=IFERROR(IF(LEN(OP48)=0,"",INDEX(OFFSET($AA$6,0,OR48,500,1),SMALL(IF(ISNUMBER(OFFSET($AA$6,0,OR48,500,1)),ROW(OFFSET($AA$6,0,OR48,500,1))-ROW(AA$5)),OQ48))),"")} -> 3 | OT48: =IFERROR(INDEX(Calc!$R$6:$Z$17,Calc!$OS48,Calc!OT$4),"") -> Income | OU48: =IFERROR(INDEX(Calc!$R$6:$Z$17,Calc!$OS48,Calc!OU$4),"") -> Sales Revenue | OV48: =IFERROR(INDEX(Calc!$R$6:$Z$17,Calc!$OS48,Calc!OV$4),"") -> Sales from old factory | OW48: =IFERROR(INDEX(Calc!$R$6:$Z$17,Calc!$OS48,Calc!OW$4),"") -> 1500 | OX48: =IFERROR(INDEX(Calc!$R$6:$Z$17,Calc!$OS48,Calc!OX$4),"") -> Recurring | OY48: =IFERROR(DAY(OP48),"") -> 2 | OZ48: =IFERROR(MONTH(OP48),"") -> 4 | PA48: =IFERROR(YEAR(OP48),"") -> 2024 | PB48: =IFERROR(INDEX($L$8:$L$19,OZ48)&" - "&PA48,"") -> Apr - 2024
... OK372: 367 | OL372: =IFERROR(OL371+1,"") -> 45658 | OM372: =IFERROR(INDEX($AB$4:$OH$4,1,OK372),"") -> 0 | ON372: =IFERROR(IF(OM372<1,"",SUM($OM$6:$OM372))-$OM372+1,"") | OO372: =IFERROR(IF(OM372<1,"",SUM($OM$6:$OM372)),"") | OP372: =IFERROR(IF(OK372>$ON$4,"",IF(ISNUMBER(MATCH(OK372,$ON$6:$ON$3005,0)),INDEX($OL$6:$OL$376,MATCH(OK372,$ON$6:$ON$3005,0)),OP371)),"") | OQ372: =IFERROR(IF(OK372>$ON$4,"",COUNTIF($OP$6:OP372,OP372)),"") | OR372: =IFERROR(MATCH(OP372,$AB$5:$OH$5,0),"") | OS372: {=IFERROR(IF(LEN(OP372)=0,"",INDEX(OFFSET($AA$6,0,OR372,500,1),SMALL(IF(ISNUMBER(OFFSET($AA$6,0,OR372,500,1)),ROW(OFFSET($AA$6,0,OR372,500,1))-ROW(AA$5)),OQ372))),"")} | OT372: =IFERROR(INDEX(Calc!$R$6:$Z$17,Calc!$OS372,Calc!OT$4),"") | OU372: =IFERROR(INDEX(Calc!$R$6:$Z$17,Calc!$OS372,Calc!OU$4),"") | OV372: =IFERROR(INDEX(Calc!$R$6:$Z$17,Calc!$OS372,Calc!OV$4),"") | OW372: =IFERROR(INDEX(Calc!$R$6:$Z$17,Calc!$OS372,Calc!OW$4),"") | OX372: =IFERROR(INDEX(Calc!$R$6:$Z$17,Calc!$OS372,Calc!OX$4),"") | OY372: =IFERROR(DAY(OP372),"") | OZ372: =IFERROR(MONTH(OP372),"") | PA372: =IFERROR(YEAR(OP372),"") | PB372: =IFERROR(INDEX($L$8:$L$19,OZ372)&" - "&PA372,"")
OK373: 368
OK374: 369
OK375: 370
OK376: 371
OK377: 372 | ON377: =IFERROR(IF(OM377<1,"",SUM($OM$6:$OM377))-$OM377+1,"") | OO377: =IFERROR(IF(OM377<1,"",SUM($OM$6:$OM377)),"") | OP377: =IFERROR(IF(OK377>$ON$4,"",IF(ISNUMBER(MATCH(OK377,$ON$6:$ON$3005,0)),INDEX($OL$6:$OL$376,MATCH(OK377,$ON$6:$ON$3005,0)),OP376)),"") | OQ377: =IFERROR(IF(OK377>$ON$4,"",COUNTIF($OP$6:OP377,OP377)),"") | OR377: =IFERROR(MATCH(OP377,$AB$5:$OH$5,0),"") | OS377: {=IFERROR(IF(LEN(OP377)=0,"",INDEX(OFFSET($AA$6,0,OR377,500,1),SMALL(IF(ISNUMBER(OFFSET($AA$6,0,OR377,500,1)),ROW(OFFSET($AA$6,0,OR377,500,1))-ROW(AA$5)),OQ377))),"")} | OT377: =IFERROR(INDEX(Calc!$R$6:$Z$505,Calc!$OS377,Calc!OT$4),"") | OU377: =IFERROR(INDEX(Calc!$R$6:$Z$505,Calc!$OS377,Calc!OU$4),"") | OV377: =IFERROR(INDEX(Calc!$R$6:$Z$505,Calc!$OS377,Calc!OV$4),"") | OW377: =IFERROR(INDEX(Calc!$R$6:$Z$505,Calc!$OS377,Calc!OW$4),"") | OX377: =IFERROR(INDEX(Calc!$R$6:$Z$505,Calc!$OS377,Calc!OX$4),"") | OY377: =IFERROR(DAY(OP377),"") | OZ377: =IFERROR(MONTH(OP377),"") | PA377: =IFERROR(YEAR(OP377),"") | PB377: =IFERROR(INDEX($L$8:$L$19,OZ377)&" - "&PA377,"")
OK378: 373 | ON378: =IFERROR(IF(OM378<1,"",SUM($OM$6:$OM378))-$OM378+1,"") | OO378: =IFERROR(IF(OM378<1,"",SUM($OM$6:$OM378)),"") | OP378: =IFERROR(IF(OK378>$ON$4,"",IF(ISNUMBER(MATCH(OK378,$ON$6:$ON$3005,0)),INDEX($OL$6:$OL$376,MATCH(OK378,$ON$6:$ON$3005,0)),OP377)),"") | OQ378: =IFERROR(IF(OK378>$ON$4,"",COUNTIF($OP$6:OP378,OP378)),"") | OR378: =IFERROR(MATCH(OP378,$AB$5:$OH$5,0),"") | OS378: {=IFERROR(IF(LEN(OP378)=0,"",INDEX(OFFSET($AA$6,0,OR378,500,1),SMALL(IF(ISNUMBER(OFFSET($AA$6,0,OR378,500,1)),ROW(OFFSET($AA$6,0,OR378,500,1))-ROW(AA$5)),OQ378))),"")} | OT378: =IFERROR(INDEX(Calc!$R$6:$Z$505,Calc!$OS378,Calc!OT$4),"") | OU378: =IFERROR(INDEX(Calc!$R$6:$Z$505,Calc!$OS378,Calc!OU$4),"") | OV378: =IFERROR(INDEX(Calc!$R$6:$Z$505,Calc!$OS378,Calc!OV$4),"") | OW378: =IFERROR(INDEX(Calc!$R$6:$Z$505,Calc!$OS378,Calc!OW$4),"") | OX378: =IFERROR(INDEX(Calc!$R$6:$Z$505,Calc!$OS378,Calc!OX$4),"") | OY378: =IFERROR(DAY(OP378),"") | OZ378: =IFERROR(MONTH(OP378),"") | PA378: =IFERROR(YEAR(OP378),"") | PB378: =IFERROR(INDEX($L$8:$L$19,OZ378)&" - "&PA378,"")
OK379: 374 | ON379: =IFERROR(IF(OM379<1,"",SUM($OM$6:$OM379))-$OM379+1,"") | OO379: =IFERROR(IF(OM379<1,"",SUM($OM$6:$OM379)),"") | OP379: =IFERROR(IF(OK379>$ON$4,"",IF(ISNUMBER(MATCH(OK379,$ON$6:$ON$3005,0)),INDEX($OL$6:$OL$376,MATCH(OK379,$ON$6:$ON$3005,0)),OP378)),"") | OQ379: =IFERROR(IF(OK379>$ON$4,"",COUNTIF($OP$6:OP379,OP379)),"") | OR379: =IFERROR(MATCH(OP379,$AB$5:$OH$5,0),"") | OS379: {=IFERROR(IF(LEN(OP379)=0,"",INDEX(OFFSET($AA$6,0,OR379,500,1),SMALL(IF(ISNUMBER(OFFSET($AA$6,0,OR379,500,1)),ROW(OFFSET($AA$6,0,OR379,500,1))-ROW(AA$5)),OQ379))),"")} | OT379: =IFERROR(INDEX(Calc!$R$6:$Z$505,Calc!$OS379,Calc!OT$4),"") | OU379: =IFERROR(INDEX(Calc!$R$6:$Z$505,Calc!$OS379,Calc!OU$4),"") | OV379: =IFERROR(INDEX(Calc!$R$6:$Z$505,Calc!$OS379,Calc!OV$4),"") | OW379: =IFERROR(INDEX(Calc!$R$6:$Z$505,Calc!$OS379,Calc!OW$4),"") | OX379: =IFERROR(INDEX(Calc!$R$6:$Z$505,Calc!$OS379,Calc!OX$4),"") | OY379: =IFERROR(DAY(OP379),"") | OZ379: =IFERROR(MONTH(OP379),"") | PA379: =IFERROR(YEAR(OP379),"") | PB379: =IFERROR(INDEX($L$8:$L$19,OZ379)&" - "&PA379,"")
OK380: 375 | ON380: =IFERROR(IF(OM380<1,"",SUM($OM$6:$OM380))-$OM380+1,"") | OO380: =IFERROR(IF(OM380<1,"",SUM($OM$6:$OM380)),"") | OP380: =IFERROR(IF(OK380>$ON$4,"",IF(ISNUMBER(MATCH(OK380,$ON$6:$ON$3005,0)),INDEX($OL$6:$OL$376,MATCH(OK380,$ON$6:$ON$3005,0)),OP379)),"") | OQ380: =IFERROR(IF(OK380>$ON$4,"",COUNTIF($OP$6:OP380,OP380)),"") | OR380: =IFERROR(MATCH(OP380,$AB$5:$OH$5,0),"") | OS380: {=IFERROR(IF(LEN(OP380)=0,"",INDEX(OFFSET($AA$6,0,OR380,500,1),SMALL(IF(ISNUMBER(OFFSET($AA$6,0,OR380,500,1)),ROW(OFFSET($AA$6,0,OR380,500,1))-ROW(AA$5)),OQ380))),"")} | OT380: =IFERROR(INDEX(Calc!$R$6:$Z$505,Calc!$OS380,Calc!OT$4),"") | OU380: =IFERROR(INDEX(Calc!$R$6:$Z$505,Calc!$OS380,Calc!OU$4),"") | OV380: =IFERROR(INDEX(Calc!$R$6:$Z$505,Calc!$OS380,Calc!OV$4),"") | OW380: =IFERROR(INDEX(Calc!$R$6:$Z$505,Calc!$OS380,Calc!OW$4),"") | OX380: =IFERROR(INDEX(Calc!$R$6:$Z$505,Calc!$OS380,Calc!OX$4),"") | OY380: =IFERROR(DAY(OP380),"") | OZ380: =IFERROR(MONTH(OP380),"") | PA380: =IFERROR(YEAR(OP380),"") | PB380: =IFERROR(INDEX($L$8:$L$19,OZ380)&" - "&PA380,"")
OK381: 376 | ON381: =IFERROR(IF(OM381<1,"",SUM($OM$6:$OM381))-$OM381+1,"") | OO381: =IFERROR(IF(OM381<1,"",SUM($OM$6:$OM381)),"") | OP381: =IFERROR(IF(OK381>$ON$4,"",IF(ISNUMBER(MATCH(OK381,$ON$6:$ON$3005,0)),INDEX($OL$6:$OL$376,MATCH(OK381,$ON$6:$ON$3005,0)),OP380)),"") | OQ381: =IFERROR(IF(OK381>$ON$4,"",COUNTIF($OP$6:OP381,OP381)),"") | OR381: =IFERROR(MATCH(OP381,$AB$5:$OH$5,0),"") | OS381: {=IFERROR(IF(LEN(OP381)=0,"",INDEX(OFFSET($AA$6,0,OR381,500,1),SMALL(IF(ISNUMBER(OFFSET($AA$6,0,OR381,500,1)),ROW(OFFSET($AA$6,0,OR381,500,1))-ROW(AA$5)),OQ381))),"")} | OT381: =IFERROR(INDEX(Calc!$R$6:$Z$505,Calc!$OS381,Calc!OT$4),"") | OU381: =IFERROR(INDEX(Calc!$R$6:$Z$505,Calc!$OS381,Calc!OU$4),"") | OV381: =IFERROR(INDEX(Calc!$R$6:$Z$505,Calc!$OS381,Calc!OV$4),"") | OW381: =IFERROR(INDEX(Calc!$R$6:$Z$505,Calc!$OS381,Calc!OW$4),"") | OX381: =IFERROR(INDEX(Calc!$R$6:$Z$505,Calc!$OS381,Calc!OX$4),"") | OY381: =IFERROR(DAY(OP381),"") | OZ381: =IFERROR(MONTH(OP381),"") | PA381: =IFERROR(YEAR(OP381),"") | PB381: =IFERROR(INDEX($L$8:$L$19,OZ381)&" - "&PA381,"")
OK382: 377 | ON382: =IFERROR(IF(OM382<1,"",SUM($OM$6:$OM382))-$OM382+1,"") | OO382: =IFERROR(IF(OM382<1,"",SUM($OM$6:$OM382)),"") | OP382: =IFERROR(IF(OK382>$ON$4,"",IF(ISNUMBER(MATCH(OK382,$ON$6:$ON$3005,0)),INDEX($OL$6:$OL$376,MATCH(OK382,$ON$6:$ON$3005,0)),OP381)),"") | OQ382: =IFERROR(IF(OK382>$ON$4,"",COUNTIF($OP$6:OP382,OP382)),"") | OR382: =IFERROR(MATCH(OP382,$AB$5:$OH$5,0),"") | OS382: {=IFERROR(IF(LEN(OP382)=0,"",INDEX(OFFSET($AA$6,0,OR382,500,1),SMALL(IF(ISNUMBER(OFFSET($AA$6,0,OR382,500,1)),ROW(OFFSET($AA$6,0,OR382,500,1))-ROW(AA$5)),OQ382))),"")} | OT382: =IFERROR(INDEX(Calc!$R$6:$Z$505,Calc!$OS382,Calc!OT$4),"") | OU382: =IFERROR(INDEX(Calc!$R$6:$Z$505,Calc!$OS382,Calc!OU$4),"") | OV382: =IFERROR(INDEX(Calc!$R$6:$Z$505,Calc!$OS382,Calc!OV$4),"") | OW382: =IFERROR(INDEX(Calc!$R$6:$Z$505,Calc!$OS382,Calc!OW$4),"") | OX382: =IFERROR(INDEX(Calc!$R$6:$Z$505,Calc!$OS382,Calc!OX$4),"") | OY382: =IFERROR(DAY(OP382),"") | OZ382: =IFERROR(MONTH(OP382),"") | PA382: =IFERROR(YEAR(OP382),"") | PB382: =IFERROR(INDEX($L$8:$L$19,OZ382)&" - "&PA382,"")
OK383: 378 | ON383: =IFERROR(IF(OM383<1,"",SUM($OM$6:$OM383))-$OM383+1,"") | OO383: =IFERROR(IF(OM383<1,"",SUM($OM$6:$OM383)),"") | OP383: =IFERROR(IF(OK383>$ON$4,"",IF(ISNUMBER(MATCH(OK383,$ON$6:$ON$3005,0)),INDEX($OL$6:$OL$376,MATCH(OK383,$ON$6:$ON$3005,0)),OP382)),"") | OQ383: =IFERROR(IF(OK383>$ON$4,"",COUNTIF($OP$6:OP383,OP383)),"") | OR383: =IFERROR(MATCH(OP383,$AB$5:$OH$5,0),"") | OS383: {=IFERROR(IF(LEN(OP383)=0,"",INDEX(OFFSET($AA$6,0,OR383,500,1),SMALL(IF(ISNUMBER(OFFSET($AA$6,0,OR383,500,1)),ROW(OFFSET($AA$6,0,OR383,500,1))-ROW(AA$5)),OQ383))),"")} | OT383: =IFERROR(INDEX(Calc!$R$6:$Z$505,Calc!$OS383,Calc!OT$4),"") | OU383: =IFERROR(INDEX(Calc!$R$6:$Z$505,Calc!$OS383,Calc!OU$4),"") | OV383: =IFERROR(INDEX(Calc!$R$6:$Z$505,Calc!$OS383,Calc!OV$4),"") | OW383: =IFERROR(INDEX(Calc!$R$6:$Z$505,Calc!$OS383,Calc!OW$4),"") | OX383: =IFERROR(INDEX(Calc!$R$6:$Z$505,Calc!$OS383,Calc!OX$4),"") | OY383: =IFERROR(DAY(OP383),"") | OZ383: =IFERROR(MONTH(OP383),"") | PA383: =IFERROR(YEAR(OP383),"") | PB383: =IFERROR(INDEX($L$8:$L$19,OZ383)&" - "&PA383,"")
OK384: 379 | ON384: =IFERROR(IF(OM384<1,"",SUM($OM$6:$OM384))-$OM384+1,"") | OO384: =IFERROR(IF(OM384<1,"",SUM($OM$6:$OM384)),"") | OP384: =IFERROR(IF(OK384>$ON$4,"",IF(ISNUMBER(MATCH(OK384,$ON$6:$ON$3005,0)),INDEX($OL$6:$OL$376,MATCH(OK384,$ON$6:$ON$3005,0)),OP383)),"") | OQ384: =IFERROR(IF(OK384>$ON$4,"",COUNTIF($OP$6:OP384,OP384)),"") | OR384: =IFERROR(MATCH(OP384,$AB$5:$OH$5,0),"") | OS384: {=IFERROR(IF(LEN(OP384)=0,"",INDEX(OFFSET($AA$6,0,OR384,500,1),SMALL(IF(ISNUMBER(OFFSET($AA$6,0,OR384,500,1)),ROW(OFFSET($AA$6,0,OR384,500,1))-ROW(AA$5)),OQ384))),"")} | OT384: =IFERROR(INDEX(Calc!$R$6:$Z$505,Calc!$OS384,Calc!OT$4),"") | OU384: =IFERROR(INDEX(Calc!$R$6:$Z$505,Calc!$OS384,Calc!OU$4),"") | OV384: =IFERROR(INDEX(Calc!$R$6:$Z$505,Calc!$OS384,Calc!OV$4),"") | OW384: =IFERROR(INDEX(Calc!$R$6:$Z$505,Calc!$OS384,Calc!OW$4),"") | OX384: =IFERROR(INDEX(Calc!$R$6:$Z$505,Calc!$OS384,Calc!OX$4),"") | OY384: =IFERROR(DAY(OP384),"") | OZ384: =IFERROR(MONTH(OP384),"") | PA384: =IFERROR(YEAR(OP384),"") | PB384: =IFERROR(INDEX($L$8:$L$19,OZ384)&" - "&PA384,"")
OK385: 380 | ON385: =IFERROR(IF(OM385<1,"",SUM($OM$6:$OM385))-$OM385+1,"") | OO385: =IFERROR(IF(OM385<1,"",SUM($OM$6:$OM385)),"") | OP385: =IFERROR(IF(OK385>$ON$4,"",IF(ISNUMBER(MATCH(OK385,$ON$6:$ON$3005,0)),INDEX($OL$6:$OL$376,MATCH(OK385,$ON$6:$ON$3005,0)),OP384)),"") | OQ385: =IFERROR(IF(OK385>$ON$4,"",COUNTIF($OP$6:OP385,OP385)),"") | OR385: =IFERROR(MATCH(OP385,$AB$5:$OH$5,0),"") | OS385: {=IFERROR(IF(LEN(OP385)=0,"",INDEX(OFFSET($AA$6,0,OR385,500,1),SMALL(IF(ISNUMBER(OFFSET($AA$6,0,OR385,500,1)),ROW(OFFSET($AA$6,0,OR385,500,1))-ROW(AA$5)),OQ385))),"")} | OT385: =IFERROR(INDEX(Calc!$R$6:$Z$505,Calc!$OS385,Calc!OT$4),"") | OU385: =IFERROR(INDEX(Calc!$R$6:$Z$505,Calc!$OS385,Calc!OU$4),"") | OV385: =IFERROR(INDEX(Calc!$R$6:$Z$505,Calc!$OS385,Calc!OV$4),"") | OW385: =IFERROR(INDEX(Calc!$R$6:$Z$505,Calc!$OS385,Calc!OW$4),"") | OX385: =IFERROR(INDEX(Calc!$R$6:$Z$505,Calc!$OS385,Calc!OX$4),"") | OY385: =IFERROR(DAY(OP385),"") | OZ385: =IFERROR(MONTH(OP385),"") | PA385: =IFERROR(YEAR(OP385),"") | PB385: =IFERROR(INDEX($L$8:$L$19,OZ385)&" - "&PA385,"")
OK386: 381 | ON386: =IFERROR(IF(OM386<1,"",SUM($OM$6:$OM386))-$OM386+1,"") | OO386: =IFERROR(IF(OM386<1,"",SUM($OM$6:$OM386)),"") | OP386: =IFERROR(IF(OK386>$ON$4,"",IF(ISNUMBER(MATCH(OK386,$ON$6:$ON$3005,0)),INDEX($OL$6:$OL$376,MATCH(OK386,$ON$6:$ON$3005,0)),OP385)),"") | OQ386: =IFERROR(IF(OK386>$ON$4,"",COUNTIF($OP$6:OP386,OP386)),"") | OR386: =IFERROR(MATCH(OP386,$AB$5:$OH$5,0),"") | OS386: {=IFERROR(IF(LEN(OP386)=0,"",INDEX(OFFSET($AA$6,0,OR386,500,1),SMALL(IF(ISNUMBER(OFFSET($AA$6,0,OR386,500,1)),ROW(OFFSET($AA$6,0,OR386,500,1))-ROW(AA$5)),OQ386))),"")} | OT386: =IFERROR(INDEX(Calc!$R$6:$Z$505,Calc!$OS386,Calc!OT$4),"") | OU386: =IFERROR(INDEX(Calc!$R$6:$Z$505,Calc!$OS386,Calc!OU$4),"") | OV386: =IFERROR(INDEX(Calc!$R$6:$Z$505,Calc!$OS386,Calc!OV$4),"") | OW386: =IFERROR(INDEX(Calc!$R$6:$Z$505,Calc!$OS386,Calc!OW$4),"") | OX386: =IFERROR(INDEX(Calc!$R$6:$Z$505,Calc!$OS386,Calc!OX$4),"") | OY386: =IFERROR(DAY(OP386),"") | OZ386: =IFERROR(MONTH(OP386),"") | PA386: =IFERROR(YEAR(OP386),"") | PB386: =IFERROR(INDEX($L$8:$L$19,OZ386)&" - "&PA386,"")
OK387: 382 | ON387: =IFERROR(IF(OM387<1,"",SUM($OM$6:$OM387))-$OM387+1,"") | OO387: =IFERROR(IF(OM387<1,"",SUM($OM$6:$OM387)),"") | OP387: =IFERROR(IF(OK387>$ON$4,"",IF(ISNUMBER(MATCH(OK387,$ON$6:$ON$3005,0)),INDEX($OL$6:$OL$376,MATCH(OK387,$ON$6:$ON$3005,0)),OP386)),"") | OQ387: =IFERROR(IF(OK387>$ON$4,"",COUNTIF($OP$6:OP387,OP387)),"") | OR387: =IFERROR(MATCH(OP387,$AB$5:$OH$5,0),"") | OS387: {=IFERROR(IF(LEN(OP387)=0,"",INDEX(OFFSET($AA$6,0,OR387,500,1),SMALL(IF(ISNUMBER(OFFSET($AA$6,0,OR387,500,1)),ROW(OFFSET($AA$6,0,OR387,500,1))-ROW(AA$5)),OQ387))),"")} | OT387: =IFERROR(INDEX(Calc!$R$6:$Z$505,Calc!$OS387,Calc!OT$4),"") | OU387: =IFERROR(INDEX(Calc!$R$6:$Z$505,Calc!$OS387,Calc!OU$4),"") | OV387: =IFERROR(INDEX(Calc!$R$6:$Z$505,Calc!$OS387,Calc!OV$4),"") | OW387: =IFERROR(INDEX(Calc!$R$6:$Z$505,Calc!$OS387,Calc!OW$4),"") | OX387: =IFERROR(INDEX(Calc!$R$6:$Z$505,Calc!$OS387,Calc!OX$4),"") | OY387: =IFERROR(DAY(OP387),"") | OZ387: =IFERROR(MONTH(OP387),"") | PA387: =IFERROR(YEAR(OP387),"") | PB387: =IFERROR(INDEX($L$8:$L$19,OZ387)&" - "&PA387,"")
OK388: 383 | ON388: =IFERROR(IF(OM388<1,"",SUM($OM$6:$OM388))-$OM388+1,"") | OO388: =IFERROR(IF(OM388<1,"",SUM($OM$6:$OM388)),"") | OP388: =IFERROR(IF(OK388>$ON$4,"",IF(ISNUMBER(MATCH(OK388,$ON$6:$ON$3005,0)),INDEX($OL$6:$OL$376,MATCH(OK388,$ON$6:$ON$3005,0)),OP387)),"") | OQ388: =IFERROR(IF(OK388>$ON$4,"",COUNTIF($OP$6:OP388,OP388)),"") | OR388: =IFERROR(MATCH(OP388,$AB$5:$OH$5,0),"") | OS388: {=IFERROR(IF(LEN(OP388)=0,"",INDEX(OFFSET($AA$6,0,OR388,500,1),SMALL(IF(ISNUMBER(OFFSET($AA$6,0,OR388,500,1)),ROW(OFFSET($AA$6,0,OR388,500,1))-ROW(AA$5)),OQ388))),"")} | OT388: =IFERROR(INDEX(Calc!$R$6:$Z$505,Calc!$OS388,Calc!OT$4),"") | OU388: =IFERROR(INDEX(Calc!$R$6:$Z$505,Calc!$OS388,Calc!OU$4),"") | OV388: =IFERROR(INDEX(Calc!$R$6:$Z$505,Calc!$OS388,Calc!OV$4),"") | OW388: =IFERROR(INDEX(Calc!$R$6:$Z$505,Calc!$OS388,Calc!OW$4),"") | OX388: =IFERROR(INDEX(Calc!$R$6:$Z$505,Calc!$OS388,Calc!OX$4),"") | OY388: =IFERROR(DAY(OP388),"") | OZ388: =IFERROR(MONTH(OP388),"") | PA388: =IFERROR(YEAR(OP388),"") | PB388: =IFERROR(INDEX($L$8:$L$19,OZ388)&" - "&PA388,"")
... OK3005: 3000 | ON3005: =IFERROR(IF(OM3005<1,"",SUM($OM$6:$OM3005))-$OM3005+1,"") | OO3005: =IFERROR(IF(OM3005<1,"",SUM($OM$6:$OM3005)),"") | OP3005: =IFERROR(IF(OK3005>$ON$4,"",IF(ISNUMBER(MATCH(OK3005,$ON$6:$ON$3005,0)),INDEX($OL$6:$OL$376,MATCH(OK3005,$ON$6:$ON$3005,0)),OP3004)),"") | OQ3005: =IFERROR(IF(OK3005>$ON$4,"",COUNTIF($OP$6:OP3005,OP3005)),"") | OR3005: =IFERROR(MATCH(OP3005,$AB$5:$OH$5,0),"") | OS3005: {=IFERROR(IF(LEN(OP3005)=0,"",INDEX(OFFSET($AA$6,0,OR3005,500,1),SMALL(IF(ISNUMBER(OFFSET($AA$6,0,OR3005,500,1)),ROW(OFFSET($AA$6,0,OR3005,500,1))-ROW(AA$5)),OQ3005))),"")} | OT3005: =IFERROR(INDEX(Calc!$R$6:$Z$505,Calc!$OS3005,Calc!OT$4),"") | OU3005: =IFERROR(INDEX(Calc!$R$6:$Z$505,Calc!$OS3005,Calc!OU$4),"") | OV3005: =IFERROR(INDEX(Calc!$R$6:$Z$505,Calc!$OS3005,Calc!OV$4),"") | OW3005: =IFERROR(INDEX(Calc!$R$6:$Z$505,Calc!$OS3005,Calc!OW$4),"") | OX3005: =IFERROR(INDEX(Calc!$R$6:$Z$505,Calc!$OS3005,Calc!OX$4),"") | OY3005: =IFERROR(DAY(OP3005),"") | OZ3005: =IFERROR(MONTH(OP3005),"") | PA3005: =IFERROR(YEAR(OP3005),"") | PB3005: =IFERROR(INDEX($L$8:$L$19,OZ3005)&" - "&PA3005,"")
